Workbook
Name _56F9DC9755BA473782653E2940F9FormId: "79XIZPe22EO4S40ETtyQHR6SSzqw2MZMgX2hLKkxMm5UNkJBVThJMThQWTFKRURLNzJTNDU4VExQNSQlQCN0PWcu"
Name _56F9DC9755BA473782653E2940F9ResponseSheet: "Form1"
Name _56F9DC9755BA473782653E2940F9SourceDocId: "{e50dfd7f-ac2f-40a5-b514-1bf91148ed70}"
Name _PTD1: #REF!
Name _PTD2: #REF!
Name _PTD3: #REF!
Name _WNP2: #REF!
Name Alt_Load_Switch: #REF!
Name BlockSales: #REF!
Name CompleAugHLH: #REF!
Name CompleAugLLH: #REF!
Name contr_time_period_default: #REF!
Name DIST: 'Sch 1- Rate Base '!$Q$1:$Q$3
Name DIST1: #REF!
Name DIST2: #REF!
Name DIST3: #REF!
Name DSIHLH: #REF!
Name DSILLH: #REF!
Name FedGenSliceHLH: #REF!
Name FedGenSliceLLH: #REF!
Name FirmConHLH: #REF!
Name FirmConLLH: #REF!
Name FPSPFHLH: #REF!
Name FPSPFLLH: #REF!
Name HydroGenHossHLH: #REF!
Name HydroGenHOSSLLH: #REF!
Name ine: #REF!
Name INFL: #REF!
Name IOUHLH: #REF!
Name IOULLH: #REF!
Name Logo: "Picture 6"
Name months: #REF!
Name NRHLH: #REF!
Name NRLLH: #REF!
Name OthResourceHLH: #REF!
Name OthResourceLLH: #REF!
Name PFHLH: #REF!
Name PFHLHAftSlice: #REF!
Name PFLLH: #REF!
Name PFLLHAftSlice: #REF!
Name PreHLH: #REF!
Name PreLLH: #REF!
Name PROD: 'Sch 1- Rate Base '!$R$1:$R$3
Name PROD1: #REF!
Name PROD2: #REF!
Name PROD3: #REF!
Name PTD: 'Sch 1- Rate Base '!$P$1:$P$3
Name Ratio: Ratios!$D$82:$G$92
Name RATIO1: #REF!
Name RATIO2: #REF!
Name RATIO3: #REF!
Name rbcalc: #REF!
Name rbcalc_heading: #REF!
Name retail_access_mitigation: #REF!
Name Sandpoint: #REF!
Name SlicetoPurchHLH: #REF!
Name SlicetoPurchLLH: #REF!
Name SpillHLH: #REF!
Name SpillLLH: #REF!
Name start_acct_exec: #REF!

Sheet TOC
A1: FY 2026-2028 ASC Appendix 1
A2: Table of Contents
A4: 1 | B4: Schedule 1 - Rate Base
A5: 2 | B5: Schedule 1A - Cash Working Capital
A6: 3 | B6: Schedule 2 -Rate of Return
A7: 5 | B7: Schedule 3 - Expenses
A8: 6 | B8: Schedule 3A - Taxes
A9: 7 | B9: Schedule 3B - Other Items
A10: 8 | B10: Schedule 4 - Average System Cost
A11: 9 | B11: 3-YEAR PP & OSS Worksheet
A12: 10 | B12: Load Forecast
A13: 11 | B13: Distribution Loss Calc
A14: 12 | B14: Salaries
A15: 13 | B15: Ratios
... A19: 20 | B19: NLSL Base New Calculation

Sheet Sch 1- Rate Base 
A1: BONNEVILLE POWER ADMINISTRATION
A2: RESIDENTIAL PURCHASE AND SALES AGREEMENT
A3: 2026 Average System Cost Methodology (ASCM) Appendix 1
A5: TOC | D5: UTILITY NAME: | I5: BPA Reviews:
A6: é | D6: End of Year Report Period: | E6: 2026
D7: ASC Filing Date:
A10: Schedule 1: Plant Investment / Rate Base
A12: Account Description | C12: FERC Form 1 | E12: Functionalization | G12: Total | H12: Production | I12: Transmission | J12: Distribution/ Other | L12: Production | M12: Transmission
C13: Page | D13: Account | N13: Distribution/
C14: Number | D14: Numbers | E14: Default | F14: Optional | N14: Other
A15: Intangible Plant:
B16: Intangible Plant - Organization | D16: 301 | E16: DIST | H16: =VLOOKUP($E16,Ratio,2,FALSE)*$G16 -> 0 | I16: =VLOOKUP($E16,Ratio,3,FALSE)*$G16 -> 0 | J16: =VLOOKUP($E16,Ratio,4,FALSE)*$G16 -> 0
B17: Intangible Plant - Franchises and Consents | D17: 302 | E17: DIRECT | F17: PTD | H17: =IF($E17="DIRECT",$L17,VLOOKUP($E17,Ratio,2,FALSE)*$G17) -> 0 | I17: =IF($E17="DIRECT",$M17,VLOOKUP($E17,Ratio,3,FALSE)*$G17) -> 0 | J17: =IF($E17="DIRECT",$N17,VLOOKUP($E17,Ratio,4,FALSE)*$G17) -> 0
B18: Intangible Plant - Miscellaneous | D18: 303 | E18: DIRECT | F18: DIST | H18: =IF($E18="DIRECT",$L18,VLOOKUP($E18,Ratio,2,FALSE)*$G18) -> 0 | I18: =IF($E18="DIRECT",$M18,VLOOKUP($E18,Ratio,3,FALSE)*$G18) -> 0 | J18: =IF($E18="DIRECT",$N18,VLOOKUP($E18,Ratio,4,FALSE)*$G18) -> 0
A19: Total Intangible Plant | G19: =SUM(G16:G18) -> 0 | H19: =SUM(H16:H18) -> 0 | I19: =SUM(I16:I18) -> 0 | J19: =SUM(J16:J18) -> 0
A21: Production Plant:
B22: Steam Production | D22: 310-317 | E22: PROD | H22: =VLOOKUP($E22,Ratio,2,FALSE)*$G22 -> 0 | I22: =VLOOKUP($E22,Ratio,3,FALSE)*$G22 -> 0 | J22: =VLOOKUP($E22,Ratio,4,FALSE)*$G22 -> 0
B23: Nuclear Production | D23: 320-326 | E23: PROD | H23: =VLOOKUP($E23,Ratio,2,FALSE)*$G23 -> 0 | I23: =VLOOKUP($E23,Ratio,3,FALSE)*$G23 -> 0 | J23: =VLOOKUP($E23,Ratio,4,FALSE)*$G23 -> 0
B24: Hydraulic Production | D24: 330-337 | E24: PROD | H24: =VLOOKUP($E24,Ratio,2,FALSE)*$G24 -> 0 | I24: =VLOOKUP($E24,Ratio,3,FALSE)*$G24 -> 0 | J24: =VLOOKUP($E24,Ratio,4,FALSE)*$G24 -> 0
B25: Solar Production | D25: 338.1-338.13 | E25: PROD | H25: =VLOOKUP($E25,Ratio,2,FALSE)*$G25 -> 0 | I25: =VLOOKUP($E25,Ratio,3,FALSE)*$G25 -> 0 | J25: =VLOOKUP($E25,Ratio,4,FALSE)*$G25 -> 0
B26: Wind Production | D26: 338.20-338.34 | E26: PROD | H26: =VLOOKUP($E26,Ratio,2,FALSE)*$G26 -> 0 | I26: =VLOOKUP($E26,Ratio,3,FALSE)*$G26 -> 0 | J26: =VLOOKUP($E26,Ratio,4,FALSE)*$G26 -> 0
B27: Other Renewable Production | D27: 339.1-339.13 | E27: PROD | H27: =VLOOKUP($E27,Ratio,2,FALSE)*$G27 -> 0 | I27: =VLOOKUP($E27,Ratio,3,FALSE)*$G27 -> 0 | J27: =VLOOKUP($E27,Ratio,4,FALSE)*$G27 -> 0
B28: Other Production | D28: 340-347 | E28: PROD | H28: =VLOOKUP($E28,Ratio,2,FALSE)*$G28 -> 0 | I28: =VLOOKUP($E28,Ratio,3,FALSE)*$G28 -> 0 | J28: =VLOOKUP($E28,Ratio,4,FALSE)*$G28 -> 0
A29: Total Production Plant | G29: =SUM(G22:G28) -> 0 | H29: =SUM(H22:H28) -> 0 | I29: =SUM(I22:I28) -> 0 | J29: =SUM(J22:J28) -> 0
A31: Transmission Plant:
B32: Transmission Plant | D32: 350-359.1 | E32: TRANS | H32: =VLOOKUP($E32,Ratio,2,FALSE)*$G32 -> 0 | I32: =VLOOKUP($E32,Ratio,3,FALSE)*$G32 -> 0 | J32: =VLOOKUP($E32,Ratio,4,FALSE)*$G32 -> 0
A33: Total Transmission Plant | G33: =SUM(G32) -> 0 | H33: =SUM(H32) -> 0 | I33: =SUM(I32) -> 0 | J33: =SUM(J32) -> 0
A35: Distribution Plant:
B36: Distribution Plant | D36: 360-374 | E36: DIST | H36: =VLOOKUP($E36,Ratio,2,FALSE)*$G36 -> 0 | I36: =VLOOKUP($E36,Ratio,3,FALSE)*$G36 -> 0 | J36: =VLOOKUP($E36,Ratio,4,FALSE)*$G36 -> 0
A37: Total Distribution Plant | G37: =SUM(G36) -> 0 | H37: =SUM(H36) -> 0 | I37: =SUM(I36) -> 0 | J37: =SUM(J36) -> 0
A39: Energy Storage Plant:
B40: Energy Storage Plant | D40: 387.7-387.12 | E40: DIRECT | F40: PTD | H40: =VLOOKUP($E40,Ratio,2,FALSE)*$G40 -> 0 | I40: =VLOOKUP($E40,Ratio,3,FALSE)*$G40 -> 0 | J40: =VLOOKUP($E40,Ratio,4,FALSE)*$G40 -> 0
A41: Total Energy Storage Plant | G41: =SUM(G40) -> 0 | H41: =SUM(H40) -> 0 | I41: =SUM(I40) -> 0 | J41: =SUM(J40) -> 0
A43: General Plant:
B44: Land and Land Rights | D44: 389 | E44: PTD | H44: =VLOOKUP($E44,Ratio,2,FALSE)*$G44 -> 0 | I44: =VLOOKUP($E44,Ratio,3,FALSE)*$G44 -> 0 | J44: =VLOOKUP($E44,Ratio,4,FALSE)*$G44 -> 0
B45: Structures and Improvements | D45: 390 | E45: PTD | H45: =VLOOKUP($E45,Ratio,2,FALSE)*$G45 -> 0 | I45: =VLOOKUP($E45,Ratio,3,FALSE)*$G45 -> 0 | J45: =VLOOKUP($E45,Ratio,4,FALSE)*$G45 -> 0
B46: Furniture and Equipment | D46: 391 | E46: LABOR | H46: =VLOOKUP($E46,Ratio,2,FALSE)*$G46 -> 0 | I46: =VLOOKUP($E46,Ratio,3,FALSE)*$G46 -> 0 | J46: =VLOOKUP($E46,Ratio,4,FALSE)*$G46 -> 0
B47: Transportation Equipment | D47: 392 | E47: TD | H47: =VLOOKUP($E47,Ratio,2,FALSE)*$G47 -> 0 | I47: =VLOOKUP($E47,Ratio,3,FALSE)*$G47 -> 0 | J47: =VLOOKUP($E47,Ratio,4,FALSE)*$G47 -> 0
B48: Stores Equipment | D48: 393 | E48: PTD | H48: =VLOOKUP($E48,Ratio,2,FALSE)*$G48 -> 0 | I48: =VLOOKUP($E48,Ratio,3,FALSE)*$G48 -> 0 | J48: =VLOOKUP($E48,Ratio,4,FALSE)*$G48 -> 0
B49: Tools and Garage Equipment | D49: 394 | E49: PTD | H49: =VLOOKUP($E49,Ratio,2,FALSE)*$G49 -> 0 | I49: =VLOOKUP($E49,Ratio,3,FALSE)*$G49 -> 0 | J49: =VLOOKUP($E49,Ratio,4,FALSE)*$G49 -> 0
B50: Laboratory Equipment | D50: 395 | E50: PTD | H50: =VLOOKUP($E50,Ratio,2,FALSE)*$G50 -> 0 | I50: =VLOOKUP($E50,Ratio,3,FALSE)*$G50 -> 0 | J50: =VLOOKUP($E50,Ratio,4,FALSE)*$G50 -> 0
B51: Power Operated Equipment | D51: 396 | E51: TD | H51: =VLOOKUP($E51,Ratio,2,FALSE)*$G51 -> 0 | I51: =VLOOKUP($E51,Ratio,3,FALSE)*$G51 -> 0 | J51: =VLOOKUP($E51,Ratio,4,FALSE)*$G51 -> 0
B52: Computer Hardware | D52: 397.1 | E52: PTD | H52: =VLOOKUP($E52,Ratio,2,FALSE)*$G52 -> 0 | I52: =VLOOKUP($E52,Ratio,3,FALSE)*$G52 -> 0 | J52: =VLOOKUP($E52,Ratio,4,FALSE)*$G52 -> 0
B53: Computer Software | D53: 397.2 | E53: PTD | H53: =VLOOKUP($E53,Ratio,2,FALSE)*$G53 -> 0 | I53: =VLOOKUP($E53,Ratio,3,FALSE)*$G53 -> 0 | J53: =VLOOKUP($E53,Ratio,4,FALSE)*$G53 -> 0
B54: Communication Equipment | D54: 397.3 | E54: PTD | H54: =VLOOKUP($E54,Ratio,2,FALSE)*$G54 -> 0 | I54: =VLOOKUP($E54,Ratio,3,FALSE)*$G54 -> 0 | J54: =VLOOKUP($E54,Ratio,4,FALSE)*$G54 -> 0
B55: Miscellaneous Equipment | D55: 398 | E55: PTD | H55: =VLOOKUP($E55,Ratio,2,FALSE)*$G55 -> 0 | I55: =VLOOKUP($E55,Ratio,3,FALSE)*$G55 -> 0 | J55: =VLOOKUP($E55,Ratio,4,FALSE)*$G55 -> 0
B56: Other Tangible Property | D56: 399 | E56: DIRECT | F56: PTD | H56: =IF($E56="DIRECT",$L56,VLOOKUP($E56,Ratio,2,FALSE)*$G56) -> 0 | I56: =IF($E56="DIRECT",$M56,VLOOKUP($E56,Ratio,3,FALSE)*$G56) -> 0 | J56: =IF($E56="DIRECT",$N56,VLOOKUP($E56,Ratio,4,FALSE)*$G56) -> 0
B57: Asset Retirement Costs for General Plant | D57: 399.1 | E57: PTD | H57: =VLOOKUP($E57,Ratio,2,FALSE)*$G57 -> 0 | I57: =VLOOKUP($E57,Ratio,3,FALSE)*$G57 -> 0 | J57: =VLOOKUP($E57,Ratio,4,FALSE)*$G57 -> 0
A59: Total General Plant | G59: =SUM(G44:G57) -> 0 | H59: =SUM(H44:H57) -> 0 | I59: =SUM(I44:I57) -> 0 | J59: =SUM(J44:J57) -> 0
A61: Total Electric Plant In-Service | G61: =G19+G29+G33+G37+G59+G41 -> 0 | H61: =H19+H29+H33+H37+H59+H41 -> 0 | I61: =I19+I29+I33+I37+I59+I41 -> 0 | J61: =J19+J29+J33+J37+J59+J41 -> 0
A62: (Total Intangible + Total Production + Total Transmission + Total Distribution + Total General)
A64: LESS:
A65: Depreciation and Amortization Reserve
B66: Steam Production Plant | D66: 108 | E66: PROD | H66: =VLOOKUP($E66,Ratio,2,FALSE)*$G66 -> 0 | I66: =VLOOKUP($E66,Ratio,3,FALSE)*$G66 -> 0 | J66: =VLOOKUP($E66,Ratio,4,FALSE)*$G66 -> 0
B67: Nuclear Production Plant | D67: 108 | E67: PROD | H67: =VLOOKUP($E67,Ratio,2,FALSE)*$G67 -> 0 | I67: =VLOOKUP($E67,Ratio,3,FALSE)*$G67 -> 0 | J67: =VLOOKUP($E67,Ratio,4,FALSE)*$G67 -> 0
B68: Hydraulic Production Plant | D68: 108 | E68: PROD | H68: =VLOOKUP($E68,Ratio,2,FALSE)*$G68 -> 0 | I68: =VLOOKUP($E68,Ratio,3,FALSE)*$G68 -> 0 | J68: =VLOOKUP($E68,Ratio,4,FALSE)*$G68 -> 0
B69: Solar Production | D69: 108 | E69: PROD | H69: =VLOOKUP($E69,Ratio,2,FALSE)*$G69 -> 0 | I69: =VLOOKUP($E69,Ratio,3,FALSE)*$G69 -> 0 | J69: =VLOOKUP($E69,Ratio,4,FALSE)*$G69 -> 0
B70: Wind Production | D70: 108 | E70: PROD | H70: =VLOOKUP($E70,Ratio,2,FALSE)*$G70 -> 0 | I70: =VLOOKUP($E70,Ratio,3,FALSE)*$G70 -> 0 | J70: =VLOOKUP($E70,Ratio,4,FALSE)*$G70 -> 0
B71: Other Renewable Production | D71: 108 | E71: PROD | H71: =VLOOKUP($E71,Ratio,2,FALSE)*$G71 -> 0 | I71: =VLOOKUP($E71,Ratio,3,FALSE)*$G71 -> 0 | J71: =VLOOKUP($E71,Ratio,4,FALSE)*$G71 -> 0
B72: Other Production Plant | D72: 108 | E72: PROD | H72: =VLOOKUP($E72,Ratio,2,FALSE)*$G72 -> 0 | I72: =VLOOKUP($E72,Ratio,3,FALSE)*$G72 -> 0 | J72: =VLOOKUP($E72,Ratio,4,FALSE)*$G72 -> 0
B73: Transmission Plant (i) | D73: 108 | E73: TRANS | H73: =VLOOKUP($E73,Ratio,2,FALSE)*$G73 -> 0 | I73: =VLOOKUP($E73,Ratio,3,FALSE)*$G73 -> 0 | J73: =VLOOKUP($E73,Ratio,4,FALSE)*$G73 -> 0
B74: Distribution Plant | D74: 108 | E74: DIST | H74: =VLOOKUP($E74,Ratio,2,FALSE)*$G74 -> 0 | I74: =VLOOKUP($E74,Ratio,3,FALSE)*$G74 -> 0 | J74: =VLOOKUP($E74,Ratio,4,FALSE)*$G74 -> 0
B75: General Plant | D75: 108 | E75: GP | H75: =VLOOKUP($E75,Ratio,2,FALSE)*$G75 -> 0 | I75: =VLOOKUP($E75,Ratio,3,FALSE)*$G75 -> 0 | J75: =VLOOKUP($E75,Ratio,4,FALSE)*$G75 -> 0
B76: Amortization of Intangible Plant - Account 301 | D76: 111 | E76: DIST | H76: =VLOOKUP($E76,Ratio,2,FALSE)*$G76 -> 0 | I76: =VLOOKUP($E76,Ratio,3,FALSE)*$G76 -> 0 | J76: =VLOOKUP($E76,Ratio,4,FALSE)*$G76 -> 0
B77: Amortization of Intangible Plant - Account 302 | D77: 111 | E77: DIRECT | F77: PTD | H77: =IF($E77="DIRECT",$L77,VLOOKUP($E77,Ratio,2,FALSE)*$G77) -> 0 | I77: =IF($E77="DIRECT",$M77,VLOOKUP($E77,Ratio,3,FALSE)*$G77) -> 0 | J77: =IF($E77="DIRECT",$N77,VLOOKUP($E77,Ratio,4,FALSE)*$G77) -> 0
B78: Amortization of Intangible Plant - Account 303 | D78: 111 | E78: DIRECT | F78: DIST | H78: =IF($E78="DIRECT",$L78,VLOOKUP($E78,Ratio,2,FALSE)*$G78) -> 0 | I78: =IF($E78="DIRECT",$M78,VLOOKUP($E78,Ratio,3,FALSE)*$G78) -> 0 | J78: =IF($E78="DIRECT",$N78,VLOOKUP($E78,Ratio,4,FALSE)*$G78) -> 0
B79: Amortization of Plant Held for Future Use | D79: 111 | E79: DIST | H79: =VLOOKUP($E79,Ratio,2,FALSE)*$G79 -> 0 | I79: =VLOOKUP($E79,Ratio,3,FALSE)*$G79 -> 0 | J79: =VLOOKUP($E79,Ratio,4,FALSE)*$G79 -> 0
B80: Capital Lease - Common Plant | D80: 108 | E80: DIRECT | F80: PTD | H80: =IF($E80="DIRECT",$L80,VLOOKUP($E80,Ratio,2,FALSE)*$G80) -> 0 | I80: =IF($E80="DIRECT",$M80,VLOOKUP($E80,Ratio,3,FALSE)*$G80) -> 0 | J80: =IF($E80="DIRECT",$N80,VLOOKUP($E80,Ratio,4,FALSE)*$G80) -> 0
B81: In-Service: Depreciation of Common Plant (a) | D81: 108 | E81: DIRECT | F81: PTD | H81: =IF($E81="DIRECT",$L81,VLOOKUP($E81,Ratio,2,FALSE)*$G81) -> 0 | I81: =IF($E81="DIRECT",$M81,VLOOKUP($E81,Ratio,3,FALSE)*$G81) -> 0 | J81: =IF($E81="DIRECT",$N81,VLOOKUP($E81,Ratio,4,FALSE)*$G81) -> 0
B82: Amortization of Other Utility Plant (a) | D82: 108 | E82: DIRECT | F82: DIST | H82: =IF($E82="DIRECT",$L82,VLOOKUP($E82,Ratio,2,FALSE)*$G82) -> 0 | I82: =IF($E82="DIRECT",$M82,VLOOKUP($E82,Ratio,3,FALSE)*$G82) -> 0 | J82: =IF($E82="DIRECT",$N82,VLOOKUP($E82,Ratio,4,FALSE)*$G82) -> 0
B83: Amortization of Acquisition Adjustments | D83: 115 | E83: DIRECT | F83: DIST | H83: =IF($E83="DIRECT",$L83,VLOOKUP($E83,Ratio,2,FALSE)*$G83) -> 0 | I83: =IF($E83="DIRECT",$M83,VLOOKUP($E83,Ratio,3,FALSE)*$G83) -> 0 | J83: =IF($E83="DIRECT",$N83,VLOOKUP($E83,Ratio,4,FALSE)*$G83) -> 0
A85: Total Depreciation and Amortization Reserve | G85: =SUM(G66:G83) -> 0 | H85: =SUM(H66:H83) -> 0 | I85: =SUM(I66:I83) -> 0 | J85: =SUM(J66:J83) -> 0
A87: Total Net Plant | G87: =G61-G85 -> 0 | H87: =H61-H85 -> 0 | I87: =I61-I85 -> 0 | J87: =J61-J85 -> 0
A88: (Total Electric Plant In-Service) - (Total Depreciation & Amortization)
A90: Assets and Other Debits (Comparative Balance Sheet)
A92: Cash Working Capital (f) | C92: Calculation: Automatic Input from Sch 1A | G92: ='Sch 1A - Cash Working Capital'!C24 -> 0 | H92: ='Sch 1A - Cash Working Capital'!D24 -> 0 | I92: ='Sch 1A - Cash Working Capital'!E24 -> 0 | J92: ='Sch 1A - Cash Working Capital'!F24 -> 0
A94: Utility Plant
B95: (Utility Plant) Held For Future Use | D95: 105 | E95: DIST | H95: =VLOOKUP($E95,Ratio,2,FALSE)*$G95 -> 0 | I95: =VLOOKUP($E95,Ratio,3,FALSE)*$G95 -> 0 | J95: =VLOOKUP($E95,Ratio,4,FALSE)*$G95 -> 0
B96: (Utility Plant) Completed Construction - Not Classified | D96: 106 | E96: PTD | H96: =VLOOKUP($E96,Ratio,2,FALSE)*$G96 -> 0 | I96: =VLOOKUP($E96,Ratio,3,FALSE)*$G96 -> 0 | J96: =VLOOKUP($E96,Ratio,4,FALSE)*$G96 -> 0
B97: Nuclear Fuel | D97: 120.1-120.6 | E97: PROD | H97: =VLOOKUP($E97,Ratio,2,FALSE)*$G97 -> 0 | I97: =VLOOKUP($E97,Ratio,3,FALSE)*$G97 -> 0 | J97: =VLOOKUP($E97,Ratio,4,FALSE)*$G97 -> 0
B98: Construction Work in Progress (CWIP) | D98: 107 & 120.1 | E98: DIST | H98: =VLOOKUP($E98,Ratio,2,FALSE)*$G98 -> 0 | I98: =VLOOKUP($E98,Ratio,3,FALSE)*$G98 -> 0 | J98: =VLOOKUP($E98,Ratio,4,FALSE)*$G98 -> 0
B99: Common Plant | D99: 356 | E99: DIRECT | H99: =IF($E99="DIRECT",$L99,VLOOKUP($E99,Ratio,2,FALSE)*$G99) -> 0 | I99: =IF($E99="DIRECT",$M99,VLOOKUP($E99,Ratio,3,FALSE)*$G99) -> 0 | J99: =IF($E99="DIRECT",$N99,VLOOKUP($E99,Ratio,4,FALSE)*$G99) -> 0
B100: Acquisition Adjustments (Electric) | D100: 114 | E100: DIRECT | F100: DIST | H100: =IF($E100="DIRECT",$L100,VLOOKUP($E100,Ratio,2,FALSE)*$G100) -> 0 | I100: =IF($E100="DIRECT",$M100,VLOOKUP($E100,Ratio,3,FALSE)*$G100) -> 0 | J100: =IF($E100="DIRECT",$N100,VLOOKUP($E100,Ratio,4,FALSE)*$G100) -> 0
B101: Total | G101: =SUM(G95:G100) -> 0 | H101: =SUM(H95:H100) -> 0 | I101: =SUM(I95:I100) -> 0 | J101: =SUM(J95:J100) -> 0
A103: Other Property and Investments
B104: Investment in Associated Companies | D104: 123 | E104: DIRECT | F104: DIST | H104: =IF($E104="DIRECT",$L104,VLOOKUP($E104,Ratio,2,FALSE)*$G104) -> 0 | I104: =IF($E104="DIRECT",$M104,VLOOKUP($E104,Ratio,3,FALSE)*$G104) -> 0 | J104: =IF($E104="DIRECT",$N104,VLOOKUP($E104,Ratio,4,FALSE)*$G104) -> 0
B105: Investment in Subsidiary Companies | D105: 123.1 | E105: DIRECT | F105: DIST | H105: =IF($E105="DIRECT",$L105,VLOOKUP($E105,Ratio,2,FALSE)*$G105) -> 0 | I105: =IF($E105="DIRECT",$M105,VLOOKUP($E105,Ratio,3,FALSE)*$G105) -> 0 | J105: =IF($E105="DIRECT",$N105,VLOOKUP($E105,Ratio,4,FALSE)*$G105) -> 0
B106: Other Investment | D106: 124 | E106: DIST | H106: =VLOOKUP($E106,Ratio,2,FALSE)*$G106 -> 0 | I106: =VLOOKUP($E106,Ratio,3,FALSE)*$G106 -> 0 | J106: =VLOOKUP($E106,Ratio,4,FALSE)*$G106 -> 0
B107: Long-Term Portion of Derivative Assets | D107: 175 | E107: DIST | H107: =VLOOKUP($E107,Ratio,2,FALSE)*$G107 -> 0 | I107: =VLOOKUP($E107,Ratio,3,FALSE)*$G107 -> 0 | J107: =VLOOKUP($E107,Ratio,4,FALSE)*$G107 -> 0
B108: Long-Term Portion of Derivative Assets - Hedges | D108: 176 | E108: DIST | H108: =VLOOKUP($E108,Ratio,2,FALSE)*$G108 -> 0 | I108: =VLOOKUP($E108,Ratio,3,FALSE)*$G108 -> 0 | J108: =VLOOKUP($E108,Ratio,4,FALSE)*$G108 -> 0
B109: Total | G109: =SUM(G104:G108) -> 0 | H109: =SUM(H104:H108) -> 0 | I109: =SUM(I104:I108) -> 0 | J109: =SUM(J104:J108) -> 0
A111: Current and Accrued Assets
B112: Fuel Stock | D112: 151 | E112: PROD | H112: =VLOOKUP($E112,Ratio,2,FALSE)*$G112 -> 0 | I112: =VLOOKUP($E112,Ratio,3,FALSE)*$G112 -> 0 | J112: =VLOOKUP($E112,Ratio,4,FALSE)*$G112 -> 0
B113: Fuel Stock Expenses Undistributed | D113: 152 | E113: PROD | H113: =VLOOKUP($E113,Ratio,2,FALSE)*$G113 -> 0 | I113: =VLOOKUP($E113,Ratio,3,FALSE)*$G113 -> 0 | J113: =VLOOKUP($E113,Ratio,4,FALSE)*$G113 -> 0
B114: Plant Materials and Operating Supplies | D114: 154 | E114: PTD | H114: =VLOOKUP($E114,Ratio,2,FALSE)*$G114 -> 0 | I114: =VLOOKUP($E114,Ratio,3,FALSE)*$G114 -> 0 | J114: =VLOOKUP($E114,Ratio,4,FALSE)*$G114 -> 0
B115: Merchandise (Major Only) | D115: 155 | E115: DIST | H115: =VLOOKUP($E115,Ratio,2,FALSE)*$G115 -> 0 | I115: =VLOOKUP($E115,Ratio,3,FALSE)*$G115 -> 0 | J115: =VLOOKUP($E115,Ratio,4,FALSE)*$G115 -> 0
B116: Other Materials and Supplies (Major only) | D116: 156 | E116: DIST | H116: =VLOOKUP($E116,Ratio,2,FALSE)*$G116 -> 0 | I116: =VLOOKUP($E116,Ratio,3,FALSE)*$G116 -> 0 | J116: =VLOOKUP($E116,Ratio,4,FALSE)*$G116 -> 0
B117: Allowance Inventory (EPA Allowances) | D117: 158.1 | E117: PROD | H117: =VLOOKUP($E117,Ratio,2,FALSE)*$G117 -> 0 | I117: =VLOOKUP($E117,Ratio,3,FALSE)*$G117 -> 0 | J117: =VLOOKUP($E117,Ratio,4,FALSE)*$G117 -> 0
B118: Allowances Withheld (EPA Allowances) | D118: 158.2 | E118: PROD | H118: =VLOOKUP($E118,Ratio,2,FALSE)*$G118 -> 0 | I118: =VLOOKUP($E118,Ratio,3,FALSE)*$G118 -> 0 | J118: =VLOOKUP($E118,Ratio,4,FALSE)*$G118 -> 0
B119: Stores Expense Undistributed | D119: 163 | E119: PTD | H119: =VLOOKUP($E119,Ratio,2,FALSE)*$G119 -> 0 | I119: =VLOOKUP($E119,Ratio,3,FALSE)*$G119 -> 0 | J119: =VLOOKUP($E119,Ratio,4,FALSE)*$G119 -> 0
...

Sheet Sch 1A - Cash Working Capital
A1: BONNEVILLE POWER ADMINISTRATION
A2: RESIDENTIAL PURCHASE AND SALE AGREEMENT
A3: 2026 Average System Cost Methodology (ASCM) Appendix 1
A5: TOC | B5: UTILITY NAME: | C5: ='Sch 1- Rate Base '!$E$5 -> 0 | F5: BPA Reviews:
B6: End of Year Report Period: | C6: ='Sch 1- Rate Base '!$E$6 -> 2026 | F6: ='Sch 1- Rate Base '!I6
B7: ASC Filing Date: | C7: ='Sch 1- Rate Base '!$E$7 -> 0 | F7: ='Sch 1- Rate Base '!I7
A10: Schedule 1A: Cash Working Capital (f)
A11: (Automatic Input from Schedule 3- Expenses)
A12: Account Description | C12: Total | D12: Production | E12: Transmission | F12: Distribution/ Other
A14: Cash Working Capital Calculation:
B15: Total Production O&M | C15: ='Sch 3 - Expenses'!G47 -> 0 | D15: ='Sch 3 - Expenses'!H47 -> 0 | E15: ='Sch 3 - Expenses'!I47 -> 0 | F15: ='Sch 3 - Expenses'!J47 -> 0
B16: Total Transmission O&M (i) | C16: ='Sch 3 - Expenses'!G53 -> 0 | D16: ='Sch 3 - Expenses'!H53 -> 0 | E16: ='Sch 3 - Expenses'!I53 -> 0 | F16: ='Sch 3 - Expenses'!J53 -> 0
B17: Total Distribution O&M | C17: ='Sch 3 - Expenses'!G58 -> 0 | D17: ='Sch 3 - Expenses'!H58 -> 0 | E17: ='Sch 3 - Expenses'!I58 -> 0 | F17: ='Sch 3 - Expenses'!J58 -> 0
B18: Total Customer & Sales | C18: ='Sch 3 - Expenses'!G66 -> 0 | D18: ='Sch 3 - Expenses'!H66 -> 0 | E18: ='Sch 3 - Expenses'!I66 -> 0 | F18: ='Sch 3 - Expenses'!J66 -> 0
B19: Total Administrative and General O&M | C19: ='Sch 3 - Expenses'!G87 -> 0 | D19: ='Sch 3 - Expenses'!H87 -> 0 | E19: ='Sch 3 - Expenses'!I87 -> 0 | F19: ='Sch 3 - Expenses'!J87 -> 0
B20: Less Purchased Power, Public Purpose Charge, REP Reversal, Fuel Costs | C20: ='Sch 3 - Expenses'!G16+'Sch 3 - Expenses'!G20+'Sch 3 - Expenses'!G36+'Sch 3 - Expenses'!G40+'Sch 3 - Expenses'!G46+G30+'Sch 3 - Expenses'!G41 -> 0 | D20: ='Sch 3 - Expenses'!H16+'Sch 3 - Expenses'!H20+'Sch 3 - Expenses'!H36+'Sch 3 - Expenses'!H40+'Sch 3 - Expenses'!H46+H30+'Sch 3 - Expenses'!H41 -> 0 | E20: ='Sch 3 - Expenses'!I16+'Sch 3 - Expenses'!I20+'Sch 3 - Expenses'!I36+'Sch 3 - Expenses'!I40+'Sch 3 - Expenses'!I46+I30+'Sch 3 - Expenses'!I41 -> 0 | F20: ='Sch 3 - Expenses'!J16+'Sch 3 - Expenses'!J20+'Sch 3 - Expenses'!J36+'Sch 3 - Expenses'!J40+'Sch 3 - Expenses'!J46+J30+'Sch 3 - Expenses'!J41 -> 0
A21: Revised Total O&M Expenses | C21: =SUM(C15:C19)-C20 -> 0 | D21: =SUM(D15:D19)-D20 -> 0 | E21: =SUM(E15:E19)-E20 -> 0 | F21: =SUM(F15:F19)-F20 -> 0
A23: One-Eighth Revised Total O&M Expenses
A24: Allowable Functionalized Cash Working Capital | C24: =C21/8 -> 0 | D24: =D21/8 -> 0 | E24: =E21/8 -> 0 | F24: =F21/8 -> 0
G29: Total | H29: Production
B30: Account 557 Disallowed Amounts | H30: =G30 -> 0

Sheet Sch 2 -Rate of Return
A1: BONNEVILLE POWER ADMINISTRATION
A2: RESIDENTIAL PURCHASE AND SALE AGREEMENT
A3: 2026 Average System Cost Methodology (ASCM) Appendix 1
A5: TOC | C5: UTILITY NAME: | D5: ='Sch 1- Rate Base '!$E$5 -> 0 | H5: BPA Reviews:
A6: é | C6: End of Year Report Period: | D6: ='Sch 1- Rate Base '!$E$6 -> 2026 | H6: ='Sch 1- Rate Base '!I6
C7: ASC Filing Date: | D7: ='Sch 1- Rate Base '!$E$7 -> 0 | H7: ='Sch 1- Rate Base '!I7
A8: Schedule 2: Capital Structure and Rate of Return (b)
D10: SUMMARY (for use by ASC Forecast Model)
D11: Single-Jurisdiction Investor-Owned Utility Return Calculation: | E11: =E35 -> 0
D12: Multi-Jurisdiction Investor-Owned Utility Return Calculation: | E12: =E90 -> 0
D13: Consumer-Owned Utility Return Calculation: | E13: =E118 -> 0
D14: Rate of Return : | E14: =SUM(E11:E13) -> 0
A16: Single-Jurisdiction Investor-Owned Utility Return Calculation
A18: Step 1: Weighted Cost of Capital from Most Recent State Commission Rate Order
A19: Note: Multi-jurisdictional utilities must begin on Page 2
A20: Publicly-owned utilities must begin on Page 4
B22: Capitalization Structure | D22: Effective Cost
A23: Component | B23: Amount | C23: Percent | D23: Embedded | E23: Weighted
A24: Debt | C24: 0 | E24: =ROUNDUP(D24*C24,5) -> 0
A25: Preferred Equity | C25: 0 | E25: =ROUNDUP(D25*C25,5) -> 0
A26: Common Equity | C26: 0 | E26: =ROUNDUP(D26*C26,5) -> 0
A27: Weighted Cost of Capital | B27: =SUM(B24:B26) -> 0 | C27: =IF($B$27=0,0,B27/$B$27) -> 0 | E27: =SUM(E24:E26) -> 0
A29: Step 2: Gross Up Equity Return for Federal Income Taxes
A31: Federal Income Tax Rate (21% during Base Period) | D31: 0.21
A32: Federal Income Tax Factor | E32: =(E27-(E24))*(D31/(1-D31)) -> 0
A33: {(ROR – (Embedded Cost of Debt * (Debt / (Total Capital))} * {(Federal Tax Rate / (1- Federal Tax Rate)}
A35: Federal Income Tax Adjusted Weighted Cost of Capital | E35: =E27+E32 -> 0
A36: (Weighted Cost of Capital Plus Federal Income Tax Factor)
A38: Step 3: Calculate Return on Rate Base
E39: Total | F39: Production | G39: Transmission | H39: Other
A40: Total Rate Base from Schedule 1 | E40: ='Sch 1- Rate Base '!G166 -> 0 | F40: ='Sch 1- Rate Base '!H166 -> 0 | G40: ='Sch 1- Rate Base '!I166 -> 0 | H40: ='Sch 1- Rate Base '!J166 -> 0
A41: Federal Income Tax Adjusted Weighted Cost of Capital | E41: =$E$35 -> 0 | F41: =$E$35 -> 0 | G41: =$E$35 -> 0 | H41: =$E$35 -> 0
A42: Federal Income Tax Adjusted Return on Rate Base | E42: =E41*E40 -> 0 | F42: =F41*F40 -> 0 | G42: =G41*G40 -> 0 | H42: =H41*H40 -> 0
A43: (Total Rate Base * Federal Income Tax Adjusted Weighted Cost of Capital)
A47: Multi-Jurisdiction Investor-Owned Utility Return Calculation
A48: Step 1:
A49: Weighted Cost of Capital from Most Recent State Commission Rate Order in Jurisdiction 1
B51: Capitalization Structure | D51: Effective Cost | F51: Jurisdictional | G51: Effective Cost -
A52: Component | B52: Amount | C52: Percent | D52: Embedded | E52: Weighted | F52: Allocation | G52: Weighted State Allocation
A53: Debt | G53: =E53*$F$53 -> 0 | H53: =C53*$F$53 -> 0
A54: Preferred Equity | E54: =ROUNDUP(D54*C54,5) -> 0 | G54: =E54*$F$53 -> 0 | H54: =C54*$F$53 -> 0
A55: Common Equity | G55: =E55*$F$53 -> 0 | H55: =C55*$F$53 -> 0
A56: Weighted Cost of Capital | B56: =SUM(B53:B55) -> 0 | C56: =SUM(C53:C55) -> 0 | E56: =SUM(E53:E55) -> 0 | G56: =SUM(G53:G55) -> 0 | H56: =SUM(H53:H55) -> 0
A58: Weighted Cost of Capital from Most Recent State Commission Rate Order in Jurisdiction 2
A60: Component | B60: Amount | C60: Percent | D60: Embedded | E60: Weighted
A61: Debt | G61: =E61*$F$61 -> 0 | H61: =C61*$F$61 -> 0
A62: Preferred Equity | E62: =ROUNDUP(D62*C62,5) -> 0 | G62: =E62*$F$61 -> 0 | H62: =C62*$F$61 -> 0
A63: Common Equity | G63: =E63*$F$61 -> 0 | H63: =C63*$F$61 -> 0
A64: Weighted Cost of Capital | B64: =SUM(B61:B63) -> 0 | C64: =SUM(C61:C63) -> 0 | E64: =SUM(E61:E63) -> 0 | G64: =SUM(G61:G63) -> 0 | H64: =SUM(H61:H63) -> 0
A66: Weighted Cost of Capital from Most Recent State Commission Rate Order in Jurisdiction 3
A68: Component | B68: Amount | C68: Percent | D68: Embedded | E68: Weighted
A69: Debt | C69: =IF($B$72=0,0,B69/$B$72) -> 0 | E69: =ROUNDUP(D69*C69,5) -> 0 | F69: =IF(B77=0,"0",B77/$B$78) -> 0 | G69: =E69*$F$69 -> 0 | H69: =C69*$F$69 -> 0
A70: Preferred Equity | C70: =IF($B$72=0,0,B70/$B$72) -> 0 | E70: =ROUNDUP(D70*C70,5) -> 0 | G70: =E70*$F$69 -> 0 | H70: =C70*$F$69 -> 0
A71: Common Equity | C71: =IF($B$72=0,0,B71/$B$72) -> 0 | E71: =ROUNDUP(D71*C71,5) -> 0 | G71: =E71*$F$69 -> 0 | H71: =C71*$F$69 -> 0
A72: Weighted Cost of Capital | B72: =SUM(B69:B71) -> 0 | C72: =SUM(C69:C71) -> 0 | E72: =SUM(E69:E71) -> 0 | G72: =SUM(G69:G71) -> 0 | H72: =SUM(H69:H71) -> 0
A74: Jurisdiction | B74: Rate Base | C74: Weighted cost | D74: % | E74: Weighted Return
C75: =E56 -> 0 | D75: =C75*F53 -> 0 | E75: =$D$78*B75 -> 0 | G75: =G56 -> 0
C76: =E64 -> 0 | D76: =C76*F61 -> 0 | E76: =$D$78*B76 -> 0 | G76: =G64 -> 0
C77: =E72 -> 0 | D77: =C77*F69 -> 0 | E77: =$D$78*B77 -> 0 | G77: =G72 -> 0
A78: Total | B78: =SUM(B75:B77) -> 0 | D78: =SUM(D75:D77) -> 0 | E78: =SUM(E75:E77) -> 0 | F78: =SUM(F53:F77) -> 0 | G78: =SUM(G75:G77) -> 0
A81: Multi-Jurisdiction Investor-Owned Utility Return Calculation (continued)
A84: Step 2: Gross Up Equity Return for Federal Income Taxes
A86: Federal Income Tax Rate (21% during Base Period) | D86: 0.21
A87: Federal Income Tax Factor | E87: =(G78-(G53+G61+G69))*(D86/(1-D86)) -> 0
A88: {(ROR – (Embedded Cost of Debt * (Debt / (Total Capital))} * {(Federal Tax Rate / (1- Federal Tax Rate)}
A90: Federal Income Tax Adjusted Weighted Cost of Capital | E90: =G78+E87 -> 0
A91: (Weighted Cost of Capital Plus Federal Income Tax Factor)
A93: Step 3: Calculate Return on Rate Base
E94: Total | F94: Production | G94: Transmission | H94: Other
A96: Total Rate Base from Schedule 1 | E96: ='Sch 1- Rate Base '!G166 -> 0 | F96: ='Sch 1- Rate Base '!H166 -> 0 | G96: ='Sch 1- Rate Base '!I166 -> 0 | H96: ='Sch 1- Rate Base '!J166 -> 0
A97: Federal Income Tax Adjusted Weighted Cost of Capital | E97: =$E$90 -> 0 | F97: =$E$90 -> 0 | G97: =$E$90 -> 0 | H97: =$E$90 -> 0
A98: Federal Income Tax Adjusted Return on Rate Base | E98: =E97*E96 -> 0 | F98: =F97*F96 -> 0 | G98: =G97*G96 -> 0 | H98: =H97*H96 -> 0
A99: (Total Rate Base * Federal Income Tax Adjusted Weighted Cost of Capital)
A101: Consumer-Owned Utility Return Calculation
A103: Step 1: Weighted Cost of Debt
B107: Original | C107: Year | D107: Year | E107: Interest | F107: Interest
A108: Debt Issue | B108: Amount | C108: Issued | D108: Due | E108: Rate | F108: Expense
F109: =E109*B109 -> 0
F110: =E110*B110 -> 0
F111: =E111*B111 -> 0
F112: =E112*B112 -> 0
F113: =E113*B113 -> 0
F114: =E114*B114 -> 0
F115: =E115*B115 -> 0
F116: =E116*B116 -> 0
F117: =E117*B117 -> 0
A118: Weighted Cost of Debt | B118: =SUM(B109:B117) -> 0 | E118: =IF(B118=0,0,F118/B118) -> 0 | F118: =SUM(F109:F117) -> 0
A121: Step 2: Calculate Return on Rate Base
E122: Total | F122: Production | G122: Transmission | H122: Other
A123: Total Rate Base from Schedule 1 | E123: ='Sch 1- Rate Base '!G166 -> 0 | F123: ='Sch 1- Rate Base '!H166 -> 0 | G123: ='Sch 1- Rate Base '!I166 -> 0 | H123: ='Sch 1- Rate Base '!J166 -> 0
A124: Weighted Cost of Debt | E124: =$E$118 -> 0 | F124: =$E$118 -> 0 | G124: =$E$118 -> 0 | H124: =$E$118 -> 0
A125: Return on Rate Base | E125: =E124*E123 -> 0 | F125: =F124*F123 -> 0 | G125: =G124*G123 -> 0 | H125: =H124*H123 -> 0

Sheet Sch 3 - Expenses
A1: BONNEVILLE POWER ADMINISTRATION
A2: RESIDENTIAL PURCHASE AND SALE AGREEMENT
A3: 2026 Average System Cost Methodology (ASCM) Appendix 1
A5: TOC | D5: UTILITY NAME: | E5: ='Sch 1- Rate Base '!$E$5 -> 0 | I5: BPA Reviews:
A6: é | D6: End of Year Report Period: | E6: ='Sch 1- Rate Base '!$E$6 -> 2026 | I6: ='Sch 1- Rate Base '!I6
D7: ASC Filing Date: | E7: ='Sch 1- Rate Base '!$E$7 -> 0 | I7: ='Sch 1- Rate Base '!I7
A9: Schedule 3: Expenses
A11: Account Description | C11: Form 1 | E11: Functionalization | G11: Total | H11: Production | I11: Transmission | J11: Distribution/ Other | L11: Production | M11: Transmission | N11: Distribution/ Other
C12: Page | D12: Account
C13: Number | D13: Numbers | E13: Default | F13: Optional
A14: Power Production Expenses:
B15: Steam Power Generation
B16: Steam Power - Fuel | D16: 501 | E16: PROD | H16: =VLOOKUP($E16,Ratio,2,FALSE)*$G16 -> 0 | I16: =VLOOKUP($E16,Ratio,3,FALSE)*$G16 -> 0 | J16: =VLOOKUP($E16,Ratio,4,FALSE)*$G16 -> 0
B17: Steam Power - Operations (Excluding 501 - Fuel) | D17: 500-509 | E17: PROD | H17: =VLOOKUP($E17,Ratio,2,FALSE)*$G17 -> 0 | I17: =VLOOKUP($E17,Ratio,3,FALSE)*$G17 -> 0 | J17: =VLOOKUP($E17,Ratio,4,FALSE)*$G17 -> 0
B18: Steam Power - Maintenance | D18: 510-515 | E18: PROD | H18: =VLOOKUP($E18,Ratio,2,FALSE)*$G18 -> 0 | I18: =VLOOKUP($E18,Ratio,3,FALSE)*$G18 -> 0 | J18: =VLOOKUP($E18,Ratio,4,FALSE)*$G18 -> 0
B19: Nuclear Power Generation
B20: Nuclear - Fuel | D20: 518 | E20: PROD | H20: =VLOOKUP($E20,Ratio,2,FALSE)*$G20 -> 0 | I20: =VLOOKUP($E20,Ratio,3,FALSE)*$G20 -> 0 | J20: =VLOOKUP($E20,Ratio,4,FALSE)*$G20 -> 0
B21: Nuclear - Operation ( Excluding 518 - Fuel) | D21: 517-525 | E21: PROD | H21: =VLOOKUP($E21,Ratio,2,FALSE)*$G21 -> 0 | I21: =VLOOKUP($E21,Ratio,3,FALSE)*$G21 -> 0 | J21: =VLOOKUP($E21,Ratio,4,FALSE)*$G21 -> 0
B22: Nuclear - Maintenance | D22: 528-532 | E22: PROD | H22: =VLOOKUP($E22,Ratio,2,FALSE)*$G22 -> 0 | I22: =VLOOKUP($E22,Ratio,3,FALSE)*$G22 -> 0 | J22: =VLOOKUP($E22,Ratio,4,FALSE)*$G22 -> 0
B23: Hydraulic Power Generation
B24: Hydraulic - Operation | D24: 535-540.1 | E24: PROD | H24: =VLOOKUP($E24,Ratio,2,FALSE)*$G24 -> 0 | I24: =VLOOKUP($E24,Ratio,3,FALSE)*$G24 -> 0 | J24: =VLOOKUP($E24,Ratio,4,FALSE)*$G24 -> 0
B25: Hydraulic - Maintenance | D25: 541-545.1 | E25: PROD | H25: =VLOOKUP($E25,Ratio,2,FALSE)*$G25 -> 0 | I25: =VLOOKUP($E25,Ratio,3,FALSE)*$G25 -> 0 | J25: =VLOOKUP($E25,Ratio,4,FALSE)*$G25 -> 0
B26: Solar Power Generation
B27: Solar - Operation | D27: 558.1-558.5 | E27: PROD | H27: =VLOOKUP($E27,Ratio,2,FALSE)*$G27 -> 0 | I27: =VLOOKUP($E27,Ratio,3,FALSE)*$G27 -> 0 | J27: =VLOOKUP($E27,Ratio,4,FALSE)*$G27 -> 0
B28: Solar - Maintenance | D28: 558.6-558.11 | E28: PROD | H28: =VLOOKUP($E28,Ratio,2,FALSE)*$G28 -> 0 | I28: =VLOOKUP($E28,Ratio,3,FALSE)*$G28 -> 0 | J28: =VLOOKUP($E28,Ratio,4,FALSE)*$G28 -> 0
B29: Wind Power Generation
B30: Wind - Operation | D30: 558.13-558.17 | E30: PROD | H30: =VLOOKUP($E30,Ratio,2,FALSE)*$G30 -> 0 | I30: =VLOOKUP($E30,Ratio,3,FALSE)*$G30 -> 0 | J30: =VLOOKUP($E30,Ratio,4,FALSE)*$G30 -> 0
B31: Wind - Maintenance | D31: 558.18-558.23 | E31: PROD | H31: =VLOOKUP($E31,Ratio,2,FALSE)*$G31 -> 0 | I31: =VLOOKUP($E31,Ratio,3,FALSE)*$G31 -> 0 | J31: =VLOOKUP($E31,Ratio,4,FALSE)*$G31 -> 0
B32: Other Renewable Power Generation
B33: Other Renewable - Operation | D33: 559.1-559.4 | E33: PROD | H33: =VLOOKUP($E33,Ratio,2,FALSE)*$G33 -> 0 | I33: =VLOOKUP($E33,Ratio,3,FALSE)*$G33 -> 0 | J33: =VLOOKUP($E33,Ratio,4,FALSE)*$G33 -> 0
B34: Other Renewable - Maintenance | D34: 559.6-559.15 | E34: PROD | H34: =VLOOKUP($E34,Ratio,2,FALSE)*$G34 -> 0 | I34: =VLOOKUP($E34,Ratio,3,FALSE)*$G34 -> 0 | J34: =VLOOKUP($E34,Ratio,4,FALSE)*$G34 -> 0
B35: Other Power Generation
B36: Other Power - Fuel | D36: 547 | E36: PROD | H36: =VLOOKUP($E36,Ratio,2,FALSE)*$G36 -> 0 | I36: =VLOOKUP($E36,Ratio,3,FALSE)*$G36 -> 0 | J36: =VLOOKUP($E36,Ratio,4,FALSE)*$G36 -> 0
B37: Other Power - Operations (Excluding 547 - Fuel) | D37: 546-550.1 | E37: PROD | H37: =VLOOKUP($E37,Ratio,2,FALSE)*$G37 -> 0 | I37: =VLOOKUP($E37,Ratio,3,FALSE)*$G37 -> 0 | J37: =VLOOKUP($E37,Ratio,4,FALSE)*$G37 -> 0
B38: Other Power - Maintenance | D38: 551-554.1 | E38: PROD | H38: =VLOOKUP($E38,Ratio,2,FALSE)*$G38 -> 0 | I38: =VLOOKUP($E38,Ratio,3,FALSE)*$G38 -> 0 | J38: =VLOOKUP($E38,Ratio,4,FALSE)*$G38 -> 0
B39: Other Power Supply Expenses
B40: Purchased Power (Excluding REP Reversal) Long & Short | D40: 555 | E40: PROD | G40: ='3-YEAR PP & OSS Worksheet'!D21-'3-YEAR PP & OSS Worksheet'!D92 -> 0 | H40: =VLOOKUP($E40,Ratio,2,FALSE)*$G40 -> 0 | I40: =VLOOKUP($E40,Ratio,3,FALSE)*$G40 -> 0 | J40: =VLOOKUP($E40,Ratio,4,FALSE)*$G40 -> 0
B41: Purchased Power for Storage Operations | D41: 555.1 | E41: PTD | G41: ='3-YEAR PP & OSS Worksheet'!D92 -> 0 | H41: =VLOOKUP($E41,Ratio,2,FALSE)*$G41 -> 0 | I41: =VLOOKUP($E41,Ratio,3,FALSE)*$G41 -> 0 | J41: =VLOOKUP($E41,Ratio,4,FALSE)*$G41 -> 0
B42: System Control and Load Dispatching | D42: 556 | E42: PROD | H42: =VLOOKUP($E42,Ratio,2,FALSE)*$G42 -> 0 | I42: =VLOOKUP($E42,Ratio,3,FALSE)*$G42 -> 0 | J42: =VLOOKUP($E42,Ratio,4,FALSE)*$G42 -> 0
B43: Other Expenses | D43: 557 | E43: PROD | H43: =VLOOKUP($E43,Ratio,2,FALSE)*$G43 -> 0 | I43: =VLOOKUP($E43,Ratio,3,FALSE)*$G43 -> 0 | J43: =VLOOKUP($E43,Ratio,4,FALSE)*$G43 -> 0
B44: Energy Storage Expenses: Operation | D44: 577.1-577.5 | E44: DIRECT | F44: PTD | H44: =IF($E44="DIRECT",$L44,VLOOKUP($E44,Ratio,2,FALSE)*$G44) -> 0 | I44: =IF($E44="DIRECT",$M44,VLOOKUP($E44,Ratio,3,FALSE)*$G44) -> 0 | J44: =IF($E44="DIRECT",$N44,VLOOKUP($E44,Ratio,4,FALSE)*$G44) -> 0
B45: Energy Storage Expenses: Maintenance | D45: 578.1-578.7 | E45: DIRECT | F45: PTD | H45: =IF($E45="DIRECT",$L45,VLOOKUP($E45,Ratio,2,FALSE)*$G45) -> 0 | I45: =IF($E45="DIRECT",$M45,VLOOKUP($E45,Ratio,3,FALSE)*$G45) -> 0 | J45: =IF($E45="DIRECT",$N45,VLOOKUP($E45,Ratio,4,FALSE)*$G45) -> 0
B46: Public Purpose Charges (h) | E46: DIRECT | F46: DIST | H46: =IF($E46="DIRECT",$L46,VLOOKUP($E46,Ratio,2,FALSE)*$G46) -> 0 | I46: =IF($E46="DIRECT",$M46,VLOOKUP($E46,Ratio,3,FALSE)*$G46) -> 0 | J46: =IF($E46="DIRECT",$N46,VLOOKUP($E46,Ratio,4,FALSE)*$G46) -> 0
A47: Total Production Expense | G47: =SUM(G16:G46) -> 0 | H47: =SUM(H16:H46) -> 0 | I47: =SUM(I16:I46) -> 0 | J47: =SUM(J16:J46) -> 0
A49: Transmission Expenses: (i)
B50: Transmission of Electricity by Others (Wheeling) | D50: 565 | E50: PROD | H50: =VLOOKUP($E50,Ratio,2,FALSE)*$G50 -> 0 | I50: =VLOOKUP($E50,Ratio,3,FALSE)*$G50 -> 0 | J50: =VLOOKUP($E50,Ratio,4,FALSE)*$G50 -> 0
B51: Total Operations less Wheeling | D51: 560-567.1 | E51: TRANS | H51: =VLOOKUP($E51,Ratio,2,FALSE)*$G51 -> 0 | I51: =VLOOKUP($E51,Ratio,3,FALSE)*$G51 -> 0 | J51: =VLOOKUP($E51,Ratio,4,FALSE)*$G51 -> 0
B52: Total Maintenance | D52: 568-574 | E52: TRANS | H52: =VLOOKUP($E52,Ratio,2,FALSE)*$G52 -> 0 | I52: =VLOOKUP($E52,Ratio,3,FALSE)*$G52 -> 0 | J52: =VLOOKUP($E52,Ratio,4,FALSE)*$G52 -> 0
A53: Total Transmission Expense | G53: =SUM(G50:G52) -> 0 | H53: =SUM(H50:H52) -> 0 | I53: =SUM(I50:I52) -> 0 | J53: =SUM(J50:J52) -> 0
A55: Distribution Expense:
B56: Total Operations | D56: 580-589 | E56: DIST | H56: =VLOOKUP($E56,Ratio,2,FALSE)*$G56 -> 0 | I56: =VLOOKUP($E56,Ratio,3,FALSE)*$G56 -> 0 | J56: =VLOOKUP($E56,Ratio,4,FALSE)*$G56 -> 0
B57: Total Maintenance | D57: 590-598 | E57: DIST | H57: =VLOOKUP($E57,Ratio,2,FALSE)*$G57 -> 0 | I57: =VLOOKUP($E57,Ratio,3,FALSE)*$G57 -> 0 | J57: =VLOOKUP($E57,Ratio,4,FALSE)*$G57 -> 0
A58: Total Distribution Expense | G58: =SUM(G56:G57) -> 0 | H58: =SUM(H56:H57) -> 0 | I58: =SUM(I56:I57) -> 0 | J58: =SUM(J56:J57) -> 0
A60: Customer and Sales Expenses:
B61: Total Customer Accounts | D61: 901-905 | E61: DIST | H61: =VLOOKUP($E61,Ratio,2,FALSE)*$G61 -> 0 | I61: =VLOOKUP($E61,Ratio,3,FALSE)*$G61 -> 0 | J61: =VLOOKUP($E61,Ratio,4,FALSE)*$G61 -> 0
B62: Customer Service Supervision (Major only) | D62: 907 | E62: DIST | H62: =VLOOKUP($E62,Ratio,2,FALSE)*$G62 -> 0 | I62: =VLOOKUP($E62,Ratio,3,FALSE)*$G62 -> 0 | J62: =VLOOKUP($E62,Ratio,4,FALSE)*$G62 -> 0
B63: Customer Assistance Expenses (Major only) | D63: 908 | E63: DIST | F63: DIRECT | H63: =IF($E63="DIRECT",$L63,VLOOKUP($E63,Ratio,2,FALSE)*$G63) -> 0 | I63: =IF($E63="DIRECT",$M63,VLOOKUP($E63,Ratio,3,FALSE)*$G63) -> 0 | J63: =IF($E63="DIRECT",$N63,VLOOKUP($E63,Ratio,4,FALSE)*$G63) -> 0
B64: Customer Service and Information | D64: 909-910 | E64: DIST | F64: DIRECT | H64: =IF($E64="DIRECT",$L64,VLOOKUP($E64,Ratio,2,FALSE)*$G64) -> 0 | I64: =IF($E64="DIRECT",$M64,VLOOKUP($E64,Ratio,3,FALSE)*$G64) -> 0 | J64: =IF($E64="DIRECT",$N64,VLOOKUP($E64,Ratio,4,FALSE)*$G64) -> 0
B65: Total Sales Expense | D65: 911-917 | E65: DIST | H65: =VLOOKUP($E65,Ratio,2,FALSE)*$G65 -> 0 | I65: =VLOOKUP($E65,Ratio,3,FALSE)*$G65 -> 0 | J65: =VLOOKUP($E65,Ratio,4,FALSE)*$G65 -> 0
A66: Total Customer and Sales Expenses | G66: =SUM(G61:G65) -> 0 | H66: =SUM(H61:H65) -> 0 | I66: =SUM(I61:I65) -> 0 | J66: =SUM(J61:J65) -> 0
A68: Administration and General Expense:
B69: Operation
B70: Administration and General Salaries | D70: 920 | E70: LABOR | H70: =VLOOKUP($E70,Ratio,2,FALSE)*$G70 -> 0 | I70: =VLOOKUP($E70,Ratio,3,FALSE)*$G70 -> 0 | J70: =VLOOKUP($E70,Ratio,4,FALSE)*$G70 -> 0
B71: Office Supplies & Expenses | D71: 921 | E71: LABOR | H71: =VLOOKUP($E71,Ratio,2,FALSE)*$G71 -> 0 | I71: =VLOOKUP($E71,Ratio,3,FALSE)*$G71 -> 0 | J71: =VLOOKUP($E71,Ratio,4,FALSE)*$G71 -> 0
B72: (Less) Administration Expenses Transferred - Credit | D72: 922 | E72: LABOR | H72: =VLOOKUP($E72,Ratio,2,FALSE)*$G72 -> 0 | I72: =VLOOKUP($E72,Ratio,3,FALSE)*$G72 -> 0 | J72: =VLOOKUP($E72,Ratio,4,FALSE)*$G72 -> 0
B73: Outside Services Employed | D73: 923 | E73: LABOR | H73: =VLOOKUP($E73,Ratio,2,FALSE)*$G73 -> 0 | I73: =VLOOKUP($E73,Ratio,3,FALSE)*$G73 -> 0 | J73: =VLOOKUP($E73,Ratio,4,FALSE)*$G73 -> 0
B74: Property Insurance | D74: 924 | E74: PTDG | H74: =VLOOKUP($E74,Ratio,2,FALSE)*$G74 -> 0 | I74: =VLOOKUP($E74,Ratio,3,FALSE)*$G74 -> 0 | J74: =VLOOKUP($E74,Ratio,4,FALSE)*$G74 -> 0
B75: Injuries and Damages | D75: 925 | E75: LABOR | H75: =VLOOKUP($E75,Ratio,2,FALSE)*$G75 -> 0 | I75: =VLOOKUP($E75,Ratio,3,FALSE)*$G75 -> 0 | J75: =VLOOKUP($E75,Ratio,4,FALSE)*$G75 -> 0
B76: Adjusted 925 (for reference & input into NLSL Base calc) | H76: =H75+'Sch 4 - Average System Cost'!D34 -> 0 | I76: =I75 -> 0 | J76: =-'Sch 4 - Average System Cost'!D34+J75 -> 0 | K76: =H76/'Sch 4 - Average System Cost'!D32 -> #DIV/0!
B77: Commission Approved Injuries & Damages | E77: LABOR | F77: DIRECT | H77: =IF($F77="DIRECT",$L77,VLOOKUP($F77,Ratio,2,FALSE)*$G77) -> 0 | I77: =IF($F77="DIRECT",$M77,VLOOKUP($F77,Ratio,3,FALSE)*$G77) -> 0 | J77: =IF($F77="DIRECT",$N77,VLOOKUP($F77,Ratio,4,FALSE)*$G77) -> 0
B78: Employee Pensions & Benefits | D78: 926 | E78: LABOR | H78: =VLOOKUP($E78,Ratio,2,FALSE)*$G78 -> 0 | I78: =VLOOKUP($E78,Ratio,3,FALSE)*$G78 -> 0 | J78: =VLOOKUP($E78,Ratio,4,FALSE)*$G78 -> 0
B79: Franchise Requirements | D79: 927 | E79: DIST | H79: =VLOOKUP($E79,Ratio,2,FALSE)*$G79 -> 0 | I79: =VLOOKUP($E79,Ratio,3,FALSE)*$G79 -> 0 | J79: =VLOOKUP($E79,Ratio,4,FALSE)*$G79 -> 0
B80: Regulatory Commission Expenses | D80: 928 | E80: DIST | H80: =VLOOKUP($E80,Ratio,2,FALSE)*$G80 -> 0 | I80: =VLOOKUP($E80,Ratio,3,FALSE)*$G80 -> 0 | J80: =VLOOKUP($E80,Ratio,4,FALSE)*$G80 -> 0
B81: (Less) Duplicate Charges - Credit | D81: 929 | E81: PTDG | H81: =VLOOKUP($E81,Ratio,2,FALSE)*$G81 -> 0 | I81: =VLOOKUP($E81,Ratio,3,FALSE)*$G81 -> 0 | J81: =VLOOKUP($E81,Ratio,4,FALSE)*$G81 -> 0
B82: General Advertising Expenses | D82: 930.1 | E82: DIST | F82: DIRECT | H82: =IF($E82="DIRECT",$L82,VLOOKUP($E82,Ratio,2,FALSE)*$G82) -> 0 | I82: =IF($E82="DIRECT",$M82,VLOOKUP($E82,Ratio,3,FALSE)*$G82) -> 0 | J82: =IF($E82="DIRECT",$N82,VLOOKUP($E82,Ratio,4,FALSE)*$G82) -> 0
B83: Miscellaneous General Expenses | D83: 930.2 | E83: DIST | F83: DIRECT | H83: =IF($E83="DIRECT",$L83,VLOOKUP($E83,Ratio,2,FALSE)*$G83) -> 0 | I83: =IF($E83="DIRECT",$M83,VLOOKUP($E83,Ratio,3,FALSE)*$G83) -> 0 | J83: =IF($E83="DIRECT",$N83,VLOOKUP($E83,Ratio,4,FALSE)*$G83) -> 0
B84: Rents | D84: 931 | E84: DIST | H84: =VLOOKUP($E84,Ratio,2,FALSE)*$G84 -> 0 | I84: =VLOOKUP($E84,Ratio,3,FALSE)*$G84 -> 0 | J84: =VLOOKUP($E84,Ratio,4,FALSE)*$G84 -> 0
B85: Maintenance
B86: Maintenance of General Plant | D86: 935 | E86: GPM | H86: =VLOOKUP($E86,Ratio,2,FALSE)*$G86 -> 0 | I86: =VLOOKUP($E86,Ratio,3,FALSE)*$G86 -> 0 | J86: =VLOOKUP($E86,Ratio,4,FALSE)*$G86 -> 0
A87: Total Administration and General Expenses | G87: =SUM(G70:G71,G73:G75,G77:G80,G82:G84,G86)-G72-G81 -> 0 | H87: =SUM(H70:H71,H73:H75,H77:H80,H82:H84,H86)-H72-H81 -> 0 | I87: =SUM(I70:I71,I73:I75,I77:I80,I82:I84,I86)-I72-I81 -> 0 | J87: =SUM(J70:J71,J73:J75,J77:J80,J82:J84,J86)-J72-J81 -> 0
A89: Total Operations and Maintenance | G89: =G47+G53+G58+G66+G87 -> 0 | H89: =H47+H53+H58+H66+H87 -> 0 | I89: =I47+I53+I58+I66+I87 -> 0 | J89: =J47+J53+J58+J66+J87 -> 0
A90: (Total Expenses: Production + Transmission + Distribution + Customer and Sales +Total Administration and General Expenses)
A92: Depreciation and Amortization:
B93: Amortization of Intangible Plant - Account 301 | D93: 404 | E93: DIST | H93: =VLOOKUP($E93,Ratio,2,FALSE)*$G93 -> 0 | I93: =VLOOKUP($E93,Ratio,3,FALSE)*$G93 -> 0 | J93: =VLOOKUP($E93,Ratio,4,FALSE)*$G93 -> 0
B94: Amortization of Intangible Plant - Account 302 | D94: 404 | E94: DIRECT | F94: PTD | H94: =IF($E94="DIRECT",$L94,VLOOKUP($E94,Ratio,2,FALSE)*$G94) -> 0 | I94: =IF($E94="DIRECT",$M94,VLOOKUP($E94,Ratio,3,FALSE)*$G94) -> 0 | J94: =IF($E94="DIRECT",$N94,VLOOKUP($E94,Ratio,4,FALSE)*$G94) -> 0
B95: Amortization of Intangible Plant - Account 303 | D95: 404 | E95: DIRECT | F95: DIST | H95: =IF($E95="DIRECT",$L95,VLOOKUP($E95,Ratio,2,FALSE)*$G95) -> 0 | I95: =IF($E95="DIRECT",$M95,VLOOKUP($E95,Ratio,3,FALSE)*$G95) -> 0 | J95: =IF($E95="DIRECT",$N95,VLOOKUP($E95,Ratio,4,FALSE)*$G95) -> 0
B96: Steam Production Plant | D96: 403 | E96: PROD | H96: =VLOOKUP($E96,Ratio,2,FALSE)*$G96 -> 0 | I96: =VLOOKUP($E96,Ratio,3,FALSE)*$G96 -> 0 | J96: =VLOOKUP($E96,Ratio,4,FALSE)*$G96 -> 0
B97: Nuclear Production Plant | D97: 403 | E97: PROD | H97: =VLOOKUP($E97,Ratio,2,FALSE)*$G97 -> 0 | I97: =VLOOKUP($E97,Ratio,3,FALSE)*$G97 -> 0 | J97: =VLOOKUP($E97,Ratio,4,FALSE)*$G97 -> 0
B98: Hydraulic Production Plant - Conventional | D98: 403 | E98: PROD | H98: =VLOOKUP($E98,Ratio,2,FALSE)*$G98 -> 0 | I98: =VLOOKUP($E98,Ratio,3,FALSE)*$G98 -> 0 | J98: =VLOOKUP($E98,Ratio,4,FALSE)*$G98 -> 0
B99: Hydraulic Production Plant - Pumped Storage | D99: 403 | E99: PROD | H99: =VLOOKUP($E99,Ratio,2,FALSE)*$G99 -> 0 | I99: =VLOOKUP($E99,Ratio,3,FALSE)*$G99 -> 0 | J99: =VLOOKUP($E99,Ratio,4,FALSE)*$G99 -> 0
B100: Solar Production | D100: 403 | E100: PROD | H100: =VLOOKUP($E100,Ratio,2,FALSE)*$G100 -> 0 | I100: =VLOOKUP($E100,Ratio,3,FALSE)*$G100 -> 0 | J100: =VLOOKUP($E100,Ratio,4,FALSE)*$G100 -> 0
B101: Wind Production | D101: 403 | E101: PROD | H101: =VLOOKUP($E101,Ratio,2,FALSE)*$G101 -> 0 | I101: =VLOOKUP($E101,Ratio,3,FALSE)*$G101 -> 0 | J101: =VLOOKUP($E101,Ratio,4,FALSE)*$G101 -> 0
B102: Other Renewable Production | D102: 403 | E102: PROD | H102: =VLOOKUP($E102,Ratio,2,FALSE)*$G102 -> 0 | I102: =VLOOKUP($E102,Ratio,3,FALSE)*$G102 -> 0 | J102: =VLOOKUP($E102,Ratio,4,FALSE)*$G102 -> 0
B103: Other Production Plant | D103: 403 | E103: PROD | H103: =VLOOKUP($E103,Ratio,2,FALSE)*$G103 -> 0 | I103: =VLOOKUP($E103,Ratio,3,FALSE)*$G103 -> 0 | J103: =VLOOKUP($E103,Ratio,4,FALSE)*$G103 -> 0
B104: Energy Storage Plant | D104: 403 | E104: DIRECT | F104: PTD | H104: =IF($E104="DIRECT",$L104,VLOOKUP($E104,Ratio,2,FALSE)*$G104) -> 0 | I104: =IF($E104="DIRECT",$M104,VLOOKUP($E104,Ratio,3,FALSE)*$G104) -> 0 | J104: =IF($E104="DIRECT",$N104,VLOOKUP($E104,Ratio,4,FALSE)*$G104) -> 0
B105: Transmission Plant (i) | D105: 403 | E105: TRANS | H105: =VLOOKUP($E105,Ratio,2,FALSE)*$G105 -> 0 | I105: =VLOOKUP($E105,Ratio,3,FALSE)*$G105 -> 0 | J105: =VLOOKUP($E105,Ratio,4,FALSE)*$G105 -> 0
B106: Distribution Plant | D106: 403 | E106: DIST | H106: =VLOOKUP($E106,Ratio,2,FALSE)*$G106 -> 0 | I106: =VLOOKUP($E106,Ratio,3,FALSE)*$G106 -> 0 | J106: =VLOOKUP($E106,Ratio,4,FALSE)*$G106 -> 0
B107: General Plant | D107: 403 | E107: GP | H107: =VLOOKUP($E107,Ratio,2,FALSE)*$G107 -> 0 | I107: =VLOOKUP($E107,Ratio,3,FALSE)*$G107 -> 0 | J107: =VLOOKUP($E107,Ratio,4,FALSE)*$G107 -> 0
B108: Common Plant - Electric | D108: 403 | E108: DIRECT | H108: =IF($E108="DIRECT",$L108,VLOOKUP($E108,Ratio,2,FALSE)*$G108) -> 0 | I108: =IF($E108="DIRECT",$M108,VLOOKUP($E108,Ratio,3,FALSE)*$G108) -> 0 | J108: =IF($E108="DIRECT",$N108,VLOOKUP($E108,Ratio,4,FALSE)*$G108) -> 0
B109: Common Plant - Electric | D109: 404 | E109: DIRECT | H109: =IF($E109="DIRECT",$L109,VLOOKUP($E109,Ratio,2,FALSE)*$G109) -> 0 | I109: =IF($E109="DIRECT",$M109,VLOOKUP($E109,Ratio,3,FALSE)*$G109) -> 0 | J109: =IF($E109="DIRECT",$N109,VLOOKUP($E109,Ratio,4,FALSE)*$G109) -> 0
...

Sheet Sch 3A - Taxes
A1: BONNEVILLE POWER ADMINISTRATION
A2: RESIDENTIAL PURCHASE AND SALE AGREEMENT
A3: 2026 Average System Cost Methodology (ASCM) Appendix 1
A5: TOC | D5: UTILITY NAME: | E5: ='Sch 1- Rate Base '!$E$5 -> 0 | I5: BPA Reviews:
D6: End of Year Report Period: | E6: ='Sch 1- Rate Base '!$E$6 -> 2026 | I6: ='Sch 1- Rate Base '!I6
D7: ASC Filing Date: | E7: ='Sch 1- Rate Base '!$E$7 -> 0 | I7: ='Sch 1- Rate Base '!I7
A9: Schedule 3A Items: Taxes (Including Income Taxes)
A11: Account Description | C11: FERC Form 1 | E11: Funct. Method | F11: Total | G11: Production | H11: Transmission | I11: Distribution/ Other
C12: Page | D12: Account
C13: Number | D13: Numbers
A15: FEDERAL
B16: Income Tax (Included on Schedule 2) | D16: 409.1 | E16: DIST | G16: =VLOOKUP($E16,Ratio,2,FALSE)*$F16 -> 0 | H16: =VLOOKUP($E16,Ratio,3,FALSE)*$F16 -> 0 | I16: =VLOOKUP($E16,Ratio,4,FALSE)*$F16 -> 0
B17: Employment Tax | D17: 408.1 | E17: LABOR | G17: =VLOOKUP($E17,Ratio,2,FALSE)*$F17 -> 0 | H17: =VLOOKUP($E17,Ratio,3,FALSE)*$F17 -> 0 | I17: =VLOOKUP($E17,Ratio,4,FALSE)*$F17 -> 0
B18: Other Federal Taxes | D18: 408.1 | E18: DIST | G18: =VLOOKUP($E18,Ratio,2,FALSE)*$F18 -> 0 | H18: =VLOOKUP($E18,Ratio,3,FALSE)*$F18 -> 0 | I18: =VLOOKUP($E18,Ratio,4,FALSE)*$F18 -> 0
A19: TOTAL FEDERAL | F19: =SUM(F16:F18) -> 0 | G19: =SUM(G16:G18) -> 0 | H19: =SUM(H16:H18) -> 0 | I19: =SUM(I16:I18) -> 0
A21: STATE AND OTHER
B22: Property (or In-Lieu) | D22: 408.1 | E22: PTDG | G22: =VLOOKUP($E22,Ratio,2,FALSE)*$F22 -> 0 | H22: =VLOOKUP($E22,Ratio,3,FALSE)*$F22 -> 0 | I22: =VLOOKUP($E22,Ratio,4,FALSE)*$F22 -> 0
B23: Unemployment | D23: 408.1 | E23: LABOR | G23: =VLOOKUP($E23,Ratio,2,FALSE)*$F23 -> 0 | H23: =VLOOKUP($E23,Ratio,3,FALSE)*$F23 -> 0 | I23: =VLOOKUP($E23,Ratio,4,FALSE)*$F23 -> 0
B24: State Income, B&O, etc. | D24: 409.1 | E24: DIST | G24: =VLOOKUP($E24,Ratio,2,FALSE)*$F24 -> 0 | H24: =VLOOKUP($E24,Ratio,3,FALSE)*$F24 -> 0 | I24: =VLOOKUP($E24,Ratio,4,FALSE)*$F24 -> 0
B25: Franchise Fees | D25: 408.1 | E25: DIST | G25: =VLOOKUP($E25,Ratio,2,FALSE)*$F25 -> 0 | H25: =VLOOKUP($E25,Ratio,3,FALSE)*$F25 -> 0 | I25: =VLOOKUP($E25,Ratio,4,FALSE)*$F25 -> 0
B26: Regulatory Commission | D26: 408.1 | E26: DIST | G26: =VLOOKUP($E26,Ratio,2,FALSE)*$F26 -> 0 | H26: =VLOOKUP($E26,Ratio,3,FALSE)*$F26 -> 0 | I26: =VLOOKUP($E26,Ratio,4,FALSE)*$F26 -> 0
B27: City/Municipal | D27: 408.1 | E27: DIST | G27: =VLOOKUP($E27,Ratio,2,FALSE)*$F27 -> 0 | H27: =VLOOKUP($E27,Ratio,3,FALSE)*$F27 -> 0 | I27: =VLOOKUP($E27,Ratio,4,FALSE)*$F27 -> 0
B28: Other | D28: 408.1 | E28: DIST | G28: =VLOOKUP($E28,Ratio,2,FALSE)*$F28 -> 0 | H28: =VLOOKUP($E28,Ratio,3,FALSE)*$F28 -> 0 | I28: =VLOOKUP($E28,Ratio,4,FALSE)*$F28 -> 0
A29: TOTAL STATE AND OTHER TAXES | F29: =SUM(F22:F28) -> 0 | G29: =SUM(G22:G28) -> 0 | H29: =SUM(H22:H28) -> 0 | I29: =SUM(I22:I28) -> 0
A31: TOTAL TAXES | F31: =F29+F19 -> 0 | G31: =G29+G19 -> 0 | H31: =H29+H19 -> 0 | I31: =I29+I19 -> 0

Sheet Sch 3B - Other Items
A1: BONNEVILLE POWER ADMINISTRATION
A2: RESIDENTIAL PURCHASE AND SALE AGREEMENT
A3: 2026 Average System Cost Methodology (ASCM) Appendix 1
A5: TOC | D5: UTILITY NAME: | E5: ='Sch 1- Rate Base '!$E$5 -> 0 | I5: BPA Reviews:
D6: End of Year Report Period: | E6: ='Sch 1- Rate Base '!$E$6 -> 2026 | I6: ='Sch 1- Rate Base '!I6
D7: ASC Filing Date: | E7: ='Sch 1- Rate Base '!$E$7 -> 0 | I7: ='Sch 1- Rate Base '!I7 | J7: Ties w/FF1
A9: Schedule 3B Other Included Items
A11: Account Description | C11: FERC Form 1 | E11: Functionalization | G11: Total | H11: Production | I11: Transmission | J11: Distribution/ Other | L11: Production | M11: Transmission | N11: Distribution/ Other
C12: Page | D12: Account
C13: Number | D13: Numbers | E13: Default | F13: Optional
A14: Other Included Items:
B15: Regulatory Credits | D15: 407.4 | E15: DIRECT | F15: PROD | H15: =IF($E15="DIRECT",$L15,VLOOKUP($E15,Ratio,2,FALSE)*$G15) -> 0 | I15: =IF($E15="DIRECT",$M15,VLOOKUP($E15,Ratio,3,FALSE)*$G15) -> 0 | J15: =IF($E15="DIRECT",$N15,VLOOKUP($E15,Ratio,4,FALSE)*$G15) -> 0
B16: (Less) Regulatory Debits | D16: 407.3 | E16: DIRECT | F16: DIST | H16: =IF($E16="DIRECT",$L16,VLOOKUP($E16,Ratio,2,FALSE)*$G16) -> 0 | I16: =IF($E16="DIRECT",$M16,VLOOKUP($E16,Ratio,3,FALSE)*$G16) -> 0 | J16: =IF($E16="DIRECT",$N16,VLOOKUP($E16,Ratio,4,FALSE)*$G16) -> 0
B17: Gain from Disposition of Utility Plant | D17: 411.6 | E17: DIRECT | F17: PROD | H17: =IF($E17="DIRECT",$L17,VLOOKUP($E17,Ratio,2,FALSE)*$G17) -> 0 | I17: =IF($E17="DIRECT",$M17,VLOOKUP($E17,Ratio,3,FALSE)*$G17) -> 0 | J17: =IF($E17="DIRECT",$N17,VLOOKUP($E17,Ratio,4,FALSE)*$G17) -> 0
B18: (Less) Loss from Disposition of Utility Plant | D18: 411.7 | E18: DIRECT | F18: DIST | H18: =IF($E18="DIRECT",$L18,VLOOKUP($E18,Ratio,2,FALSE)*$G18) -> 0 | I18: =IF($E18="DIRECT",$M18,VLOOKUP($E18,Ratio,3,FALSE)*$G18) -> 0 | J18: =IF($E18="DIRECT",$N18,VLOOKUP($E18,Ratio,4,FALSE)*$G18) -> 0
B19: Gain from Disposition of Allowances | D19: 411.8 | E19: PROD | H19: =VLOOKUP($E19,Ratio,2,FALSE)*$G19 -> 0 | I19: =VLOOKUP($E19,Ratio,3,FALSE)*$G19 -> 0 | J19: =VLOOKUP($E19,Ratio,4,FALSE)*$G19 -> 0
B20: (Less) Loss from Disposition of Allowances | D20: 411.9 | E20: PROD | H20: =VLOOKUP($E20,Ratio,2,FALSE)*$G20 -> 0 | I20: =VLOOKUP($E20,Ratio,3,FALSE)*$G20 -> 0 | J20: =VLOOKUP($E20,Ratio,4,FALSE)*$G20 -> 0
B21: Miscellaneous Nonoperating Income | D21: 421 | E21: DIRECT | F21: PROD | H21: =IF($E21="DIRECT",$L21,VLOOKUP($E21,Ratio,2,FALSE)*$G21) -> 0 | I21: =IF($E21="DIRECT",$M21,VLOOKUP($E21,Ratio,3,FALSE)*$G21) -> 0 | J21: =IF($E21="DIRECT",$N21,VLOOKUP($E21,Ratio,4,FALSE)*$G21) -> 0
A22: Total Other Included Items | G22: =G15-G16+G17-G18+G19-G20+G21 -> 0 | H22: =H15-H16+H17-H18+H19-H20+H21 -> 0 | I22: =I15-I16+I17-I18+I19-I20+I21 -> 0 | J22: =J15-J16+J17-J18+J19-J20+J21 -> 0
A24: Sales for Resale:
B25: Sales for Resale (long & short term) | D25: 447 | E25: PROD | G25: ='3-YEAR PP & OSS Worksheet'!D36 -> 0 | H25: =VLOOKUP($E25,Ratio,2,FALSE)*$G25 -> 0 | I25: =VLOOKUP($E25,Ratio,3,FALSE)*$G25 -> 0 | J25: =VLOOKUP($E25,Ratio,4,FALSE)*$G25 -> 0
B26: Transmission Sales for Resale | E26: DIRECT | G26: =SUM(L26:N26) -> 0 | H26: =IF($E26="DIRECT",$L26,VLOOKUP($E26,Ratio,2,FALSE)*$G26) -> 0 | I26: =IF($E26="DIRECT",$M26,VLOOKUP($E26,Ratio,3,FALSE)*$G26) -> 0 | J26: =IF($E26="DIRECT",$N26,VLOOKUP($E26,Ratio,4,FALSE)*$G26) -> 0
A27: Total Sales for Resale | G27: =SUM(G25:G26) -> 0 | H27: =SUM(H25:H26) -> 0 | I27: =SUM(I25:I26) -> 0 | J27: =SUM(J25:J26) -> 0
A29: Other Revenues:
B30: Forfeited Discounts | D30: 450 | E30: DIST | H30: =VLOOKUP($E30,Ratio,2,FALSE)*$G30 -> 0 | I30: =VLOOKUP($E30,Ratio,3,FALSE)*$G30 -> 0 | J30: =VLOOKUP($E30,Ratio,4,FALSE)*$G30 -> 0
B31: Miscellaneous Service Revenues | D31: 451 | E31: DIST | H31: =VLOOKUP($E31,Ratio,2,FALSE)*$G31 -> 0 | I31: =VLOOKUP($E31,Ratio,3,FALSE)*$G31 -> 0 | J31: =VLOOKUP($E31,Ratio,4,FALSE)*$G31 -> 0
B32: Sales of Water and Water Power | D32: 453 | E32: PROD | H32: =VLOOKUP($E32,Ratio,2,FALSE)*$G32 -> 0 | I32: =VLOOKUP($E32,Ratio,3,FALSE)*$G32 -> 0 | J32: =VLOOKUP($E32,Ratio,4,FALSE)*$G32 -> 0
B33: Rent from Electric Property | D33: 454 | E33: TD | H33: =VLOOKUP($E33,Ratio,2,FALSE)*$G33 -> 0 | I33: =VLOOKUP($E33,Ratio,3,FALSE)*$G33 -> 0 | J33: =VLOOKUP($E33,Ratio,4,FALSE)*$G33 -> 0
B34: Interdepartmental Rents | D34: 455 | E34: DIST | H34: =VLOOKUP($E34,Ratio,2,FALSE)*$G34 -> 0 | I34: =VLOOKUP($E34,Ratio,3,FALSE)*$G34 -> 0 | J34: =VLOOKUP($E34,Ratio,4,FALSE)*$G34 -> 0
B35: Other Electric Revenues | D35: 456 | E35: DIRECT | F35: PROD | H35: =IF($E35="DIRECT",$L35,VLOOKUP($E35,Ratio,2,FALSE)*$G35) -> 0 | I35: =IF($E35="DIRECT",$M35,VLOOKUP($E35,Ratio,3,FALSE)*$G35) -> 0 | J35: =IF($E35="DIRECT",$N35,VLOOKUP($E35,Ratio,4,FALSE)*$G35) -> 0
B36: Revenues from Transmission of Electricity of Others (i) | D36: 456.1 | E36: TRANS | H36: =VLOOKUP($E36,Ratio,2,FALSE)*$G36 -> 0 | I36: =VLOOKUP($E36,Ratio,3,FALSE)*$G36 -> 0 | J36: =VLOOKUP($E36,Ratio,4,FALSE)*$G36 -> 0
A38: Total Other Revenues | G38: =SUM(G30:G37) -> 0 | H38: =SUM(H30:H37) -> 0 | I38: =SUM(I30:I37) -> 0 | J38: =SUM(J30:J37) -> 0
A40: Total Other Included Items | G40: =+G38+G27+G22 -> 0 | H40: =+H38+H27+H22 -> 0 | I40: =+I38+I27+I22 -> 0 | J40: =+J38+J27+J22 -> 0
A41: (Total Disposition of Plant + Total Sales for Resale + Total Other Revenue)

Sheet Sch 4 - Average System Cost
A1: BONNEVILLE POWER ADMINISTRATION
A2: RESIDENTIAL PURCHASE AND SALE AGREEMENT
A3: 2026 Average System Cost Methodology (ASCM) Appendix 1
A5: TOC | B5: UTILITY NAME: | C5: ='Sch 1- Rate Base '!$E$5 -> 0 | F5: BPA Reviews:
B6: End of Year Report Period: | C6: ='Sch 1- Rate Base '!$E$6 -> 2026 | F6: ='Sch 1- Rate Base '!I6
B7: ASC Filing Date: | C7: ='Sch 1- Rate Base '!$E$7 -> 0 | F7: ='Sch 1- Rate Base '!I7
A9: Schedule 4: Average System Cost
C12: Total | D12: Production | E12: Transmission | F12: Distribution/Other
A13: Total Operating Expenses | C13: ='Sch 3 - Expenses'!G116 -> 0 | D13: ='Sch 3 - Expenses'!H116 -> 0 | E13: ='Sch 3 - Expenses'!I116 -> 0 | F13: ='Sch 3 - Expenses'!J116 -> 0
A14: (From Schedule 3)
A16: Federal Income Tax Adjusted Return on Rate Base | C16: =IF('Sch 2 -Rate of Return'!E42>0,'Sch 2 -Rate of Return'!E42,IF('Sch 2 -Rate of Return'!E98>0,'Sch 2 -Rate of Return'!E98,IF('Sch 2 -Rate of Return'!E125>0,'Sch 2 -Rate of Return'!E125,0))) -> 0 | D16: =IF('Sch 2 -Rate of Return'!F42>0,'Sch 2 -Rate of Return'!F42,IF('Sch 2 -Rate of Return'!F98>0,'Sch 2 -Rate of Return'!F98,IF('Sch 2 -Rate of Return'!F125>0,'Sch 2 -Rate of Return'!F125,0))) -> 0 | E16: =IF('Sch 2 -Rate of Return'!G42>0,'Sch 2 -Rate of Return'!G42,IF('Sch 2 -Rate of Return'!G98>0,'Sch 2 -Rate of Return'!G98,IF('Sch 2 -Rate of Return'!G125>0,'Sch 2 -Rate of Return'!G125,0))) -> 0 | F16: =IF('Sch 2 -Rate of Return'!H42>0,'Sch 2 -Rate of Return'!H42,IF('Sch 2 -Rate of Return'!H98>0,'Sch 2 -Rate of Return'!H98,IF('Sch 2 -Rate of Return'!H125>0,'Sch 2 -Rate of Return'!H125,0))) -> 0
A17: (From Schedule 2)
A19: State and Other Taxes | C19: ='Sch 3A - Taxes'!F31 -> 0 | D19: ='Sch 3A - Taxes'!G31 -> 0 | E19: ='Sch 3A - Taxes'!H31 -> 0 | F19: ='Sch 3A - Taxes'!I31 -> 0
A20: (From Schedule 3a)
A22: Total Other Included Items | C22: ='Sch 3B - Other Items'!G40 -> 0 | D22: ='Sch 3B - Other Items'!H40 -> 0 | E22: ='Sch 3B - Other Items'!I40 -> 0 | F22: ='Sch 3B - Other Items'!J40 -> 0
A23: (From Schedule 3b)
A25: Total Cost | C25: =C13+C16+C19-C22 -> 0 | D25: =D13+D16+D19-D22 -> 0 | E25: =E13+E16+E19-E22 -> 0 | F25: =F13+F16+F19-F22 -> 0
A26: (Total Operating Expenses + Return on Rate Base + State and Other Taxes - Total Other Included Items)
A31: Contract System Cost | D31: =IF($F$34=0,I31,J31) -> NLSL Removed-No New Resources | H31: ASC No NLSL | I31: NLSL Removed-No New Resources | J31: NLSL Removed-w/New Resources
A32: Production | D32: =H32 -> 0 | E32: =D32*0.01 -> 0 | F32: NLSL Fully Alloc. Cost ($/MWh) | H32: =+D25 -> 0 | I32: =$D$25 -> 0 | J32: =D25 -> 0
A33: (Less) New Large Single Load Costs (d) | D33: =IF($F$34=0,I33,J33) -> #DIV/0! | I33: =H44*F450 -> #DIV/0! | J33: =IF(D39=0,0,F34*D39) -> 0
A34: 925 Adjustment | D34: =IF('Sch 3 - Expenses'!H75>='Sch 4 - Average System Cost'!D32*0.01,('Sch 4 - Average System Cost'!D32*0.01)-'Sch 3 - Expenses'!H75,0) -> 0 | E34: NLSL | F34: ='NLSL_Base_New-Calc'!AA58 -> 0
A35: Total Contract System Cost | D35: =D32-D33+D34 -> #DIV/0! | H35: =H32 -> 0 | I35: =I32-I33-I34 -> #DIV/0! | J35: =J32-J33-J34 -> 0
A37: Contract System Load (MWh) | D37: Utility Input
A38: Total Retail Load | D38: 0 | H38: =D38 -> 0 | I38: =D38 -> 0 | J38: =D38 -> 0
A39: (Less) New Large Single Load | D39: =IF($F$34=0,I39,J39) -> 0 | I39: =F45 -> 0 | J39: =F45 -> 0
A40: Total Retail Load (Net of NLSL) (d) | D40: =IF($F$34=0,I40,J40) -> 0 | H40: =H38 -> 0 | I40: =I38-I39 -> 0 | J40: =D38-D39 -> 0
A41: Distribution Loss (f) (See Distribution Loss Schedule) | D41: =IF($F$34=0,I41,J41) -> 0 | F41: Distribution Losses (%) | H41: =IF($F$34=0,I41,J41) -> 0 | I41: =I38*F42 -> 0 | J41: =D38*F42 -> 0
A42: Total Contract System Load | D42: =IF($F$34=0,I42,J42) -> 0 | F42: ='Distribution Loss Calc'!F22 -> 0 | H42: =SUM(H40:H41) -> 0 | I42: =I40+I41 -> 0 | J42: =J40+J41 -> 0
A44: Average System Cost $/MWh | D44: =IF($F$34=0,I44,J44) -> $0 | F44: NLSL MWH | H44: =H35/H42 -> #DIV/0! | I44: =IF(I42=0,"$0",I35/I42) -> $0 | J44: =IF(J42=0,"$0",J35/J42) -> $0
F45: 0

Sheet 3-YEAR PP & OSS Worksheet
A1: BONNEVILLE POWER ADMINISTRATION
A2: RESIDENTIAL PURCHASE AND SALE AGREEMENT
A3: 2026 Average System Cost Methodology (ASCM) Appendix 1
F4: UTILITY NAME: | G4: ='Sch 1- Rate Base '!$E$5 -> 0 | K4: BPA Reviews:
B5: TOC | F5: End of Year Report Period: | G5: ='Sch 1- Rate Base '!$E$6 -> 2026 | K5: ='Sch 1- Rate Base '!I6
F6: ASC Filing Date: | G6: ='Sch 1- Rate Base '!$E$7 -> 0 | K6: ='Sch 1- Rate Base '!I7
A7: Purchased Power & Sales for Resale
B8: FERC Form 1 | D8: Purchased Power | G8: Purchased Power - Base Period Minus 1 | J8: Purchased Power - Base Period Minus 2
B9: Statistical | C9: Page
B10: Classification | C10: Number | D10: Settlement Total | E10: MWh Purchased | G10: Settlement Total | H10: MWh Purchased | J10: Settlement Total | K10: MWh Purchased
B11: RQ | C11: 326-327
B12: LF | C12: 326-327
B13: IF | C13: 326-327
B14: SF | C14: 326-327
B15: LU | C15: 326-327
B16: IU | C16: 326-327
B17: OS | C17: 326-327
B18: EX | C18: 326-327
B19: NA | C19: 326-327
B20: AD | C20: 326-327
B21: TOTAL | D21: =SUM(D11:D20) -> 0 | E21: =SUM(E11:E20) -> 0 | G21: =SUM(G11:G20) -> 0 | H21: =SUM(H11:H20) -> 0 | J21: =SUM(J11:J20) -> 0 | K21: =SUM(K11:K20) -> 0
B23: FERC Form 1 | D23: Sales for Resale | G23: Sales for Resale - Base Period Minus 1 | J23: Sales for Resale - Base Period Minus 2
B24: Statistical | C24: Page
B25: Classification | C25: Number | D25: Settlement Total | E25: MWh Sold | G25: Settlement Total | H25: MWh Sold | J25: Settlement Total | K25: MWh Sold
B26: RQ | C26: 310-311
B27: LF | C27: 310-311
B28: IF | C28: 310-311
B29: SF | C29: 310-311
B30: LU | C30: 310-311
B31: IU | C31: 310-311
B32: OS | C32: 310-311
B33: EX | C33: 310-311
B34: NA | C34: 310-311
B35: AD | C35: 310-311
B36: TOTAL | D36: =SUM(D26:D35) -> 0 | E36: =SUM(E26:E35) -> 0 | G36: =SUM(G26:G35) -> 0 | H36: =SUM(H26:H35) -> 0 | J36: =SUM(J26:J35) -> 0 | K36: =SUM(K26:K35) -> 0
D69: Average PP | E69: =IF((E14+E17+E18)=0,0,(D14+D17+D18)/(E14+E17+E18)) -> 0 | F69: =IF((H14+H17+H18)=0,0,(G14+G17+G18)/(H14+H17+H18)) -> 0 | G69: =IF((K14+K17+K18)=0,0,(J14+J17+J18)/(K14+K17+K18)) -> 0
D70: Average SS | E70: =IF((E29+E32+E33)=0,0,(D29+D32+D33)/(E29+E32+E33)) -> 0 | F70: =IF((H29+H32+H33)=0,0,(G29+G32+G33)/(H29+H32+H33)) -> 0 | G70: =IF((K29+K32+K33)=0,0,(J29+J32+J33)/(K29+K32+K33)) -> 0
D71: 1/2 difference | E71: =(E69-E70)/2 -> 0 | F71: =(F69-F70)/2 -> 0 | G71: =(G69-G70)/2 -> 0
D72: Mid Point | E72: =AVERAGE(E69:E70) -> 0 | F72: =AVERAGE(F69:F70) -> 0 | G72: =AVERAGE(G69:G70) -> 0
E73: =IF(E72=0,0,((E72+E71)/E72)-1) -> 0 | F73: =IF(F72=0,0,((F72+F71)/F72)-1) -> 0 | G73: =IF(G72=0,0,((G72+G71)/G72)-1) -> 0
D75: Percentage Spread | E75: =(E73*3+F73*2+G73)/6 -> 0
B79: FERC Form 1 | D79: Purchased Power for Storage Operations 555.1
B80: Statistical | C80: Page
B81: Classification | C81: Number | D81: Cost | E81: MWh Purchased
B82: RQ | C82: 326-327
B83: LF | C83: 326-327
B84: IF | C84: 326-327
B85: SF | C85: 326-327
B86: LU | C86: 326-327
B87: IU | C87: 326-327
B88: OS | C88: 326-327
B89: EX | C89: 326-327
B90: NA | C90: 326-327
B91: AD | C91: 326-327
B92: TOTAL | D92: =SUM(D82:D91) -> 0 | E92: =SUM(E82:E91) -> 0

Sheet Load Forecast
A1: Fiscal Year Load Forecast
A2: Fiscal Year MWh | B2: Base Period MWh | C2: Forecast Fiscal Year MWh
A3: FY | B3: 2023 | C3: =B3+1 -> 2024 | D3: =C3+1 -> 2025 | E3: =D3+1 -> 2026 | F3: =E3+1 -> 2027 | G3: =F3+1 -> 2028
A4: Total Retail Sales @ Meter | B4: ='Sch 4 - Average System Cost'!D38 -> 0
A5: Distribution Losses | B5: ='Sch 4 - Average System Cost'!D41 -> 0 | C5: =C4*B16 -> 0 | D5: =D4*B16 -> 0 | E5: =E4*B16 -> 0 | F5: =F4*B16 -> 0 | G5: =G4*B16 -> 0
A6: Contract System Load | B6: =B4+B5 -> 0 | C6: =C4+C5 -> 0 | D6: =D4+D5 -> 0 | E6: =E4+E5 -> 0 | F6: =F4+F5 -> 0 | G6: =G4+G5 -> 0
A7: Load for Dist Plant Adds | B7: =B6 -> 0 | C7: =C6 -> 0 | D7: =D6 -> 0 | E7: =E6 -> 0 | F7: =F6 -> 0 | G7: =G6 -> 0
A9: Base Period NLSL MWh | B9: ='Sch 4 - Average System Cost'!F45 -> 0
A10: New NLSL MWh
A11: Total NLSL MWh | B11: =B9 -> 0 | C11: =C10+B11 -> 0 | D11: =D10+C11 -> 0 | E11: =E10+D11 -> 0 | F11: =F10+E11 -> 0 | G11: =G10+F11 -> 0
A14: Annual Load Change | C14: =C6-B6 -> 0 | D14: =D6-C6 -> 0 | E14: =E6-D6 -> 0 | F14: =F6-E6 -> 0 | G14: =G6-F6 -> 0
A16: Distribution Loss Percentage | B16: =ROUND('Sch 4 - Average System Cost'!F42,4) -> 0
A20: TOC | D20: ='Sch 1- Rate Base '!E5 -> 0
D21: ='Sch 1- Rate Base '!E6 -> 2026
D22: ='Sch 1- Rate Base '!E7 -> 0
C25: BONNEVILLE POWER ADMINISTRATION
C26: RESIDENTIAL PURCHASE AND SALE AGREEMENT
C27: 2026 Average System Cost Methodology (ASCM) Appendix 1

Sheet Distribution Loss Calc
A1: BONNEVILLE POWER ADMINISTRATION
A2: RESIDENTIAL PURCHASE AND SALE AGREEMENT
A3: 2026 Average System Cost (ASCM) Appendix 1
A5: TOC | C5: UTILITY NAME: | D5: ='Sch 1- Rate Base '!$E$5 -> 0
C6: End of Year Report Period: | D6: ='Sch 1- Rate Base '!$E$6 -> 2026
C7: ASC Filing Date: | D7: ='Sch 1- Rate Base '!$E$7 -> 0
A10: Distribution Loss Calculation
E22: Distribution Loss Output

Sheet Salaries
A1: BONNEVILLE POWER ADMINISTRATION
A2: RESIDENTIAL PURCHASE AND SALE AGREEMENT
A3: 2026 Average System Cost Methodology (ASCM) Appendix 1
A5: TOC | B5: UTILITY NAME: | C5: ='Sch 1- Rate Base '!$E$5 -> 0
B6: End of Year Report Period: | C6: ='Sch 1- Rate Base '!$E$6 -> 2026
A7: 2/19/2010 | B7: ASC Filing Date: | C7: ='Sch 1- Rate Base '!$E$7 -> 0
A10: Distribution of Salaries and Wages (For Labor Ratio Calculation)
A11: Description | C11: Form 1 | D11: Amount
C12: Page
C13: Number
A14: Electric
A15: Operation
A16: 1 | B16: Production | C16: 354-355
A17: 2 | B17: Transmission | C17: 354-355
A18: 3 | B18: Distribution | C18: 354-355
A19: 4 | B19: Customer Accounts | C19: 354-355
A20: 5 | B20: Customer Service and Information | C20: 354-355
A21: 6 | B21: Sales | C21: 354-355
A22: 7 | B22: Administrative and General | C22: 354-355
A23: TOTAL Operation | D23: =SUM(D16:D22) -> 0
A25: Maintenance
A26: 9 | B26: Production | C26: 354-355
A27: 10 | B27: Transmission | C27: 354-355
A28: 11 | B28: Distribution | C28: 354-355
A29: 12 | B29: Administrative and General | C29: 354-355
A30: TOTAL Maintenance | D30: =SUM(D26:D29) -> 0
A32: Operation and Maintenance
B33: Production (Enter Total of lines 1 and 9) | C33: 354-355
B34: Transmission (Enter Total of lines 2 and 10) | C34: 354-355
B35: Distribution (Enter Total of lines 3 and 11) | C35: 354-355
B36: Customer Accounts (Transcribe from line 4) | C36: 354-355
B37: Customer Service and Information (Transcribe from line 5) | C37: 354-355
B38: Sales (Transcribe from line 6) | C38: 354-355
B39: Administrative and General (Enter Total of lines 7 and 12) | C39: 354-355
A40: TOTAL Operation and Maintenance | D40: =SUM(D33:D39) -> 0

Sheet New Resources - Individual
B1: ='Sch 1- Rate Base '!E5 -> 0 | AG1: 2008 | AH1: 1
A2: TOC | B2: Rate Period Mid-Point From ASC Tab | E2: Online Year | AG2: 2009 | AH2: 2
A3: é | B3: 46478 | E3: Online Month | AG3: 2010 | AH3: 3
E4: =B3 -> 46478 | F4: =IF(ISERROR(DATE(F2,F3,1)),"",(DATE(F2,F3,1))) | G4: =IF(ISERROR(DATE(G2,G3,1)),"",(DATE(G2,G3,1))) | H4: =IF(ISERROR(DATE(H2,H3,1)),"",(DATE(H2,H3,1))) | I4: =IF(ISERROR(DATE(I2,I3,1)),"",(DATE(I2,I3,1))) | J4: =IF(ISERROR(DATE(J2,J3,1)),"",(DATE(J2,J3,1))) | K4: =IF(ISERROR(DATE(K2,K3,1)),"",(DATE(K2,K3,1))) | L4: =IF(ISERROR(DATE(L2,L3,1)),"",(DATE(L2,L3,1))) | M4: =IF(ISERROR(DATE(M2,M3,1)),"",(DATE(M2,M3,1))) | ... Y4: =IF(ISERROR(DATE(Y2,Y3,1)),"",(DATE(Y2,Y3,1))) | AG4: 2011 | AH4: 4
A5: 1 | B5: 2 | C5: 3 | D5: 4 | E5: 5 | F5: 6 | G5: 7 | H5: 8 | I5: 9 | J5: 10 | K5: 11 | L5: 12 | M5: 13 | N5: 14 | O5: 15 | P5: 16 | Q5: 17 | R5: 18 | S5: 19 | T5: 20 | U5: 21 | V5: 22 | W5: 23 | X5: 24 | Y5: 25 | AA5: 1 | AB5: 5 | AC5: 5 | AD5: 5 | AG5: 2012 | AH5: 5
B6: New Resource Group Number | G6: 1 | H6: 2 | I6: 1 | J6: 1 | L6: 3 | M6: 1 | AG6: 2013 | AH6: 6
A7: 1 | B7: Steam Production Plant | C7: Accnt # | AH7: 7
A8: =A7+1 -> 2 | B8: Steam Production | C8: 310-317 | AH8: 8
A9: =A8+1 -> 3 | B9: Fuel (Stock) | C9: 151 | AH9: 9
A10: =A9+1 -> 4 | B10: Plant Materials and Operating Supplies | C10: 154 | AH10: 10
A11: =A10+1 -> 5 | B11: Allowances | C11: 158.1-158.2 | AH11: 11
A12: =A11+1 -> 6 | B12: Steam Expense | AH12: 12
A13: =A12+1 -> 7 | B13: Steam Power - Fuel | C13: 501
A14: =A13+1 -> 8 | B14: Steam Power - Op (Excluding 501 - Fuel) | C14: 500-509
A15: =A14+1 -> 9 | B15: Steam Power - Maintenance | C15: 510-515
A16: =A15+1 -> 10 | B16: Property Insurance | C16: 924
A17: =A16+1 -> 11 | B17: Depreciation | C17: 403 | D17: OK
A18: =A17+1 -> 12 | B18: Firm Sales for Resale ($) | C18: 447 | D18: OSS & PP
A19: =A18+1 -> 13 | B19: Firm Sales for Resale (MWh) | D19: OSS & PP
A20: =A19+1 -> 14 | B20: Expected Annual Generation (MWh) | D20: OSS & PP
A21: =A20+1 -> 15 | B21: Nuclear Production Plant
A22: =A21+1 -> 16 | B22: Nuclear Production | C22: 320-325
A23: =A22+1 -> 17 | B23: Nuclear Fuel (Stock) | C23: 120.1-120.6 | D23: OK
A24: =A23+1 -> 18 | B24: Plant Materials and Operating Supplies | C24: 154
A25: =A24+1 -> 19 | B25: Nuclear Expense
A26: =A25+1 -> 20 | B26: Nuclear - Fuel (Expense) | C26: 518
A27: =A26+1 -> 21 | B27: Nuclear - Operation ( Excluding 518 - Fuel) | C27: 517-525
A28: =A27+1 -> 22 | B28: Nuclear - Maintenance | C28: 528-532
A29: =A28+1 -> 23 | B29: Property Insurance | C29: 924
A30: =A29+1 -> 24 | B30: Depreciation | C30: 403 | D30: OK
A31: =A30+1 -> 25 | B31: Firm Sales for Resale ($) | C31: 447 | D31: OSS & PP
A32: =A31+1 -> 26 | B32: Firm Sales for Resale (MWh) | D32: OSS & PP
A33: =A32+1 -> 27 | B33: Expected Annual Generation (MWh) | D33: OSS & PP
A34: =A33+1 -> 28 | B34: Hydraulic Production Plant
A35: =A34+1 -> 29 | B35: Hydraulic Production | C35: 330-336
A36: =A35+1 -> 30 | B36: Plant Materials and Operating Supplies | C36: 154
A37: =A36+1 -> 31 | B37: Hydraulic Expense
A38: =A37+1 -> 32 | B38: Hydraulic - Operation | C38: 535-540.1
A39: =A38+1 -> 33 | B39: Hydraulic - Maintenance | C39: 541-545.1
A40: =A39+1 -> 34 | B40: Property Insurance | C40: 924
A41: =A40+1 -> 35 | B41: Firm Sales for Resale ($) | C41: 447 | D41: OSS & PP
A42: =A41+1 -> 36 | B42: Firm Sales for Resale (MWh) | D42: OSS & PP
A43: =A42+1 -> 37 | B43: Expected Annual Generation (MWh) | D43: OSS & PP
A44: =A43+1 -> 38 | B44: Depreciation
A45: =A44+1 -> 39 | B45: Hydraulic Production Plant - Conventional | C45: 403
A46: =A45+1 -> 40 | B46: Hydraulic Production Plant - Pumped Storage | C46: 403
A47: =A46+1 -> 41 | B47: Solar Production Plant
A48: =A47+1 -> 42 | B48: Solar Production | C48: 338.1-338.13
A49: =A48+1 -> 43 | B49: Plant Materials and Operating Supplies | C49: 154
A50: =A49+1 -> 44 | B50: Solar Expense
A51: =A50+1 -> 45 | B51: Solar - Operation | C51: 546-550.1
A52: =A51+1 -> 46 | B52: Solar - Maintenance | C52: 551-554.1
A53: =A52+1 -> 47 | B53: Property Insurance | C53: 924
A54: =A53+1 -> 48 | B54: Depreciation | C54: 403
A55: =A54+1 -> 49 | B55: Firm Sales for Resale ($) | C55: 447 | D55: OSS & PP
A56: =A55+1 -> 50 | B56: Firm Sales for Resale (MWh) | D56: OSS & PP
A57: =A56+1 -> 51 | B57: Expected Annual Generation (MWh) | D57: OSS & PP
A58: =A57+1 -> 52 | B58: Wind Production Plant
A59: =A58+1 -> 53 | B59: Wind Production | C59: 338.20-338.34
A60: =A59+1 -> 54 | B60: Plant Materials & Operating Supplies | C60: 154
A61: =A60+1 -> 55 | B61: Wind Expense
A62: =A61+1 -> 56 | B62: Wind - Operation | C62: 546-550.1
A63: =A62+1 -> 57 | B63: Wind - Maintenance | C63: 551-554.1
A64: =A63+1 -> 58 | B64: Property Insurance | C64: 924
A65: =A64+1 -> 59 | B65: Depreciation | C65: 403
A66: =A65+1 -> 60 | B66: Firm Sales for Resale ($) | C66: 447 | D66: OSS & PP
A67: =A66+1 -> 61 | B67: Firm Sales for Resale (MWh) | D67: OSS & PP
A68: =A67+1 -> 62 | B68: Expected Annual Generation (MWh) | D68: OSS & PP
A69: =A68+1 -> 63 | B69: Other Renewable Production Plant
A70: =A69+1 -> 64 | B70: Other Renewable Production | C70: 339.1-339.13
A71: =A70+1 -> 65 | B71: Plant Materials & Operating Supplies | C71: 154
A72: =A71+1 -> 66 | B72: Other Renewable Production Expense
A73: =A72+1 -> 67 | B73: Other Renewable - Operation | C73: 546-550.1
A74: =A73+1 -> 68 | B74: Other Renewable - Maintenance | C74: 551-554.1
A75: =A74+1 -> 69 | B75: Property Insurance | C75: 924
A76: =A75+1 -> 70 | B76: Depreciation | C76: 403
A77: =A76+1 -> 71 | B77: Firm Sales for Resale ($) | C77: 447 | D77: OSS & PP
A78: =A77+1 -> 72 | B78: Firm Sales for Resale (MWh) | D78: OSS & PP
A79: =A78+1 -> 73 | B79: Expected Annual Generation (MWh) | D79: OSS & PP
A80: =A79+1 -> 74 | B80: Other Production Plant
A81: =A80+1 -> 75 | B81: Other Production | C81: 340-346
A82: =A81+1 -> 76 | B82: Fuel Stock | C82: 151
A83: =A82+1 -> 77 | B83: Plant Materials and Operating Supplies | C83: 154
A84: =A83+1 -> 78 | B84: Allowances | C84: 158.1-158.2
A85: =A84+1 -> 79 | B85: Other Expense
A86: =A85+1 -> 80 | B86: Other Power - Fuel | C86: 547
A87: =A86+1 -> 81 | B87: Other Power - Operations (Excluding 547 - Fuel) | C87: 546-550
A88: =A87+1 -> 82 | B88: Other Power - Maintenance | C88: 551-554
A89: =A88+1 -> 83 | B89: Property Insurance | C89: 924
A90: =A89+1 -> 84 | B90: Depreciation | C90: 403 | D90: OK
A91: =A90+1 -> 85 | B91: Firm Sales for Resale ($) | C91: 447 | D91: OSS & PP
A92: =A91+1 -> 86 | B92: Firm Sales for Resale (MWh) | D92: OSS & PP
A93: =A92+1 -> 87 | B93: Expected Annual Generation (MWh) | D93: OSS & PP
A94: =A93+1 -> 88 | B94: Property Taxes Production
A95: =A94+1 -> 89 | B95: Total Production Property | C95: 262
A96: =A95+1 -> 90 | B96: Purchased Power Contracts (Market)
A97: =A96+1 -> 91 | B97: Contract Termination ($) | D97: OSS & PP
A98: =A97+1 -> 92 | B98: Contract Termination (MWh)
A99: =A98+1 -> 93 | B99: Purchased Power (Excluding REP Reversal) | C99: 555 | D99: OSS & PP
A100: =A99+1 -> 94 | B100: Purchased Power (MWh) | D100: OSS & PP
...

Sheet Materiality - Individual
F1: NRSW | M1: NR Switch | N1: 1 | U1: NR Switch | V1: 1 | AC1: NR Switch | AD1: 1 | AK1: NR Switch | AL1: 1 | AS1: NR Switch | AT1: 1 | BA1: NR Switch | BB1: 1 | BI1: NR Switch | BJ1: 1 | BQ1: NR Switch | BR1: 1 | BY1: NR Switch | BZ1: 1 | CG1: NR Switch | CH1: 1 | CO1: NR Switch | CP1: 1 | CW1: NR Switch | CX1: 1 | DE1: NR Switch | DF1: 1 | DM1: NR Switch | DN1: 1 | DU1: NR Switch | DV1: 1 | EC1: NR Switch | ED1: 1 | EK1: NR Switch | EL1: 1 | ES1: NR Switch | ET1: 1 | FA1: NR Switch | FB1: 1 | FI1: NR Switch | FJ1: 1
F2: NRCOL | M2: NR Column | N2: 6 | U2: NR Column | V2: 7 | AC2: NR Column | AD2: 8 | AK2: NR Column | AL2: 9 | AS2: NR Column | AT2: 10 | BA2: NR Column | BB2: 11 | BI2: NR Column | BJ2: 12 | BQ2: NR Column | BR2: 13 | BY2: NR Column | BZ2: 14 | CG2: NR Column | CH2: 15 | CO2: NR Column | CP2: 16 | CW2: NR Column | CX2: 17 | DE2: NR Column | DF2: 18 | DM2: NR Column | DN2: 19 | DU2: NR Column | DV2: 20 | EC2: NR Column | ED2: 21 | EK2: NR Column | EL2: 22 | ES2: NR Column | ET2: 23 | FA2: NR Column | FB2: 24 | FI2: NR Column | FJ2: 25
F3: Date | O3: =OFFSET('New Resources - Individual'!$A$1,3,N2-1) | W3: =OFFSET('New Resources - Individual'!$A$1,3,V2-1) | AE3: =OFFSET('New Resources - Individual'!$A$1,3,AD2-1) | AM3: =OFFSET('New Resources - Individual'!$A$1,3,AL2-1) | AU3: =OFFSET('New Resources - Individual'!$A$1,3,AT2-1) | BC3: =OFFSET('New Resources - Individual'!$A$1,3,BB2-1) | BK3: =OFFSET('New Resources - Individual'!$A$1,3,BJ2-1) | BS3: =OFFSET('New Resources - Individual'!$A$1,3,BR2-1) | CA3: =OFFSET('New Resources - Individual'!$A$1,3,BZ2-1) | CI3: =OFFSET('New Resources - Individual'!$A$1,3,CH2-1) | CQ3: =OFFSET('New Resources - Individual'!$A$1,3,CP2-1) | CY3: =OFFSET('New Resources - Individual'!$A$1,3,CX2-1) | DG3: =OFFSET('New Resources - Individual'!$A$1,3,DF2-1) | DO3: =OFFSET('New Resources - Individual'!$A$1,3,DN2-1) | DW3: =OFFSET('New Resources - Individual'!$A$1,3,DV2-1) | EE3: =OFFSET('New Resources - Individual'!$A$1,3,ED2-1) | EM3: =OFFSET('New Resources - Individual'!$A$1,3,EL2-1) | EU3: =OFFSET('New Resources - Individual'!$A$1,3,ET2-1) | FC3: =OFFSET('New Resources - Individual'!$A$1,3,FB2-1) | FK3: =OFFSET('New Resources - Individual'!$A$1,3,FJ2-1)
N4: New Resource | O4: Total | P4: Production | Q4: Transmission | R4: Distribution | V4: New Resource | W4: Total | X4: Production | Y4: Transmission | Z4: Distribution | AD4: New Resource | AE4: Total | AF4: Production | AG4: Transmission | AH4: Distribution | AL4: New Resource | AM4: Total | AN4: Production | AO4: Transmission | AP4: Distribution | AT4: New Resource | AU4: Total | AV4: Production | AW4: Transmission | AX4: Distribution | BB4: New Resource | BC4: Total | BD4: Production | BE4: Transmission | BF4: Distribution | BJ4: New Resource | BK4: Total | BL4: Production | BM4: Transmission | BN4: Distribution | BR4: New Resource | BS4: Total | BT4: Production | BU4: Transmission | BV4: Distribution | BZ4: New Resource | CA4: Total | CB4: Production | CC4: Transmission | CD4: Distribution | CH4: New Resource | CI4: Total | CJ4: Production | CK4: Transmission | CL4: Distribution | CP4: New Resource | CQ4: Total | CR4: Production | CS4: Transmission | CT4: Distribution | CX4: New Resource | CY4: Total | CZ4: Production | DA4: Transmission | DB4: Distribution | DF4: New Resource | DG4: Total | DH4: Production | DI4: Transmission | DJ4: Distribution | DN4: New Resource | DO4: Total | DP4: Production | DQ4: Transmission | DR4: Distribution | DV4: New Resource | DW4: Total | DX4: Production | DY4: Transmission | DZ4: Distribution | ED4: New Resource | EE4: Total | EF4: Production | EG4: Transmission | EH4: Distribution | EL4: New Resource | EM4: Total | EN4: Production | EO4: Transmission | EP4: Distribution | ET4: New Resource | EU4: Total | EV4: Production | EW4: Transmission | EX4: Distribution | FB4: New Resource | FC4: Total | FD4: Production | FE4: Transmission | FF4: Distribution | FJ4: New Resource | FK4: Total | FL4: Production | FM4: Transmission | FN4: Distribution
A5: TOC | B5: UTILITY NAME: | C5: ='Sch 1- Rate Base '!E5 -> 0
A6: é | B6: End of Year Report Period: | C6: ='Sch 1- Rate Base '!E6 -> 2026
B7: ASC Filing Date: | C7: ='Sch 1- Rate Base '!E7 -> 0
A9: 1 | B9: 2 | C9: 3 | D9: 4 | E9: 5 | F9: 6
A11: Schedule 1: Plant Investment / Rate Base
B12: Account Description | C12: FERC Form 1 | E12: Functionalization/ Escalation | G12: Total | H12: Production | I12: Transmission
C13: Page | D13: Account | J13: Distribution/
C14: Number | D14: Numbers | E14: Method | F14: Code | J14: Other
A15: Intangible Plant:
B16: Intangible Plant - Organization | D16: 301 | E16: ='Sch 1- Rate Base '!E16 -> DIST | G16: ='Sch 1- Rate Base '!G16 -> 0 | H16: ='Sch 1- Rate Base '!H16 -> 0 | I16: ='Sch 1- Rate Base '!I16 -> 0 | J16: ='Sch 1- Rate Base '!J16 -> 0 | K16: =IF($E16="DIRECT",0,1) -> 1 | O16: =$G16 -> 0 | P16: =VLOOKUP($E16,O$463:R$474,2,FALSE)*O16*($K16)+IF($G16>0,($H16/$G16)*O16,0)*(1-$K16) -> 0 | Q16: =VLOOKUP($E16,O$463:R$474,3,FALSE)*O16*($K16)+IF($G16>0,($I16/$G16)*O16,0)*(1-$K16) -> 0 | R16: =VLOOKUP($E16,O$463:R$474,4,FALSE)*O16*($K16)+(O16-P16-Q16)*(1-$K16) -> 0 | W16: =$G16 -> 0 | X16: =VLOOKUP($E16,W$463:Z$474,2,FALSE)*W16*($K16)+IF($G16>0,($H16/$G16)*W16,0)*(1-$K16) -> 0 | Y16: =VLOOKUP($E16,W$463:Z$474,3,FALSE)*W16*($K16)+IF($G16>0,($I16/$G16)*W16,0)*(1-$K16) -> 0 | Z16: =VLOOKUP($E16,W$463:Z$474,4,FALSE)*W16*($K16)+(W16-X16-Y16)*(1-$K16) -> 0 | AA16: 1 | AE16: =$G16 -> 0 | AF16: =VLOOKUP($E16,AE$463:AH$474,2,FALSE)*AE16*($K16)+IF($G16>0,($H16/$G16)*AE16,0)*(1-$K16) -> 0 | AG16: =VLOOKUP($E16,AE$463:AH$474,3,FALSE)*AE16*($K16)+IF($G16>0,($I16/$G16)*AE16,0)*(1-$K16) -> 0 | AH16: =VLOOKUP($E16,AE$463:AH$474,4,FALSE)*AE16*($K16)+(AE16-AF16-AG16)*(1-$K16) -> 0 | AM16: =$G16 -> 0 | AN16: =VLOOKUP($E16,AM$463:AP$474,2,FALSE)*AM16*($K16)+IF($G16>0,($H16/$G16)*AM16,0)*(1-$K16) -> 0 | AO16: =VLOOKUP($E16,AM$463:AP$474,3,FALSE)*AM16*($K16)+IF($G16>0,($I16/$G16)*AM16,0)*(1-$K16) -> 0 | AP16: =VLOOKUP($E16,AM$463:AP$474,4,FALSE)*AM16*($K16)+(AM16-AN16-AO16)*(1-$K16) -> 0 | AU16: =$G16 -> 0 | AV16: =VLOOKUP($E16,AU$463:AX$474,2,FALSE)*AU16*($K16)+IF($G16>0,($H16/$G16)*AU16,0)*(1-$K16) -> 0 | AW16: =VLOOKUP($E16,AU$463:AX$474,3,FALSE)*AU16*($K16)+IF($G16>0,($I16/$G16)*AU16,0)*(1-$K16) -> 0 | AX16: =VLOOKUP($E16,AU$463:AX$474,4,FALSE)*AU16*($K16)+(AU16-AV16-AW16)*(1-$K16) -> 0 | BC16: =$G16 -> 0 | BD16: =VLOOKUP($E16,BC$463:BF$474,2,FALSE)*BC16*($K16)+IF($G16>0,($H16/$G16)*BC16,0)*(1-$K16) -> 0 | BE16: =VLOOKUP($E16,BC$463:BF$474,3,FALSE)*BC16*($K16)+IF($G16>0,($I16/$G16)*BC16,0)*(1-$K16) -> 0 | BF16: =VLOOKUP($E16,BC$463:BF$474,4,FALSE)*BC16*($K16)+(BC16-BD16-BE16)*(1-$K16) -> 0 | BK16: =$G16 -> 0 | BL16: =VLOOKUP($E16,BK$463:BN$474,2,FALSE)*BK16*($K16)+IF($G16>0,($H16/$G16)*BK16,0)*(1-$K16) -> 0 | BM16: =VLOOKUP($E16,BK$463:BN$474,3,FALSE)*BK16*($K16)+IF($G16>0,($I16/$G16)*BK16,0)*(1-$K16) -> 0 | BN16: =VLOOKUP($E16,BK$463:BN$474,4,FALSE)*BK16*($K16)+(BK16-BL16-BM16)*(1-$K16) -> 0 | BS16: =$G16 -> 0 | BT16: =VLOOKUP($E16,BS$463:BV$474,2,FALSE)*BS16*($K16)+IF($G16>0,($H16/$G16)*BS16,0)*(1-$K16) -> 0 | BU16: =VLOOKUP($E16,BS$463:BV$474,3,FALSE)*BS16*($K16)+IF($G16>0,($I16/$G16)*BS16,0)*(1-$K16) -> 0 | BV16: =VLOOKUP($E16,BS$463:BV$474,4,FALSE)*BS16*($K16)+(BS16-BT16-BU16)*(1-$K16) -> 0 | CA16: =$G16 -> 0 | CB16: =VLOOKUP($E16,CA$463:CD$474,2,FALSE)*CA16*($K16)+IF($G16>0,($H16/$G16)*CA16,0)*(1-$K16) -> 0 | CC16: =VLOOKUP($E16,CA$463:CD$474,3,FALSE)*CA16*($K16)+IF($G16>0,($I16/$G16)*CA16,0)*(1-$K16) -> 0 | CD16: =VLOOKUP($E16,CA$463:CD$474,4,FALSE)*CA16*($K16)+(CA16-CB16-CC16)*(1-$K16) -> 0 | CI16: =$G16 -> 0 | CJ16: =VLOOKUP($E16,CI$463:CL$474,2,FALSE)*CI16*($K16)+IF($G16>0,($H16/$G16)*CI16,0)*(1-$K16) -> 0 | CK16: =VLOOKUP($E16,CI$463:CL$474,3,FALSE)*CI16*($K16)+IF($G16>0,($I16/$G16)*CI16,0)*(1-$K16) -> 0 | CL16: =VLOOKUP($E16,CI$463:CL$474,4,FALSE)*CI16*($K16)+(CI16-CJ16-CK16)*(1-$K16) -> 0 | CQ16: =$G16 -> 0 | CR16: =VLOOKUP($E16,CQ$463:CT$474,2,FALSE)*CQ16*($K16)+IF($G16>0,($H16/$G16)*CQ16,0)*(1-$K16) -> 0 | CS16: =VLOOKUP($E16,CQ$463:CT$474,3,FALSE)*CQ16*($K16)+IF($G16>0,($I16/$G16)*CQ16,0)*(1-$K16) -> 0 | CT16: =VLOOKUP($E16,CQ$463:CT$474,4,FALSE)*CQ16*($K16)+(CQ16-CR16-CS16)*(1-$K16) -> 0 | CY16: =$G16 -> 0 | CZ16: =VLOOKUP($E16,CY$463:DB$474,2,FALSE)*CY16*($K16)+IF($G16>0,($H16/$G16)*CY16,0)*(1-$K16) -> 0 | DA16: =VLOOKUP($E16,CY$463:DB$474,3,FALSE)*CY16*($K16)+IF($G16>0,($I16/$G16)*CY16,0)*(1-$K16) -> 0 | DB16: =VLOOKUP($E16,CY$463:DB$474,4,FALSE)*CY16*($K16)+(CY16-CZ16-DA16)*(1-$K16) -> 0 | DG16: =$G16 -> 0 | DH16: =VLOOKUP($E16,DG$463:DJ$474,2,FALSE)*DG16*($K16)+IF($G16>0,($H16/$G16)*DG16,0)*(1-$K16) -> 0 | DI16: =VLOOKUP($E16,DG$463:DJ$474,3,FALSE)*DG16*($K16)+IF($G16>0,($I16/$G16)*DG16,0)*(1-$K16) -> 0 | DJ16: =VLOOKUP($E16,DG$463:DJ$474,4,FALSE)*DG16*($K16)+(DG16-DH16-DI16)*(1-$K16) -> 0 | DO16: =$G16 -> 0 | DP16: =VLOOKUP($E16,DO$463:DR$474,2,FALSE)*DO16*($K16)+IF($G16>0,($H16/$G16)*DO16,0)*(1-$K16) -> 0 | DQ16: =VLOOKUP($E16,DO$463:DR$474,3,FALSE)*DO16*($K16)+IF($G16>0,($I16/$G16)*DO16,0)*(1-$K16) -> 0 | DR16: =VLOOKUP($E16,DO$463:DR$474,4,FALSE)*DO16*($K16)+(DO16-DP16-DQ16)*(1-$K16) -> 0 | DW16: =$G16 -> 0 | DX16: =VLOOKUP($E16,DW$463:DZ$474,2,FALSE)*DW16*($K16)+IF($G16>0,($H16/$G16)*DW16,0)*(1-$K16) -> 0 | DY16: =VLOOKUP($E16,DW$463:DZ$474,3,FALSE)*DW16*($K16)+IF($G16>0,($I16/$G16)*DW16,0)*(1-$K16) -> 0 | DZ16: =VLOOKUP($E16,DW$463:DZ$474,4,FALSE)*DW16*($K16)+(DW16-DX16-DY16)*(1-$K16) -> 0 | EE16: =$G16 -> 0 | EF16: =VLOOKUP($E16,EE$463:EH$474,2,FALSE)*EE16*($K16)+IF($G16>0,($H16/$G16)*EE16,0)*(1-$K16) -> 0 | EG16: =VLOOKUP($E16,EE$463:EH$474,3,FALSE)*EE16*($K16)+IF($G16>0,($I16/$G16)*EE16,0)*(1-$K16) -> 0 | EH16: =VLOOKUP($E16,EE$463:EH$474,4,FALSE)*EE16*($K16)+(EE16-EF16-EG16)*(1-$K16) -> 0 | EM16: =$G16 -> 0 | EN16: =VLOOKUP($E16,EM$463:EP$474,2,FALSE)*EM16*($K16)+IF($G16>0,($H16/$G16)*EM16,0)*(1-$K16) -> 0 | EO16: =VLOOKUP($E16,EM$463:EP$474,3,FALSE)*EM16*($K16)+IF($G16>0,($I16/$G16)*EM16,0)*(1-$K16) -> 0 | EP16: =VLOOKUP($E16,EM$463:EP$474,4,FALSE)*EM16*($K16)+(EM16-EN16-EO16)*(1-$K16) -> 0 | EU16: =$G16 -> 0 | EV16: =VLOOKUP($E16,EU$463:EX$474,2,FALSE)*EU16*($K16)+IF($G16>0,($H16/$G16)*EU16,0)*(1-$K16) -> 0 | EW16: =VLOOKUP($E16,EU$463:EX$474,3,FALSE)*EU16*($K16)+IF($G16>0,($I16/$G16)*EU16,0)*(1-$K16) -> 0 | EX16: =VLOOKUP($E16,EU$463:EX$474,4,FALSE)*EU16*($K16)+(EU16-EV16-EW16)*(1-$K16) -> 0 | FC16: =$G16 -> 0 | FD16: =VLOOKUP($E16,FC$463:FF$474,2,FALSE)*FC16*($K16)+IF($G16>0,($H16/$G16)*FC16,0)*(1-$K16) -> 0 | FE16: =VLOOKUP($E16,FC$463:FF$474,3,FALSE)*FC16*($K16)+IF($G16>0,($I16/$G16)*FC16,0)*(1-$K16) -> 0 | FF16: =VLOOKUP($E16,FC$463:FF$474,4,FALSE)*FC16*($K16)+(FC16-FD16-FE16)*(1-$K16) -> 0 | FK16: =$G16 -> 0 | FL16: =VLOOKUP($E16,FK$463:FN$474,2,FALSE)*FK16*($K16)+IF($G16>0,($H16/$G16)*FK16,0)*(1-$K16) -> 0 | FM16: =VLOOKUP($E16,FK$463:FN$474,3,FALSE)*FK16*($K16)+IF($G16>0,($I16/$G16)*FK16,0)*(1-$K16) -> 0 | FN16: =VLOOKUP($E16,FK$463:FN$474,4,FALSE)*FK16*($K16)+(FK16-FL16-FM16)*(1-$K16) -> 0
B17: Intangible Plant - Franchises and Consents | D17: 302 | E17: ='Sch 1- Rate Base '!E17 -> DIRECT | G17: ='Sch 1- Rate Base '!G17 -> 0 | H17: ='Sch 1- Rate Base '!H17 -> 0 | I17: ='Sch 1- Rate Base '!I17 -> 0 | J17: ='Sch 1- Rate Base '!J17 -> 0 | K17: =IF($E17="DIRECT",0,1) -> 0 | O17: =$G17 -> 0 | P17: =VLOOKUP($E17,O$463:R$474,2,FALSE)*O17*($K17)+IF($G17>0,($H17/$G17)*O17,0)*(1-$K17) -> 0 | Q17: =VLOOKUP($E17,O$463:R$474,3,FALSE)*O17*($K17)+IF($G17>0,($I17/$G17)*O17,0)*(1-$K17) -> 0 | R17: =VLOOKUP($E17,O$463:R$474,4,FALSE)*O17*($K17)+(O17-P17-Q17)*(1-$K17) -> 0 | W17: =$G17 -> 0 | X17: =VLOOKUP($E17,W$463:Z$474,2,FALSE)*W17*($K17)+IF($G17>0,($H17/$G17)*W17,0)*(1-$K17) -> 0 | Y17: =VLOOKUP($E17,W$463:Z$474,3,FALSE)*W17*($K17)+IF($G17>0,($I17/$G17)*W17,0)*(1-$K17) -> 0 | Z17: =VLOOKUP($E17,W$463:Z$474,4,FALSE)*W17*($K17)+(W17-X17-Y17)*(1-$K17) -> 0 | AA17: 0 | AE17: =$G17 -> 0 | AF17: =VLOOKUP($E17,AE$463:AH$474,2,FALSE)*AE17*($K17)+IF($G17>0,($H17/$G17)*AE17,0)*(1-$K17) -> 0 | AG17: =VLOOKUP($E17,AE$463:AH$474,3,FALSE)*AE17*($K17)+IF($G17>0,($I17/$G17)*AE17,0)*(1-$K17) -> 0 | AH17: =VLOOKUP($E17,AE$463:AH$474,4,FALSE)*AE17*($K17)+(AE17-AF17-AG17)*(1-$K17) -> 0 | AM17: =$G17 -> 0 | AN17: =VLOOKUP($E17,AM$463:AP$474,2,FALSE)*AM17*($K17)+IF($G17>0,($H17/$G17)*AM17,0)*(1-$K17) -> 0 | AO17: =VLOOKUP($E17,AM$463:AP$474,3,FALSE)*AM17*($K17)+IF($G17>0,($I17/$G17)*AM17,0)*(1-$K17) -> 0 | AP17: =VLOOKUP($E17,AM$463:AP$474,4,FALSE)*AM17*($K17)+(AM17-AN17-AO17)*(1-$K17) -> 0 | AU17: =$G17 -> 0 | AV17: =VLOOKUP($E17,AU$463:AX$474,2,FALSE)*AU17*($K17)+IF($G17>0,($H17/$G17)*AU17,0)*(1-$K17) -> 0 | AW17: =VLOOKUP($E17,AU$463:AX$474,3,FALSE)*AU17*($K17)+IF($G17>0,($I17/$G17)*AU17,0)*(1-$K17) -> 0 | AX17: =VLOOKUP($E17,AU$463:AX$474,4,FALSE)*AU17*($K17)+(AU17-AV17-AW17)*(1-$K17) -> 0 | BC17: =$G17 -> 0 | BD17: =VLOOKUP($E17,BC$463:BF$474,2,FALSE)*BC17*($K17)+IF($G17>0,($H17/$G17)*BC17,0)*(1-$K17) -> 0 | BE17: =VLOOKUP($E17,BC$463:BF$474,3,FALSE)*BC17*($K17)+IF($G17>0,($I17/$G17)*BC17,0)*(1-$K17) -> 0 | BF17: =VLOOKUP($E17,BC$463:BF$474,4,FALSE)*BC17*($K17)+(BC17-BD17-BE17)*(1-$K17) -> 0 | BK17: =$G17 -> 0 | BL17: =VLOOKUP($E17,BK$463:BN$474,2,FALSE)*BK17*($K17)+IF($G17>0,($H17/$G17)*BK17,0)*(1-$K17) -> 0 | BM17: =VLOOKUP($E17,BK$463:BN$474,3,FALSE)*BK17*($K17)+IF($G17>0,($I17/$G17)*BK17,0)*(1-$K17) -> 0 | BN17: =VLOOKUP($E17,BK$463:BN$474,4,FALSE)*BK17*($K17)+(BK17-BL17-BM17)*(1-$K17) -> 0 | BS17: =$G17 -> 0 | BT17: =VLOOKUP($E17,BS$463:BV$474,2,FALSE)*BS17*($K17)+IF($G17>0,($H17/$G17)*BS17,0)*(1-$K17) -> 0 | BU17: =VLOOKUP($E17,BS$463:BV$474,3,FALSE)*BS17*($K17)+IF($G17>0,($I17/$G17)*BS17,0)*(1-$K17) -> 0 | BV17: =VLOOKUP($E17,BS$463:BV$474,4,FALSE)*BS17*($K17)+(BS17-BT17-BU17)*(1-$K17) -> 0 | CA17: =$G17 -> 0 | CB17: =VLOOKUP($E17,CA$463:CD$474,2,FALSE)*CA17*($K17)+IF($G17>0,($H17/$G17)*CA17,0)*(1-$K17) -> 0 | CC17: =VLOOKUP($E17,CA$463:CD$474,3,FALSE)*CA17*($K17)+IF($G17>0,($I17/$G17)*CA17,0)*(1-$K17) -> 0 | CD17: =VLOOKUP($E17,CA$463:CD$474,4,FALSE)*CA17*($K17)+(CA17-CB17-CC17)*(1-$K17) -> 0 | CI17: =$G17 -> 0 | CJ17: =VLOOKUP($E17,CI$463:CL$474,2,FALSE)*CI17*($K17)+IF($G17>0,($H17/$G17)*CI17,0)*(1-$K17) -> 0 | CK17: =VLOOKUP($E17,CI$463:CL$474,3,FALSE)*CI17*($K17)+IF($G17>0,($I17/$G17)*CI17,0)*(1-$K17) -> 0 | CL17: =VLOOKUP($E17,CI$463:CL$474,4,FALSE)*CI17*($K17)+(CI17-CJ17-CK17)*(1-$K17) -> 0 | CQ17: =$G17 -> 0 | CR17: =VLOOKUP($E17,CQ$463:CT$474,2,FALSE)*CQ17*($K17)+IF($G17>0,($H17/$G17)*CQ17,0)*(1-$K17) -> 0 | CS17: =VLOOKUP($E17,CQ$463:CT$474,3,FALSE)*CQ17*($K17)+IF($G17>0,($I17/$G17)*CQ17,0)*(1-$K17) -> 0 | CT17: =VLOOKUP($E17,CQ$463:CT$474,4,FALSE)*CQ17*($K17)+(CQ17-CR17-CS17)*(1-$K17) -> 0 | CY17: =$G17 -> 0 | CZ17: =VLOOKUP($E17,CY$463:DB$474,2,FALSE)*CY17*($K17)+IF($G17>0,($H17/$G17)*CY17,0)*(1-$K17) -> 0 | DA17: =VLOOKUP($E17,CY$463:DB$474,3,FALSE)*CY17*($K17)+IF($G17>0,($I17/$G17)*CY17,0)*(1-$K17) -> 0 | DB17: =VLOOKUP($E17,CY$463:DB$474,4,FALSE)*CY17*($K17)+(CY17-CZ17-DA17)*(1-$K17) -> 0 | DG17: =$G17 -> 0 | DH17: =VLOOKUP($E17,DG$463:DJ$474,2,FALSE)*DG17*($K17)+IF($G17>0,($H17/$G17)*DG17,0)*(1-$K17) -> 0 | DI17: =VLOOKUP($E17,DG$463:DJ$474,3,FALSE)*DG17*($K17)+IF($G17>0,($I17/$G17)*DG17,0)*(1-$K17) -> 0 | DJ17: =VLOOKUP($E17,DG$463:DJ$474,4,FALSE)*DG17*($K17)+(DG17-DH17-DI17)*(1-$K17) -> 0 | DO17: =$G17 -> 0 | DP17: =VLOOKUP($E17,DO$463:DR$474,2,FALSE)*DO17*($K17)+IF($G17>0,($H17/$G17)*DO17,0)*(1-$K17) -> 0 | DQ17: =VLOOKUP($E17,DO$463:DR$474,3,FALSE)*DO17*($K17)+IF($G17>0,($I17/$G17)*DO17,0)*(1-$K17) -> 0 | DR17: =VLOOKUP($E17,DO$463:DR$474,4,FALSE)*DO17*($K17)+(DO17-DP17-DQ17)*(1-$K17) -> 0 | DW17: =$G17 -> 0 | DX17: =VLOOKUP($E17,DW$463:DZ$474,2,FALSE)*DW17*($K17)+IF($G17>0,($H17/$G17)*DW17,0)*(1-$K17) -> 0 | DY17: =VLOOKUP($E17,DW$463:DZ$474,3,FALSE)*DW17*($K17)+IF($G17>0,($I17/$G17)*DW17,0)*(1-$K17) -> 0 | DZ17: =VLOOKUP($E17,DW$463:DZ$474,4,FALSE)*DW17*($K17)+(DW17-DX17-DY17)*(1-$K17) -> 0 | EE17: =$G17 -> 0 | EF17: =VLOOKUP($E17,EE$463:EH$474,2,FALSE)*EE17*($K17)+IF($G17>0,($H17/$G17)*EE17,0)*(1-$K17) -> 0 | EG17: =VLOOKUP($E17,EE$463:EH$474,3,FALSE)*EE17*($K17)+IF($G17>0,($I17/$G17)*EE17,0)*(1-$K17) -> 0 | EH17: =VLOOKUP($E17,EE$463:EH$474,4,FALSE)*EE17*($K17)+(EE17-EF17-EG17)*(1-$K17) -> 0 | EM17: =$G17 -> 0 | EN17: =VLOOKUP($E17,EM$463:EP$474,2,FALSE)*EM17*($K17)+IF($G17>0,($H17/$G17)*EM17,0)*(1-$K17) -> 0 | EO17: =VLOOKUP($E17,EM$463:EP$474,3,FALSE)*EM17*($K17)+IF($G17>0,($I17/$G17)*EM17,0)*(1-$K17) -> 0 | EP17: =VLOOKUP($E17,EM$463:EP$474,4,FALSE)*EM17*($K17)+(EM17-EN17-EO17)*(1-$K17) -> 0 | EU17: =$G17 -> 0 | EV17: =VLOOKUP($E17,EU$463:EX$474,2,FALSE)*EU17*($K17)+IF($G17>0,($H17/$G17)*EU17,0)*(1-$K17) -> 0 | EW17: =VLOOKUP($E17,EU$463:EX$474,3,FALSE)*EU17*($K17)+IF($G17>0,($I17/$G17)*EU17,0)*(1-$K17) -> 0 | EX17: =VLOOKUP($E17,EU$463:EX$474,4,FALSE)*EU17*($K17)+(EU17-EV17-EW17)*(1-$K17) -> 0 | FC17: =$G17 -> 0 | FD17: =VLOOKUP($E17,FC$463:FF$474,2,FALSE)*FC17*($K17)+IF($G17>0,($H17/$G17)*FC17,0)*(1-$K17) -> 0 | FE17: =VLOOKUP($E17,FC$463:FF$474,3,FALSE)*FC17*($K17)+IF($G17>0,($I17/$G17)*FC17,0)*(1-$K17) -> 0 | FF17: =VLOOKUP($E17,FC$463:FF$474,4,FALSE)*FC17*($K17)+(FC17-FD17-FE17)*(1-$K17) -> 0 | FK17: =$G17 -> 0 | FL17: =VLOOKUP($E17,FK$463:FN$474,2,FALSE)*FK17*($K17)+IF($G17>0,($H17/$G17)*FK17,0)*(1-$K17) -> 0 | FM17: =VLOOKUP($E17,FK$463:FN$474,3,FALSE)*FK17*($K17)+IF($G17>0,($I17/$G17)*FK17,0)*(1-$K17) -> 0 | FN17: =VLOOKUP($E17,FK$463:FN$474,4,FALSE)*FK17*($K17)+(FK17-FL17-FM17)*(1-$K17) -> 0
B18: Intangible Plant - Miscellaneous | D18: 303 | E18: ='Sch 1- Rate Base '!E18 -> DIRECT | G18: ='Sch 1- Rate Base '!G18 -> 0 | H18: ='Sch 1- Rate Base '!H18 -> 0 | I18: ='Sch 1- Rate Base '!I18 -> 0 | J18: ='Sch 1- Rate Base '!J18 -> 0 | K18: =IF($E18="DIRECT",0,1) -> 0 | O18: =$G18 -> 0 | P18: =VLOOKUP($E18,O$463:R$474,2,FALSE)*O18*($K18)+IF($G18>0,($H18/$G18)*O18,0)*(1-$K18) -> 0 | Q18: =VLOOKUP($E18,O$463:R$474,3,FALSE)*O18*($K18)+IF($G18>0,($I18/$G18)*O18,0)*(1-$K18) -> 0 | R18: =VLOOKUP($E18,O$463:R$474,4,FALSE)*O18*($K18)+(O18-P18-Q18)*(1-$K18) -> 0 | W18: =$G18 -> 0 | X18: =VLOOKUP($E18,W$463:Z$474,2,FALSE)*W18*($K18)+IF($G18>0,($H18/$G18)*W18,0)*(1-$K18) -> 0 | Y18: =VLOOKUP($E18,W$463:Z$474,3,FALSE)*W18*($K18)+IF($G18>0,($I18/$G18)*W18,0)*(1-$K18) -> 0 | Z18: =VLOOKUP($E18,W$463:Z$474,4,FALSE)*W18*($K18)+(W18-X18-Y18)*(1-$K18) -> 0 | AA18: 0 | AE18: =$G18 -> 0 | AF18: =VLOOKUP($E18,AE$463:AH$474,2,FALSE)*AE18*($K18)+IF($G18>0,($H18/$G18)*AE18,0)*(1-$K18) -> 0 | AG18: =VLOOKUP($E18,AE$463:AH$474,3,FALSE)*AE18*($K18)+IF($G18>0,($I18/$G18)*AE18,0)*(1-$K18) -> 0 | AH18: =VLOOKUP($E18,AE$463:AH$474,4,FALSE)*AE18*($K18)+(AE18-AF18-AG18)*(1-$K18) -> 0 | AM18: =$G18 -> 0 | AN18: =VLOOKUP($E18,AM$463:AP$474,2,FALSE)*AM18*($K18)+IF($G18>0,($H18/$G18)*AM18,0)*(1-$K18) -> 0 | AO18: =VLOOKUP($E18,AM$463:AP$474,3,FALSE)*AM18*($K18)+IF($G18>0,($I18/$G18)*AM18,0)*(1-$K18) -> 0 | AP18: =VLOOKUP($E18,AM$463:AP$474,4,FALSE)*AM18*($K18)+(AM18-AN18-AO18)*(1-$K18) -> 0 | AU18: =$G18 -> 0 | AV18: =VLOOKUP($E18,AU$463:AX$474,2,FALSE)*AU18*($K18)+IF($G18>0,($H18/$G18)*AU18,0)*(1-$K18) -> 0 | AW18: =VLOOKUP($E18,AU$463:AX$474,3,FALSE)*AU18*($K18)+IF($G18>0,($I18/$G18)*AU18,0)*(1-$K18) -> 0 | AX18: =VLOOKUP($E18,AU$463:AX$474,4,FALSE)*AU18*($K18)+(AU18-AV18-AW18)*(1-$K18) -> 0 | BC18: =$G18 -> 0 | BD18: =VLOOKUP($E18,BC$463:BF$474,2,FALSE)*BC18*($K18)+IF($G18>0,($H18/$G18)*BC18,0)*(1-$K18) -> 0 | BE18: =VLOOKUP($E18,BC$463:BF$474,3,FALSE)*BC18*($K18)+IF($G18>0,($I18/$G18)*BC18,0)*(1-$K18) -> 0 | BF18: =VLOOKUP($E18,BC$463:BF$474,4,FALSE)*BC18*($K18)+(BC18-BD18-BE18)*(1-$K18) -> 0 | BK18: =$G18 -> 0 | BL18: =VLOOKUP($E18,BK$463:BN$474,2,FALSE)*BK18*($K18)+IF($G18>0,($H18/$G18)*BK18,0)*(1-$K18) -> 0 | BM18: =VLOOKUP($E18,BK$463:BN$474,3,FALSE)*BK18*($K18)+IF($G18>0,($I18/$G18)*BK18,0)*(1-$K18) -> 0 | BN18: =VLOOKUP($E18,BK$463:BN$474,4,FALSE)*BK18*($K18)+(BK18-BL18-BM18)*(1-$K18) -> 0 | BS18: =$G18 -> 0 | BT18: =VLOOKUP($E18,BS$463:BV$474,2,FALSE)*BS18*($K18)+IF($G18>0,($H18/$G18)*BS18,0)*(1-$K18) -> 0 | BU18: =VLOOKUP($E18,BS$463:BV$474,3,FALSE)*BS18*($K18)+IF($G18>0,($I18/$G18)*BS18,0)*(1-$K18) -> 0 | BV18: =VLOOKUP($E18,BS$463:BV$474,4,FALSE)*BS18*($K18)+(BS18-BT18-BU18)*(1-$K18) -> 0 | CA18: =$G18 -> 0 | CB18: =VLOOKUP($E18,CA$463:CD$474,2,FALSE)*CA18*($K18)+IF($G18>0,($H18/$G18)*CA18,0)*(1-$K18) -> 0 | CC18: =VLOOKUP($E18,CA$463:CD$474,3,FALSE)*CA18*($K18)+IF($G18>0,($I18/$G18)*CA18,0)*(1-$K18) -> 0 | CD18: =VLOOKUP($E18,CA$463:CD$474,4,FALSE)*CA18*($K18)+(CA18-CB18-CC18)*(1-$K18) -> 0 | CI18: =$G18 -> 0 | CJ18: =VLOOKUP($E18,CI$463:CL$474,2,FALSE)*CI18*($K18)+IF($G18>0,($H18/$G18)*CI18,0)*(1-$K18) -> 0 | CK18: =VLOOKUP($E18,CI$463:CL$474,3,FALSE)*CI18*($K18)+IF($G18>0,($I18/$G18)*CI18,0)*(1-$K18) -> 0 | CL18: =VLOOKUP($E18,CI$463:CL$474,4,FALSE)*CI18*($K18)+(CI18-CJ18-CK18)*(1-$K18) -> 0 | CQ18: =$G18 -> 0 | CR18: =VLOOKUP($E18,CQ$463:CT$474,2,FALSE)*CQ18*($K18)+IF($G18>0,($H18/$G18)*CQ18,0)*(1-$K18) -> 0 | CS18: =VLOOKUP($E18,CQ$463:CT$474,3,FALSE)*CQ18*($K18)+IF($G18>0,($I18/$G18)*CQ18,0)*(1-$K18) -> 0 | CT18: =VLOOKUP($E18,CQ$463:CT$474,4,FALSE)*CQ18*($K18)+(CQ18-CR18-CS18)*(1-$K18) -> 0 | CY18: =$G18 -> 0 | CZ18: =VLOOKUP($E18,CY$463:DB$474,2,FALSE)*CY18*($K18)+IF($G18>0,($H18/$G18)*CY18,0)*(1-$K18) -> 0 | DA18: =VLOOKUP($E18,CY$463:DB$474,3,FALSE)*CY18*($K18)+IF($G18>0,($I18/$G18)*CY18,0)*(1-$K18) -> 0 | DB18: =VLOOKUP($E18,CY$463:DB$474,4,FALSE)*CY18*($K18)+(CY18-CZ18-DA18)*(1-$K18) -> 0 | DG18: =$G18 -> 0 | DH18: =VLOOKUP($E18,DG$463:DJ$474,2,FALSE)*DG18*($K18)+IF($G18>0,($H18/$G18)*DG18,0)*(1-$K18) -> 0 | DI18: =VLOOKUP($E18,DG$463:DJ$474,3,FALSE)*DG18*($K18)+IF($G18>0,($I18/$G18)*DG18,0)*(1-$K18) -> 0 | DJ18: =VLOOKUP($E18,DG$463:DJ$474,4,FALSE)*DG18*($K18)+(DG18-DH18-DI18)*(1-$K18) -> 0 | DO18: =$G18 -> 0 | DP18: =VLOOKUP($E18,DO$463:DR$474,2,FALSE)*DO18*($K18)+IF($G18>0,($H18/$G18)*DO18,0)*(1-$K18) -> 0 | DQ18: =VLOOKUP($E18,DO$463:DR$474,3,FALSE)*DO18*($K18)+IF($G18>0,($I18/$G18)*DO18,0)*(1-$K18) -> 0 | DR18: =VLOOKUP($E18,DO$463:DR$474,4,FALSE)*DO18*($K18)+(DO18-DP18-DQ18)*(1-$K18) -> 0 | DW18: =$G18 -> 0 | DX18: =VLOOKUP($E18,DW$463:DZ$474,2,FALSE)*DW18*($K18)+IF($G18>0,($H18/$G18)*DW18,0)*(1-$K18) -> 0 | DY18: =VLOOKUP($E18,DW$463:DZ$474,3,FALSE)*DW18*($K18)+IF($G18>0,($I18/$G18)*DW18,0)*(1-$K18) -> 0 | DZ18: =VLOOKUP($E18,DW$463:DZ$474,4,FALSE)*DW18*($K18)+(DW18-DX18-DY18)*(1-$K18) -> 0 | EE18: =$G18 -> 0 | EF18: =VLOOKUP($E18,EE$463:EH$474,2,FALSE)*EE18*($K18)+IF($G18>0,($H18/$G18)*EE18,0)*(1-$K18) -> 0 | EG18: =VLOOKUP($E18,EE$463:EH$474,3,FALSE)*EE18*($K18)+IF($G18>0,($I18/$G18)*EE18,0)*(1-$K18) -> 0 | EH18: =VLOOKUP($E18,EE$463:EH$474,4,FALSE)*EE18*($K18)+(EE18-EF18-EG18)*(1-$K18) -> 0 | EM18: =$G18 -> 0 | EN18: =VLOOKUP($E18,EM$463:EP$474,2,FALSE)*EM18*($K18)+IF($G18>0,($H18/$G18)*EM18,0)*(1-$K18) -> 0 | EO18: =VLOOKUP($E18,EM$463:EP$474,3,FALSE)*EM18*($K18)+IF($G18>0,($I18/$G18)*EM18,0)*(1-$K18) -> 0 | EP18: =VLOOKUP($E18,EM$463:EP$474,4,FALSE)*EM18*($K18)+(EM18-EN18-EO18)*(1-$K18) -> 0 | EU18: =$G18 -> 0 | EV18: =VLOOKUP($E18,EU$463:EX$474,2,FALSE)*EU18*($K18)+IF($G18>0,($H18/$G18)*EU18,0)*(1-$K18) -> 0 | EW18: =VLOOKUP($E18,EU$463:EX$474,3,FALSE)*EU18*($K18)+IF($G18>0,($I18/$G18)*EU18,0)*(1-$K18) -> 0 | EX18: =VLOOKUP($E18,EU$463:EX$474,4,FALSE)*EU18*($K18)+(EU18-EV18-EW18)*(1-$K18) -> 0 | FC18: =$G18 -> 0 | FD18: =VLOOKUP($E18,FC$463:FF$474,2,FALSE)*FC18*($K18)+IF($G18>0,($H18/$G18)*FC18,0)*(1-$K18) -> 0 | FE18: =VLOOKUP($E18,FC$463:FF$474,3,FALSE)*FC18*($K18)+IF($G18>0,($I18/$G18)*FC18,0)*(1-$K18) -> 0 | FF18: =VLOOKUP($E18,FC$463:FF$474,4,FALSE)*FC18*($K18)+(FC18-FD18-FE18)*(1-$K18) -> 0 | FK18: =$G18 -> 0 | FL18: =VLOOKUP($E18,FK$463:FN$474,2,FALSE)*FK18*($K18)+IF($G18>0,($H18/$G18)*FK18,0)*(1-$K18) -> 0 | FM18: =VLOOKUP($E18,FK$463:FN$474,3,FALSE)*FK18*($K18)+IF($G18>0,($I18/$G18)*FK18,0)*(1-$K18) -> 0 | FN18: =VLOOKUP($E18,FK$463:FN$474,4,FALSE)*FK18*($K18)+(FK18-FL18-FM18)*(1-$K18) -> 0
A19: Total Intangible Plant | G19: =SUM(G16:G18) -> 0 | H19: =SUM(H16:H18) -> 0 | I19: =SUM(I16:I18) -> 0 | J19: =SUM(J16:J18) -> 0 | O19: =SUM(O16:O18) -> 0 | P19: =SUM(P16:P18) -> 0 | Q19: =SUM(Q16:Q18) -> 0 | R19: =SUM(R16:R18) -> 0 | W19: =SUM(W16:W18) -> 0 | X19: =SUM(X16:X18) -> 0 | Y19: =SUM(Y16:Y18) -> 0 | Z19: =SUM(Z16:Z18) -> 0 | AE19: =SUM(AE16:AE18) -> 0 | AF19: =SUM(AF16:AF18) -> 0 | AG19: =SUM(AG16:AG18) -> 0 | AH19: =SUM(AH16:AH18) -> 0 | AM19: =SUM(AM16:AM18) -> 0 | AN19: =SUM(AN16:AN18) -> 0 | AO19: =SUM(AO16:AO18) -> 0 | AP19: =SUM(AP16:AP18) -> 0 | AU19: =SUM(AU16:AU18) -> 0 | AV19: =SUM(AV16:AV18) -> 0 | AW19: =SUM(AW16:AW18) -> 0 | AX19: =SUM(AX16:AX18) -> 0 | BC19: =SUM(BC16:BC18) -> 0 | BD19: =SUM(BD16:BD18) -> 0 | BE19: =SUM(BE16:BE18) -> 0 | BF19: =SUM(BF16:BF18) -> 0 | BK19: =SUM(BK16:BK18) -> 0 | BL19: =SUM(BL16:BL18) -> 0 | BM19: =SUM(BM16:BM18) -> 0 | BN19: =SUM(BN16:BN18) -> 0 | BS19: =SUM(BS16:BS18) -> 0 | BT19: =SUM(BT16:BT18) -> 0 | BU19: =SUM(BU16:BU18) -> 0 | BV19: =SUM(BV16:BV18) -> 0 | CA19: =SUM(CA16:CA18) -> 0 | CB19: =SUM(CB16:CB18) -> 0 | CC19: =SUM(CC16:CC18) -> 0 | CD19: =SUM(CD16:CD18) -> 0 | CI19: =SUM(CI16:CI18) -> 0 | CJ19: =SUM(CJ16:CJ18) -> 0 | CK19: =SUM(CK16:CK18) -> 0 | CL19: =SUM(CL16:CL18) -> 0 | CQ19: =SUM(CQ16:CQ18) -> 0 | CR19: =SUM(CR16:CR18) -> 0 | CS19: =SUM(CS16:CS18) -> 0 | CT19: =SUM(CT16:CT18) -> 0 | CY19: =SUM(CY16:CY18) -> 0 | CZ19: =SUM(CZ16:CZ18) -> 0 | DA19: =SUM(DA16:DA18) -> 0 | DB19: =SUM(DB16:DB18) -> 0 | DG19: =SUM(DG16:DG18) -> 0 | DH19: =SUM(DH16:DH18) -> 0 | DI19: =SUM(DI16:DI18) -> 0 | DJ19: =SUM(DJ16:DJ18) -> 0 | DO19: =SUM(DO16:DO18) -> 0 | DP19: =SUM(DP16:DP18) -> 0 | DQ19: =SUM(DQ16:DQ18) -> 0 | DR19: =SUM(DR16:DR18) -> 0 | DW19: =SUM(DW16:DW18) -> 0 | DX19: =SUM(DX16:DX18) -> 0 | DY19: =SUM(DY16:DY18) -> 0 | DZ19: =SUM(DZ16:DZ18) -> 0 | EE19: =SUM(EE16:EE18) -> 0 | EF19: =SUM(EF16:EF18) -> 0 | EG19: =SUM(EG16:EG18) -> 0 | EH19: =SUM(EH16:EH18) -> 0 | EM19: =SUM(EM16:EM18) -> 0 | EN19: =SUM(EN16:EN18) -> 0 | EO19: =SUM(EO16:EO18) -> 0 | EP19: =SUM(EP16:EP18) -> 0 | EU19: =SUM(EU16:EU18) -> 0 | EV19: =SUM(EV16:EV18) -> 0 | EW19: =SUM(EW16:EW18) -> 0 | EX19: =SUM(EX16:EX18) -> 0 | FC19: =SUM(FC16:FC18) -> 0 | FD19: =SUM(FD16:FD18) -> 0 | FE19: =SUM(FE16:FE18) -> 0 | FF19: =SUM(FF16:FF18) -> 0 | FK19: =SUM(FK16:FK18) -> 0 | FL19: =SUM(FL16:FL18) -> 0 | FM19: =SUM(FM16:FM18) -> 0 | FN19: =SUM(FN16:FN18) -> 0
A21: Production Plant:
A22: 2 | B22: Steam Production | D22: 310-317 | E22: ='Sch 1- Rate Base '!E22 -> PROD | G22: ='Sch 1- Rate Base '!G22 -> 0 | H22: ='Sch 1- Rate Base '!H22 -> 0 | I22: ='Sch 1- Rate Base '!I22 -> 0 | J22: ='Sch 1- Rate Base '!J22 -> 0 | K22: =IF($E22="DIRECT",0,1) -> 1 | N22: =VLOOKUP($A22,'New Resources - Individual'!$A$4:$Y$151,N$2,FALSE)*N$1 -> 0 | O22: =$G22+N22 -> 0 | P22: =VLOOKUP($E22,O$463:R$474,2,FALSE)*O22*($K22)+IF($G22>0,($H22/$G22)*O22,0)*(1-$K22) -> 0 | Q22: =VLOOKUP($E22,O$463:R$474,3,FALSE)*O22*($K22)+IF($G22>0,($I22/$G22)*O22,0)*(1-$K22) -> 0 | R22: =VLOOKUP($E22,O$463:R$474,4,FALSE)*O22*($K22)+(O22-P22-Q22)*(1-$K22) -> 0 | V22: =VLOOKUP($A22,'New Resources - Individual'!$A$4:$Y$151,V$2,FALSE)*V$1 -> 0 | W22: =$G22+V22 -> 0 | X22: =VLOOKUP($E22,W$463:Z$474,2,FALSE)*W22*($K22)+IF($G22>0,($H22/$G22)*W22,0)*(1-$K22) -> 0 | Y22: =VLOOKUP($E22,W$463:Z$474,3,FALSE)*W22*($K22)+IF($G22>0,($I22/$G22)*W22,0)*(1-$K22) -> 0 | Z22: =VLOOKUP($E22,W$463:Z$474,4,FALSE)*W22*($K22)+(W22-X22-Y22)*(1-$K22) -> 0 | AA22: 1 | AD22: =VLOOKUP($A22,'New Resources - Individual'!$A$4:$Y$151,AD$2,FALSE)*AD$1 -> 0 | AE22: =$G22+AD22 -> 0 | AF22: =VLOOKUP($E22,AE$463:AH$474,2,FALSE)*AE22*($K22)+IF($G22>0,($H22/$G22)*AE22,0)*(1-$K22) -> 0 | AG22: =VLOOKUP($E22,AE$463:AH$474,3,FALSE)*AE22*($K22)+IF($G22>0,($I22/$G22)*AE22,0)*(1-$K22) -> 0 | AH22: =VLOOKUP($E22,AE$463:AH$474,4,FALSE)*AE22*($K22)+(AE22-AF22-AG22)*(1-$K22) -> 0 | AL22: =VLOOKUP($A22,'New Resources - Individual'!$A$4:$Y$151,AL$2,FALSE)*AL$1 -> 0 | AM22: =$G22+AL22 -> 0 | AN22: =VLOOKUP($E22,AM$463:AP$474,2,FALSE)*AM22*($K22)+IF($G22>0,($H22/$G22)*AM22,0)*(1-$K22) -> 0 | AO22: =VLOOKUP($E22,AM$463:AP$474,3,FALSE)*AM22*($K22)+IF($G22>0,($I22/$G22)*AM22,0)*(1-$K22) -> 0 | AP22: =VLOOKUP($E22,AM$463:AP$474,4,FALSE)*AM22*($K22)+(AM22-AN22-AO22)*(1-$K22) -> 0 | AT22: =VLOOKUP($A22,'New Resources - Individual'!$A$4:$Y$151,AT$2,FALSE)*AT$1 -> 0 | AU22: =$G22+AT22 -> 0 | AV22: =VLOOKUP($E22,AU$463:AX$474,2,FALSE)*AU22*($K22)+IF($G22>0,($H22/$G22)*AU22,0)*(1-$K22) -> 0 | AW22: =VLOOKUP($E22,AU$463:AX$474,3,FALSE)*AU22*($K22)+IF($G22>0,($I22/$G22)*AU22,0)*(1-$K22) -> 0 | AX22: =VLOOKUP($E22,AU$463:AX$474,4,FALSE)*AU22*($K22)+(AU22-AV22-AW22)*(1-$K22) -> 0 | BB22: =VLOOKUP($A22,'New Resources - Individual'!$A$4:$Y$151,BB$2,FALSE)*BB$1 -> 0 | BC22: =$G22+BB22 -> 0 | BD22: =VLOOKUP($E22,BC$463:BF$474,2,FALSE)*BC22*($K22)+IF($G22>0,($H22/$G22)*BC22,0)*(1-$K22) -> 0 | BE22: =VLOOKUP($E22,BC$463:BF$474,3,FALSE)*BC22*($K22)+IF($G22>0,($I22/$G22)*BC22,0)*(1-$K22) -> 0 | BF22: =VLOOKUP($E22,BC$463:BF$474,4,FALSE)*BC22*($K22)+(BC22-BD22-BE22)*(1-$K22) -> 0 | BJ22: =VLOOKUP($A22,'New Resources - Individual'!$A$4:$Y$151,BJ$2,FALSE)*BJ$1 -> 0 | BK22: =$G22+BJ22 -> 0 | BL22: =VLOOKUP($E22,BK$463:BN$474,2,FALSE)*BK22*($K22)+IF($G22>0,($H22/$G22)*BK22,0)*(1-$K22) -> 0 | BM22: =VLOOKUP($E22,BK$463:BN$474,3,FALSE)*BK22*($K22)+IF($G22>0,($I22/$G22)*BK22,0)*(1-$K22) -> 0 | BN22: =VLOOKUP($E22,BK$463:BN$474,4,FALSE)*BK22*($K22)+(BK22-BL22-BM22)*(1-$K22) -> 0 | BR22: =VLOOKUP($A22,'New Resources - Individual'!$A$4:$Y$151,BR$2,FALSE)*BR$1 -> 0 | BS22: =$G22+BR22 -> 0 | BT22: =VLOOKUP($E22,BS$463:BV$474,2,FALSE)*BS22*($K22)+IF($G22>0,($H22/$G22)*BS22,0)*(1-$K22) -> 0 | BU22: =VLOOKUP($E22,BS$463:BV$474,3,FALSE)*BS22*($K22)+IF($G22>0,($I22/$G22)*BS22,0)*(1-$K22) -> 0 | BV22: =VLOOKUP($E22,BS$463:BV$474,4,FALSE)*BS22*($K22)+(BS22-BT22-BU22)*(1-$K22) -> 0 | BZ22: =VLOOKUP($A22,'New Resources - Individual'!$A$4:$Y$151,BZ$2,FALSE)*BZ$1 -> 0 | CA22: =$G22+BZ22 -> 0 | CB22: =VLOOKUP($E22,CA$463:CD$474,2,FALSE)*CA22*($K22)+IF($G22>0,($H22/$G22)*CA22,0)*(1-$K22) -> 0 | CC22: =VLOOKUP($E22,CA$463:CD$474,3,FALSE)*CA22*($K22)+IF($G22>0,($I22/$G22)*CA22,0)*(1-$K22) -> 0 | CD22: =VLOOKUP($E22,CA$463:CD$474,4,FALSE)*CA22*($K22)+(CA22-CB22-CC22)*(1-$K22) -> 0 | CH22: =VLOOKUP($A22,'New Resources - Individual'!$A$4:$Y$151,CH$2,FALSE)*CH$1 -> 0 | CI22: =$G22+CH22 -> 0 | CJ22: =VLOOKUP($E22,CI$463:CL$474,2,FALSE)*CI22*($K22)+IF($G22>0,($H22/$G22)*CI22,0)*(1-$K22) -> 0 | CK22: =VLOOKUP($E22,CI$463:CL$474,3,FALSE)*CI22*($K22)+IF($G22>0,($I22/$G22)*CI22,0)*(1-$K22) -> 0 | CL22: =VLOOKUP($E22,CI$463:CL$474,4,FALSE)*CI22*($K22)+(CI22-CJ22-CK22)*(1-$K22) -> 0 | CP22: =VLOOKUP($A22,'New Resources - Individual'!$A$4:$Y$151,CP$2,FALSE)*CP$1 -> 0 | CQ22: =$G22+CP22 -> 0 | CR22: =VLOOKUP($E22,CQ$463:CT$474,2,FALSE)*CQ22*($K22)+IF($G22>0,($H22/$G22)*CQ22,0)*(1-$K22) -> 0 | CS22: =VLOOKUP($E22,CQ$463:CT$474,3,FALSE)*CQ22*($K22)+IF($G22>0,($I22/$G22)*CQ22,0)*(1-$K22) -> 0 | CT22: =VLOOKUP($E22,CQ$463:CT$474,4,FALSE)*CQ22*($K22)+(CQ22-CR22-CS22)*(1-$K22) -> 0 | CX22: =VLOOKUP($A22,'New Resources - Individual'!$A$4:$Y$151,CX$2,FALSE)*CX$1 -> 0 | CY22: =$G22+CX22 -> 0 | CZ22: =VLOOKUP($E22,CY$463:DB$474,2,FALSE)*CY22*($K22)+IF($G22>0,($H22/$G22)*CY22,0)*(1-$K22) -> 0 | DA22: =VLOOKUP($E22,CY$463:DB$474,3,FALSE)*CY22*($K22)+IF($G22>0,($I22/$G22)*CY22,0)*(1-$K22) -> 0 | DB22: =VLOOKUP($E22,CY$463:DB$474,4,FALSE)*CY22*($K22)+(CY22-CZ22-DA22)*(1-$K22) -> 0 | DF22: =VLOOKUP($A22,'New Resources - Individual'!$A$4:$Y$151,DF$2,FALSE)*DF$1 -> 0 | DG22: =$G22+DF22 -> 0 | DH22: =VLOOKUP($E22,DG$463:DJ$474,2,FALSE)*DG22*($K22)+IF($G22>0,($H22/$G22)*DG22,0)*(1-$K22) -> 0 | DI22: =VLOOKUP($E22,DG$463:DJ$474,3,FALSE)*DG22*($K22)+IF($G22>0,($I22/$G22)*DG22,0)*(1-$K22) -> 0 | DJ22: =VLOOKUP($E22,DG$463:DJ$474,4,FALSE)*DG22*($K22)+(DG22-DH22-DI22)*(1-$K22) -> 0 | DN22: =VLOOKUP($A22,'New Resources - Individual'!$A$4:$Y$151,DN$2,FALSE)*DN$1 -> 0 | DO22: =$G22+DN22 -> 0 | DP22: =VLOOKUP($E22,DO$463:DR$474,2,FALSE)*DO22*($K22)+IF($G22>0,($H22/$G22)*DO22,0)*(1-$K22) -> 0 | DQ22: =VLOOKUP($E22,DO$463:DR$474,3,FALSE)*DO22*($K22)+IF($G22>0,($I22/$G22)*DO22,0)*(1-$K22) -> 0 | DR22: =VLOOKUP($E22,DO$463:DR$474,4,FALSE)*DO22*($K22)+(DO22-DP22-DQ22)*(1-$K22) -> 0 | DV22: =VLOOKUP($A22,'New Resources - Individual'!$A$4:$Y$151,DV$2,FALSE)*DV$1 -> 0 | DW22: =$G22+DV22 -> 0 | DX22: =VLOOKUP($E22,DW$463:DZ$474,2,FALSE)*DW22*($K22)+IF($G22>0,($H22/$G22)*DW22,0)*(1-$K22) -> 0 | DY22: =VLOOKUP($E22,DW$463:DZ$474,3,FALSE)*DW22*($K22)+IF($G22>0,($I22/$G22)*DW22,0)*(1-$K22) -> 0 | DZ22: =VLOOKUP($E22,DW$463:DZ$474,4,FALSE)*DW22*($K22)+(DW22-DX22-DY22)*(1-$K22) -> 0 | ED22: =VLOOKUP($A22,'New Resources - Individual'!$A$4:$Y$151,ED$2,FALSE)*ED$1 -> 0 | EE22: =$G22+ED22 -> 0 | EF22: =VLOOKUP($E22,EE$463:EH$474,2,FALSE)*EE22*($K22)+IF($G22>0,($H22/$G22)*EE22,0)*(1-$K22) -> 0 | EG22: =VLOOKUP($E22,EE$463:EH$474,3,FALSE)*EE22*($K22)+IF($G22>0,($I22/$G22)*EE22,0)*(1-$K22) -> 0 | EH22: =VLOOKUP($E22,EE$463:EH$474,4,FALSE)*EE22*($K22)+(EE22-EF22-EG22)*(1-$K22) -> 0 | EL22: =VLOOKUP($A22,'New Resources - Individual'!$A$4:$Y$151,EL$2,FALSE)*EL$1 -> 0 | EM22: =$G22+EL22 -> 0 | EN22: =VLOOKUP($E22,EM$463:EP$474,2,FALSE)*EM22*($K22)+IF($G22>0,($H22/$G22)*EM22,0)*(1-$K22) -> 0 | EO22: =VLOOKUP($E22,EM$463:EP$474,3,FALSE)*EM22*($K22)+IF($G22>0,($I22/$G22)*EM22,0)*(1-$K22) -> 0 | EP22: =VLOOKUP($E22,EM$463:EP$474,4,FALSE)*EM22*($K22)+(EM22-EN22-EO22)*(1-$K22) -> 0 | ET22: =VLOOKUP($A22,'New Resources - Individual'!$A$4:$Y$151,ET$2,FALSE)*ET$1 -> 0 | EU22: =$G22+ET22 -> 0 | EV22: =VLOOKUP($E22,EU$463:EX$474,2,FALSE)*EU22*($K22)+IF($G22>0,($H22/$G22)*EU22,0)*(1-$K22) -> 0 | EW22: =VLOOKUP($E22,EU$463:EX$474,3,FALSE)*EU22*($K22)+IF($G22>0,($I22/$G22)*EU22,0)*(1-$K22) -> 0 | EX22: =VLOOKUP($E22,EU$463:EX$474,4,FALSE)*EU22*($K22)+(EU22-EV22-EW22)*(1-$K22) -> 0 | FB22: =VLOOKUP($A22,'New Resources - Individual'!$A$4:$Y$151,FB$2,FALSE)*FB$1 -> 0 | FC22: =$G22+FB22 -> 0 | FD22: =VLOOKUP($E22,FC$463:FF$474,2,FALSE)*FC22*($K22)+IF($G22>0,($H22/$G22)*FC22,0)*(1-$K22) -> 0 | FE22: =VLOOKUP($E22,FC$463:FF$474,3,FALSE)*FC22*($K22)+IF($G22>0,($I22/$G22)*FC22,0)*(1-$K22) -> 0 | FF22: =VLOOKUP($E22,FC$463:FF$474,4,FALSE)*FC22*($K22)+(FC22-FD22-FE22)*(1-$K22) -> 0 | FJ22: =VLOOKUP($A22,'New Resources - Individual'!$A$4:$Y$151,FJ$2,FALSE)*FJ$1 -> 0 | FK22: =$G22+FJ22 -> 0 | FL22: =VLOOKUP($E22,FK$463:FN$474,2,FALSE)*FK22*($K22)+IF($G22>0,($H22/$G22)*FK22,0)*(1-$K22) -> 0 | FM22: =VLOOKUP($E22,FK$463:FN$474,3,FALSE)*FK22*($K22)+IF($G22>0,($I22/$G22)*FK22,0)*(1-$K22) -> 0 | FN22: =VLOOKUP($E22,FK$463:FN$474,4,FALSE)*FK22*($K22)+(FK22-FL22-FM22)*(1-$K22) -> 0
A23: 16 | B23: Nuclear Production | D23: 320-326 | E23: ='Sch 1- Rate Base '!E23 -> PROD | G23: ='Sch 1- Rate Base '!G23 -> 0 | H23: ='Sch 1- Rate Base '!H23 -> 0 | I23: ='Sch 1- Rate Base '!I23 -> 0 | J23: ='Sch 1- Rate Base '!J23 -> 0 | K23: =IF($E23="DIRECT",0,1) -> 1 | N23: =VLOOKUP($A23,'New Resources - Individual'!$A$4:$Y$151,N$2,FALSE)*N$1 -> 0 | O23: =$G23+N23 -> 0 | P23: =VLOOKUP($E23,O$463:R$474,2,FALSE)*O23*($K23)+IF($G23>0,($H23/$G23)*O23,0)*(1-$K23) -> 0 | Q23: =VLOOKUP($E23,O$463:R$474,3,FALSE)*O23*($K23)+IF($G23>0,($I23/$G23)*O23,0)*(1-$K23) -> 0 | R23: =VLOOKUP($E23,O$463:R$474,4,FALSE)*O23*($K23)+(O23-P23-Q23)*(1-$K23) -> 0 | V23: =VLOOKUP($A23,'New Resources - Individual'!$A$4:$Y$151,V$2,FALSE)*V$1 -> 0 | W23: =$G23+V23 -> 0 | X23: =VLOOKUP($E23,W$463:Z$474,2,FALSE)*W23*($K23)+IF($G23>0,($H23/$G23)*W23,0)*(1-$K23) -> 0 | Y23: =VLOOKUP($E23,W$463:Z$474,3,FALSE)*W23*($K23)+IF($G23>0,($I23/$G23)*W23,0)*(1-$K23) -> 0 | Z23: =VLOOKUP($E23,W$463:Z$474,4,FALSE)*W23*($K23)+(W23-X23-Y23)*(1-$K23) -> 0 | AA23: 1 | AD23: =VLOOKUP($A23,'New Resources - Individual'!$A$4:$Y$151,AD$2,FALSE)*AD$1 -> 0 | AE23: =$G23+AD23 -> 0 | AF23: =VLOOKUP($E23,AE$463:AH$474,2,FALSE)*AE23*($K23)+IF($G23>0,($H23/$G23)*AE23,0)*(1-$K23) -> 0 | AG23: =VLOOKUP($E23,AE$463:AH$474,3,FALSE)*AE23*($K23)+IF($G23>0,($I23/$G23)*AE23,0)*(1-$K23) -> 0 | AH23: =VLOOKUP($E23,AE$463:AH$474,4,FALSE)*AE23*($K23)+(AE23-AF23-AG23)*(1-$K23) -> 0 | AL23: =VLOOKUP($A23,'New Resources - Individual'!$A$4:$Y$151,AL$2,FALSE)*AL$1 -> 0 | AM23: =$G23+AL23 -> 0 | AN23: =VLOOKUP($E23,AM$463:AP$474,2,FALSE)*AM23*($K23)+IF($G23>0,($H23/$G23)*AM23,0)*(1-$K23) -> 0 | AO23: =VLOOKUP($E23,AM$463:AP$474,3,FALSE)*AM23*($K23)+IF($G23>0,($I23/$G23)*AM23,0)*(1-$K23) -> 0 | AP23: =VLOOKUP($E23,AM$463:AP$474,4,FALSE)*AM23*($K23)+(AM23-AN23-AO23)*(1-$K23) -> 0 | AT23: =VLOOKUP($A23,'New Resources - Individual'!$A$4:$Y$151,AT$2,FALSE)*AT$1 -> 0 | AU23: =$G23+AT23 -> 0 | AV23: =VLOOKUP($E23,AU$463:AX$474,2,FALSE)*AU23*($K23)+IF($G23>0,($H23/$G23)*AU23,0)*(1-$K23) -> 0 | AW23: =VLOOKUP($E23,AU$463:AX$474,3,FALSE)*AU23*($K23)+IF($G23>0,($I23/$G23)*AU23,0)*(1-$K23) -> 0 | AX23: =VLOOKUP($E23,AU$463:AX$474,4,FALSE)*AU23*($K23)+(AU23-AV23-AW23)*(1-$K23) -> 0 | BB23: =VLOOKUP($A23,'New Resources - Individual'!$A$4:$Y$151,BB$2,FALSE)*BB$1 -> 0 | BC23: =$G23+BB23 -> 0 | BD23: =VLOOKUP($E23,BC$463:BF$474,2,FALSE)*BC23*($K23)+IF($G23>0,($H23/$G23)*BC23,0)*(1-$K23) -> 0 | BE23: =VLOOKUP($E23,BC$463:BF$474,3,FALSE)*BC23*($K23)+IF($G23>0,($I23/$G23)*BC23,0)*(1-$K23) -> 0 | BF23: =VLOOKUP($E23,BC$463:BF$474,4,FALSE)*BC23*($K23)+(BC23-BD23-BE23)*(1-$K23) -> 0 | BJ23: =VLOOKUP($A23,'New Resources - Individual'!$A$4:$Y$151,BJ$2,FALSE)*BJ$1 -> 0 | BK23: =$G23+BJ23 -> 0 | BL23: =VLOOKUP($E23,BK$463:BN$474,2,FALSE)*BK23*($K23)+IF($G23>0,($H23/$G23)*BK23,0)*(1-$K23) -> 0 | BM23: =VLOOKUP($E23,BK$463:BN$474,3,FALSE)*BK23*($K23)+IF($G23>0,($I23/$G23)*BK23,0)*(1-$K23) -> 0 | BN23: =VLOOKUP($E23,BK$463:BN$474,4,FALSE)*BK23*($K23)+(BK23-BL23-BM23)*(1-$K23) -> 0 | BR23: =VLOOKUP($A23,'New Resources - Individual'!$A$4:$Y$151,BR$2,FALSE)*BR$1 -> 0 | BS23: =$G23+BR23 -> 0 | BT23: =VLOOKUP($E23,BS$463:BV$474,2,FALSE)*BS23*($K23)+IF($G23>0,($H23/$G23)*BS23,0)*(1-$K23) -> 0 | BU23: =VLOOKUP($E23,BS$463:BV$474,3,FALSE)*BS23*($K23)+IF($G23>0,($I23/$G23)*BS23,0)*(1-$K23) -> 0 | BV23: =VLOOKUP($E23,BS$463:BV$474,4,FALSE)*BS23*($K23)+(BS23-BT23-BU23)*(1-$K23) -> 0 | BZ23: =VLOOKUP($A23,'New Resources - Individual'!$A$4:$Y$151,BZ$2,FALSE)*BZ$1 -> 0 | CA23: =$G23+BZ23 -> 0 | CB23: =VLOOKUP($E23,CA$463:CD$474,2,FALSE)*CA23*($K23)+IF($G23>0,($H23/$G23)*CA23,0)*(1-$K23) -> 0 | CC23: =VLOOKUP($E23,CA$463:CD$474,3,FALSE)*CA23*($K23)+IF($G23>0,($I23/$G23)*CA23,0)*(1-$K23) -> 0 | CD23: =VLOOKUP($E23,CA$463:CD$474,4,FALSE)*CA23*($K23)+(CA23-CB23-CC23)*(1-$K23) -> 0 | CH23: =VLOOKUP($A23,'New Resources - Individual'!$A$4:$Y$151,CH$2,FALSE)*CH$1 -> 0 | CI23: =$G23+CH23 -> 0 | CJ23: =VLOOKUP($E23,CI$463:CL$474,2,FALSE)*CI23*($K23)+IF($G23>0,($H23/$G23)*CI23,0)*(1-$K23) -> 0 | CK23: =VLOOKUP($E23,CI$463:CL$474,3,FALSE)*CI23*($K23)+IF($G23>0,($I23/$G23)*CI23,0)*(1-$K23) -> 0 | CL23: =VLOOKUP($E23,CI$463:CL$474,4,FALSE)*CI23*($K23)+(CI23-CJ23-CK23)*(1-$K23) -> 0 | CP23: =VLOOKUP($A23,'New Resources - Individual'!$A$4:$Y$151,CP$2,FALSE)*CP$1 -> 0 | CQ23: =$G23+CP23 -> 0 | CR23: =VLOOKUP($E23,CQ$463:CT$474,2,FALSE)*CQ23*($K23)+IF($G23>0,($H23/$G23)*CQ23,0)*(1-$K23) -> 0 | CS23: =VLOOKUP($E23,CQ$463:CT$474,3,FALSE)*CQ23*($K23)+IF($G23>0,($I23/$G23)*CQ23,0)*(1-$K23) -> 0 | CT23: =VLOOKUP($E23,CQ$463:CT$474,4,FALSE)*CQ23*($K23)+(CQ23-CR23-CS23)*(1-$K23) -> 0 | CX23: =VLOOKUP($A23,'New Resources - Individual'!$A$4:$Y$151,CX$2,FALSE)*CX$1 -> 0 | CY23: =$G23+CX23 -> 0 | CZ23: =VLOOKUP($E23,CY$463:DB$474,2,FALSE)*CY23*($K23)+IF($G23>0,($H23/$G23)*CY23,0)*(1-$K23) -> 0 | DA23: =VLOOKUP($E23,CY$463:DB$474,3,FALSE)*CY23*($K23)+IF($G23>0,($I23/$G23)*CY23,0)*(1-$K23) -> 0 | DB23: =VLOOKUP($E23,CY$463:DB$474,4,FALSE)*CY23*($K23)+(CY23-CZ23-DA23)*(1-$K23) -> 0 | DF23: =VLOOKUP($A23,'New Resources - Individual'!$A$4:$Y$151,DF$2,FALSE)*DF$1 -> 0 | DG23: =$G23+DF23 -> 0 | DH23: =VLOOKUP($E23,DG$463:DJ$474,2,FALSE)*DG23*($K23)+IF($G23>0,($H23/$G23)*DG23,0)*(1-$K23) -> 0 | DI23: =VLOOKUP($E23,DG$463:DJ$474,3,FALSE)*DG23*($K23)+IF($G23>0,($I23/$G23)*DG23,0)*(1-$K23) -> 0 | DJ23: =VLOOKUP($E23,DG$463:DJ$474,4,FALSE)*DG23*($K23)+(DG23-DH23-DI23)*(1-$K23) -> 0 | DN23: =VLOOKUP($A23,'New Resources - Individual'!$A$4:$Y$151,DN$2,FALSE)*DN$1 -> 0 | DO23: =$G23+DN23 -> 0 | DP23: =VLOOKUP($E23,DO$463:DR$474,2,FALSE)*DO23*($K23)+IF($G23>0,($H23/$G23)*DO23,0)*(1-$K23) -> 0 | DQ23: =VLOOKUP($E23,DO$463:DR$474,3,FALSE)*DO23*($K23)+IF($G23>0,($I23/$G23)*DO23,0)*(1-$K23) -> 0 | DR23: =VLOOKUP($E23,DO$463:DR$474,4,FALSE)*DO23*($K23)+(DO23-DP23-DQ23)*(1-$K23) -> 0 | DV23: =VLOOKUP($A23,'New Resources - Individual'!$A$4:$Y$151,DV$2,FALSE)*DV$1 -> 0 | DW23: =$G23+DV23 -> 0 | DX23: =VLOOKUP($E23,DW$463:DZ$474,2,FALSE)*DW23*($K23)+IF($G23>0,($H23/$G23)*DW23,0)*(1-$K23) -> 0 | DY23: =VLOOKUP($E23,DW$463:DZ$474,3,FALSE)*DW23*($K23)+IF($G23>0,($I23/$G23)*DW23,0)*(1-$K23) -> 0 | DZ23: =VLOOKUP($E23,DW$463:DZ$474,4,FALSE)*DW23*($K23)+(DW23-DX23-DY23)*(1-$K23) -> 0 | ED23: =VLOOKUP($A23,'New Resources - Individual'!$A$4:$Y$151,ED$2,FALSE)*ED$1 -> 0 | EE23: =$G23+ED23 -> 0 | EF23: =VLOOKUP($E23,EE$463:EH$474,2,FALSE)*EE23*($K23)+IF($G23>0,($H23/$G23)*EE23,0)*(1-$K23) -> 0 | EG23: =VLOOKUP($E23,EE$463:EH$474,3,FALSE)*EE23*($K23)+IF($G23>0,($I23/$G23)*EE23,0)*(1-$K23) -> 0 | EH23: =VLOOKUP($E23,EE$463:EH$474,4,FALSE)*EE23*($K23)+(EE23-EF23-EG23)*(1-$K23) -> 0 | EL23: =VLOOKUP($A23,'New Resources - Individual'!$A$4:$Y$151,EL$2,FALSE)*EL$1 -> 0 | EM23: =$G23+EL23 -> 0 | EN23: =VLOOKUP($E23,EM$463:EP$474,2,FALSE)*EM23*($K23)+IF($G23>0,($H23/$G23)*EM23,0)*(1-$K23) -> 0 | EO23: =VLOOKUP($E23,EM$463:EP$474,3,FALSE)*EM23*($K23)+IF($G23>0,($I23/$G23)*EM23,0)*(1-$K23) -> 0 | EP23: =VLOOKUP($E23,EM$463:EP$474,4,FALSE)*EM23*($K23)+(EM23-EN23-EO23)*(1-$K23) -> 0 | ET23: =VLOOKUP($A23,'New Resources - Individual'!$A$4:$Y$151,ET$2,FALSE)*ET$1 -> 0 | EU23: =$G23+ET23 -> 0 | EV23: =VLOOKUP($E23,EU$463:EX$474,2,FALSE)*EU23*($K23)+IF($G23>0,($H23/$G23)*EU23,0)*(1-$K23) -> 0 | EW23: =VLOOKUP($E23,EU$463:EX$474,3,FALSE)*EU23*($K23)+IF($G23>0,($I23/$G23)*EU23,0)*(1-$K23) -> 0 | EX23: =VLOOKUP($E23,EU$463:EX$474,4,FALSE)*EU23*($K23)+(EU23-EV23-EW23)*(1-$K23) -> 0 | FB23: =VLOOKUP($A23,'New Resources - Individual'!$A$4:$Y$151,FB$2,FALSE)*FB$1 -> 0 | FC23: =$G23+FB23 -> 0 | FD23: =VLOOKUP($E23,FC$463:FF$474,2,FALSE)*FC23*($K23)+IF($G23>0,($H23/$G23)*FC23,0)*(1-$K23) -> 0 | FE23: =VLOOKUP($E23,FC$463:FF$474,3,FALSE)*FC23*($K23)+IF($G23>0,($I23/$G23)*FC23,0)*(1-$K23) -> 0 | FF23: =VLOOKUP($E23,FC$463:FF$474,4,FALSE)*FC23*($K23)+(FC23-FD23-FE23)*(1-$K23) -> 0 | FJ23: =VLOOKUP($A23,'New Resources - Individual'!$A$4:$Y$151,FJ$2,FALSE)*FJ$1 -> 0 | FK23: =$G23+FJ23 -> 0 | FL23: =VLOOKUP($E23,FK$463:FN$474,2,FALSE)*FK23*($K23)+IF($G23>0,($H23/$G23)*FK23,0)*(1-$K23) -> 0 | FM23: =VLOOKUP($E23,FK$463:FN$474,3,FALSE)*FK23*($K23)+IF($G23>0,($I23/$G23)*FK23,0)*(1-$K23) -> 0 | FN23: =VLOOKUP($E23,FK$463:FN$474,4,FALSE)*FK23*($K23)+(FK23-FL23-FM23)*(1-$K23) -> 0
A24: 29 | B24: Hydraulic Production | D24: 330-337 | E24: ='Sch 1- Rate Base '!E24 -> PROD | G24: ='Sch 1- Rate Base '!G24 -> 0 | H24: ='Sch 1- Rate Base '!H24 -> 0 | I24: ='Sch 1- Rate Base '!I24 -> 0 | J24: ='Sch 1- Rate Base '!J24 -> 0 | K24: =IF($E24="DIRECT",0,1) -> 1 | N24: =VLOOKUP($A24,'New Resources - Individual'!$A$4:$Y$151,N$2,FALSE)*N$1 -> 0 | O24: =$G24+N24 -> 0 | P24: =VLOOKUP($E24,O$463:R$474,2,FALSE)*O24*($K24)+IF($G24>0,($H24/$G24)*O24,0)*(1-$K24) -> 0 | Q24: =VLOOKUP($E24,O$463:R$474,3,FALSE)*O24*($K24)+IF($G24>0,($I24/$G24)*O24,0)*(1-$K24) -> 0 | R24: =VLOOKUP($E24,O$463:R$474,4,FALSE)*O24*($K24)+(O24-P24-Q24)*(1-$K24) -> 0 | V24: =VLOOKUP($A24,'New Resources - Individual'!$A$4:$Y$151,V$2,FALSE)*V$1 -> 0 | W24: =$G24+V24 -> 0 | X24: =VLOOKUP($E24,W$463:Z$474,2,FALSE)*W24*($K24)+IF($G24>0,($H24/$G24)*W24,0)*(1-$K24) -> 0 | Y24: =VLOOKUP($E24,W$463:Z$474,3,FALSE)*W24*($K24)+IF($G24>0,($I24/$G24)*W24,0)*(1-$K24) -> 0 | Z24: =VLOOKUP($E24,W$463:Z$474,4,FALSE)*W24*($K24)+(W24-X24-Y24)*(1-$K24) -> 0 | AA24: 1 | AD24: =VLOOKUP($A24,'New Resources - Individual'!$A$4:$Y$151,AD$2,FALSE)*AD$1 -> 0 | AE24: =$G24+AD24 -> 0 | AF24: =VLOOKUP($E24,AE$463:AH$474,2,FALSE)*AE24*($K24)+IF($G24>0,($H24/$G24)*AE24,0)*(1-$K24) -> 0 | AG24: =VLOOKUP($E24,AE$463:AH$474,3,FALSE)*AE24*($K24)+IF($G24>0,($I24/$G24)*AE24,0)*(1-$K24) -> 0 | AH24: =VLOOKUP($E24,AE$463:AH$474,4,FALSE)*AE24*($K24)+(AE24-AF24-AG24)*(1-$K24) -> 0 | AL24: =VLOOKUP($A24,'New Resources - Individual'!$A$4:$Y$151,AL$2,FALSE)*AL$1 -> 0 | AM24: =$G24+AL24 -> 0 | AN24: =VLOOKUP($E24,AM$463:AP$474,2,FALSE)*AM24*($K24)+IF($G24>0,($H24/$G24)*AM24,0)*(1-$K24) -> 0 | AO24: =VLOOKUP($E24,AM$463:AP$474,3,FALSE)*AM24*($K24)+IF($G24>0,($I24/$G24)*AM24,0)*(1-$K24) -> 0 | AP24: =VLOOKUP($E24,AM$463:AP$474,4,FALSE)*AM24*($K24)+(AM24-AN24-AO24)*(1-$K24) -> 0 | AT24: =VLOOKUP($A24,'New Resources - Individual'!$A$4:$Y$151,AT$2,FALSE)*AT$1 -> 0 | AU24: =$G24+AT24 -> 0 | AV24: =VLOOKUP($E24,AU$463:AX$474,2,FALSE)*AU24*($K24)+IF($G24>0,($H24/$G24)*AU24,0)*(1-$K24) -> 0 | AW24: =VLOOKUP($E24,AU$463:AX$474,3,FALSE)*AU24*($K24)+IF($G24>0,($I24/$G24)*AU24,0)*(1-$K24) -> 0 | AX24: =VLOOKUP($E24,AU$463:AX$474,4,FALSE)*AU24*($K24)+(AU24-AV24-AW24)*(1-$K24) -> 0 | BB24: =VLOOKUP($A24,'New Resources - Individual'!$A$4:$Y$151,BB$2,FALSE)*BB$1 -> 0 | BC24: =$G24+BB24 -> 0 | BD24: =VLOOKUP($E24,BC$463:BF$474,2,FALSE)*BC24*($K24)+IF($G24>0,($H24/$G24)*BC24,0)*(1-$K24) -> 0 | BE24: =VLOOKUP($E24,BC$463:BF$474,3,FALSE)*BC24*($K24)+IF($G24>0,($I24/$G24)*BC24,0)*(1-$K24) -> 0 | BF24: =VLOOKUP($E24,BC$463:BF$474,4,FALSE)*BC24*($K24)+(BC24-BD24-BE24)*(1-$K24) -> 0 | BJ24: =VLOOKUP($A24,'New Resources - Individual'!$A$4:$Y$151,BJ$2,FALSE)*BJ$1 -> 0 | BK24: =$G24+BJ24 -> 0 | BL24: =VLOOKUP($E24,BK$463:BN$474,2,FALSE)*BK24*($K24)+IF($G24>0,($H24/$G24)*BK24,0)*(1-$K24) -> 0 | BM24: =VLOOKUP($E24,BK$463:BN$474,3,FALSE)*BK24*($K24)+IF($G24>0,($I24/$G24)*BK24,0)*(1-$K24) -> 0 | BN24: =VLOOKUP($E24,BK$463:BN$474,4,FALSE)*BK24*($K24)+(BK24-BL24-BM24)*(1-$K24) -> 0 | BR24: =VLOOKUP($A24,'New Resources - Individual'!$A$4:$Y$151,BR$2,FALSE)*BR$1 -> 0 | BS24: =$G24+BR24 -> 0 | BT24: =VLOOKUP($E24,BS$463:BV$474,2,FALSE)*BS24*($K24)+IF($G24>0,($H24/$G24)*BS24,0)*(1-$K24) -> 0 | BU24: =VLOOKUP($E24,BS$463:BV$474,3,FALSE)*BS24*($K24)+IF($G24>0,($I24/$G24)*BS24,0)*(1-$K24) -> 0 | BV24: =VLOOKUP($E24,BS$463:BV$474,4,FALSE)*BS24*($K24)+(BS24-BT24-BU24)*(1-$K24) -> 0 | BZ24: =VLOOKUP($A24,'New Resources - Individual'!$A$4:$Y$151,BZ$2,FALSE)*BZ$1 -> 0 | CA24: =$G24+BZ24 -> 0 | CB24: =VLOOKUP($E24,CA$463:CD$474,2,FALSE)*CA24*($K24)+IF($G24>0,($H24/$G24)*CA24,0)*(1-$K24) -> 0 | CC24: =VLOOKUP($E24,CA$463:CD$474,3,FALSE)*CA24*($K24)+IF($G24>0,($I24/$G24)*CA24,0)*(1-$K24) -> 0 | CD24: =VLOOKUP($E24,CA$463:CD$474,4,FALSE)*CA24*($K24)+(CA24-CB24-CC24)*(1-$K24) -> 0 | CH24: =VLOOKUP($A24,'New Resources - Individual'!$A$4:$Y$151,CH$2,FALSE)*CH$1 -> 0 | CI24: =$G24+CH24 -> 0 | CJ24: =VLOOKUP($E24,CI$463:CL$474,2,FALSE)*CI24*($K24)+IF($G24>0,($H24/$G24)*CI24,0)*(1-$K24) -> 0 | CK24: =VLOOKUP($E24,CI$463:CL$474,3,FALSE)*CI24*($K24)+IF($G24>0,($I24/$G24)*CI24,0)*(1-$K24) -> 0 | CL24: =VLOOKUP($E24,CI$463:CL$474,4,FALSE)*CI24*($K24)+(CI24-CJ24-CK24)*(1-$K24) -> 0 | CP24: =VLOOKUP($A24,'New Resources - Individual'!$A$4:$Y$151,CP$2,FALSE)*CP$1 -> 0 | CQ24: =$G24+CP24 -> 0 | CR24: =VLOOKUP($E24,CQ$463:CT$474,2,FALSE)*CQ24*($K24)+IF($G24>0,($H24/$G24)*CQ24,0)*(1-$K24) -> 0 | CS24: =VLOOKUP($E24,CQ$463:CT$474,3,FALSE)*CQ24*($K24)+IF($G24>0,($I24/$G24)*CQ24,0)*(1-$K24) -> 0 | CT24: =VLOOKUP($E24,CQ$463:CT$474,4,FALSE)*CQ24*($K24)+(CQ24-CR24-CS24)*(1-$K24) -> 0 | CX24: =VLOOKUP($A24,'New Resources - Individual'!$A$4:$Y$151,CX$2,FALSE)*CX$1 -> 0 | CY24: =$G24+CX24 -> 0 | CZ24: =VLOOKUP($E24,CY$463:DB$474,2,FALSE)*CY24*($K24)+IF($G24>0,($H24/$G24)*CY24,0)*(1-$K24) -> 0 | DA24: =VLOOKUP($E24,CY$463:DB$474,3,FALSE)*CY24*($K24)+IF($G24>0,($I24/$G24)*CY24,0)*(1-$K24) -> 0 | DB24: =VLOOKUP($E24,CY$463:DB$474,4,FALSE)*CY24*($K24)+(CY24-CZ24-DA24)*(1-$K24) -> 0 | DF24: =VLOOKUP($A24,'New Resources - Individual'!$A$4:$Y$151,DF$2,FALSE)*DF$1 -> 0 | DG24: =$G24+DF24 -> 0 | DH24: =VLOOKUP($E24,DG$463:DJ$474,2,FALSE)*DG24*($K24)+IF($G24>0,($H24/$G24)*DG24,0)*(1-$K24) -> 0 | DI24: =VLOOKUP($E24,DG$463:DJ$474,3,FALSE)*DG24*($K24)+IF($G24>0,($I24/$G24)*DG24,0)*(1-$K24) -> 0 | DJ24: =VLOOKUP($E24,DG$463:DJ$474,4,FALSE)*DG24*($K24)+(DG24-DH24-DI24)*(1-$K24) -> 0 | DN24: =VLOOKUP($A24,'New Resources - Individual'!$A$4:$Y$151,DN$2,FALSE)*DN$1 -> 0 | DO24: =$G24+DN24 -> 0 | DP24: =VLOOKUP($E24,DO$463:DR$474,2,FALSE)*DO24*($K24)+IF($G24>0,($H24/$G24)*DO24,0)*(1-$K24) -> 0 | DQ24: =VLOOKUP($E24,DO$463:DR$474,3,FALSE)*DO24*($K24)+IF($G24>0,($I24/$G24)*DO24,0)*(1-$K24) -> 0 | DR24: =VLOOKUP($E24,DO$463:DR$474,4,FALSE)*DO24*($K24)+(DO24-DP24-DQ24)*(1-$K24) -> 0 | DV24: =VLOOKUP($A24,'New Resources - Individual'!$A$4:$Y$151,DV$2,FALSE)*DV$1 -> 0 | DW24: =$G24+DV24 -> 0 | DX24: =VLOOKUP($E24,DW$463:DZ$474,2,FALSE)*DW24*($K24)+IF($G24>0,($H24/$G24)*DW24,0)*(1-$K24) -> 0 | DY24: =VLOOKUP($E24,DW$463:DZ$474,3,FALSE)*DW24*($K24)+IF($G24>0,($I24/$G24)*DW24,0)*(1-$K24) -> 0 | DZ24: =VLOOKUP($E24,DW$463:DZ$474,4,FALSE)*DW24*($K24)+(DW24-DX24-DY24)*(1-$K24) -> 0 | ED24: =VLOOKUP($A24,'New Resources - Individual'!$A$4:$Y$151,ED$2,FALSE)*ED$1 -> 0 | EE24: =$G24+ED24 -> 0 | EF24: =VLOOKUP($E24,EE$463:EH$474,2,FALSE)*EE24*($K24)+IF($G24>0,($H24/$G24)*EE24,0)*(1-$K24) -> 0 | EG24: =VLOOKUP($E24,EE$463:EH$474,3,FALSE)*EE24*($K24)+IF($G24>0,($I24/$G24)*EE24,0)*(1-$K24) -> 0 | EH24: =VLOOKUP($E24,EE$463:EH$474,4,FALSE)*EE24*($K24)+(EE24-EF24-EG24)*(1-$K24) -> 0 | EL24: =VLOOKUP($A24,'New Resources - Individual'!$A$4:$Y$151,EL$2,FALSE)*EL$1 -> 0 | EM24: =$G24+EL24 -> 0 | EN24: =VLOOKUP($E24,EM$463:EP$474,2,FALSE)*EM24*($K24)+IF($G24>0,($H24/$G24)*EM24,0)*(1-$K24) -> 0 | EO24: =VLOOKUP($E24,EM$463:EP$474,3,FALSE)*EM24*($K24)+IF($G24>0,($I24/$G24)*EM24,0)*(1-$K24) -> 0 | EP24: =VLOOKUP($E24,EM$463:EP$474,4,FALSE)*EM24*($K24)+(EM24-EN24-EO24)*(1-$K24) -> 0 | ET24: =VLOOKUP($A24,'New Resources - Individual'!$A$4:$Y$151,ET$2,FALSE)*ET$1 -> 0 | EU24: =$G24+ET24 -> 0 | EV24: =VLOOKUP($E24,EU$463:EX$474,2,FALSE)*EU24*($K24)+IF($G24>0,($H24/$G24)*EU24,0)*(1-$K24) -> 0 | EW24: =VLOOKUP($E24,EU$463:EX$474,3,FALSE)*EU24*($K24)+IF($G24>0,($I24/$G24)*EU24,0)*(1-$K24) -> 0 | EX24: =VLOOKUP($E24,EU$463:EX$474,4,FALSE)*EU24*($K24)+(EU24-EV24-EW24)*(1-$K24) -> 0 | FB24: =VLOOKUP($A24,'New Resources - Individual'!$A$4:$Y$151,FB$2,FALSE)*FB$1 -> 0 | FC24: =$G24+FB24 -> 0 | FD24: =VLOOKUP($E24,FC$463:FF$474,2,FALSE)*FC24*($K24)+IF($G24>0,($H24/$G24)*FC24,0)*(1-$K24) -> 0 | FE24: =VLOOKUP($E24,FC$463:FF$474,3,FALSE)*FC24*($K24)+IF($G24>0,($I24/$G24)*FC24,0)*(1-$K24) -> 0 | FF24: =VLOOKUP($E24,FC$463:FF$474,4,FALSE)*FC24*($K24)+(FC24-FD24-FE24)*(1-$K24) -> 0 | FJ24: =VLOOKUP($A24,'New Resources - Individual'!$A$4:$Y$151,FJ$2,FALSE)*FJ$1 -> 0 | FK24: =$G24+FJ24 -> 0 | FL24: =VLOOKUP($E24,FK$463:FN$474,2,FALSE)*FK24*($K24)+IF($G24>0,($H24/$G24)*FK24,0)*(1-$K24) -> 0 | FM24: =VLOOKUP($E24,FK$463:FN$474,3,FALSE)*FK24*($K24)+IF($G24>0,($I24/$G24)*FK24,0)*(1-$K24) -> 0 | FN24: =VLOOKUP($E24,FK$463:FN$474,4,FALSE)*FK24*($K24)+(FK24-FL24-FM24)*(1-$K24) -> 0
A25: 42 | B25: Solar Production | D25: 338.1-338.13 | E25: ='Sch 1- Rate Base '!E25 -> PROD | G25: ='Sch 1- Rate Base '!G25 -> 0 | H25: ='Sch 1- Rate Base '!H25 -> 0 | I25: ='Sch 1- Rate Base '!I25 -> 0 | J25: ='Sch 1- Rate Base '!J25 -> 0 | K25: =IF($E25="DIRECT",0,1) -> 1 | N25: =VLOOKUP($A25,'New Resources - Individual'!$A$4:$Y$151,N$2,FALSE)*N$1 -> 0 | O25: =$G25+N25 -> 0 | P25: =VLOOKUP($E25,O$463:R$474,2,FALSE)*O25*($K25)+IF($G25>0,($H25/$G25)*O25,0)*(1-$K25) -> 0 | Q25: =VLOOKUP($E25,O$463:R$474,3,FALSE)*O25*($K25)+IF($G25>0,($I25/$G25)*O25,0)*(1-$K25) -> 0 | R25: =VLOOKUP($E25,O$463:R$474,4,FALSE)*O25*($K25)+(O25-P25-Q25)*(1-$K25) -> 0 | V25: =VLOOKUP($A25,'New Resources - Individual'!$A$4:$Y$151,V$2,FALSE)*V$1 -> 0 | W25: =$G25+V25 -> 0 | X25: =VLOOKUP($E25,W$463:Z$474,2,FALSE)*W25*($K25)+IF($G25>0,($H25/$G25)*W25,0)*(1-$K25) -> 0 | Y25: =VLOOKUP($E25,W$463:Z$474,3,FALSE)*W25*($K25)+IF($G25>0,($I25/$G25)*W25,0)*(1-$K25) -> 0 | Z25: =VLOOKUP($E25,W$463:Z$474,4,FALSE)*W25*($K25)+(W25-X25-Y25)*(1-$K25) -> 0 | AA25: 1 | AD25: =VLOOKUP($A25,'New Resources - Individual'!$A$4:$Y$151,AD$2,FALSE)*AD$1 -> 0 | AE25: =$G25+AD25 -> 0 | AF25: =VLOOKUP($E25,AE$463:AH$474,2,FALSE)*AE25*($K25)+IF($G25>0,($H25/$G25)*AE25,0)*(1-$K25) -> 0 | AG25: =VLOOKUP($E25,AE$463:AH$474,3,FALSE)*AE25*($K25)+IF($G25>0,($I25/$G25)*AE25,0)*(1-$K25) -> 0 | AH25: =VLOOKUP($E25,AE$463:AH$474,4,FALSE)*AE25*($K25)+(AE25-AF25-AG25)*(1-$K25) -> 0 | AL25: =VLOOKUP($A25,'New Resources - Individual'!$A$4:$Y$151,AL$2,FALSE)*AL$1 -> 0 | AM25: =$G25+AL25 -> 0 | AN25: =VLOOKUP($E25,AM$463:AP$474,2,FALSE)*AM25*($K25)+IF($G25>0,($H25/$G25)*AM25,0)*(1-$K25) -> 0 | AO25: =VLOOKUP($E25,AM$463:AP$474,3,FALSE)*AM25*($K25)+IF($G25>0,($I25/$G25)*AM25,0)*(1-$K25) -> 0 | AP25: =VLOOKUP($E25,AM$463:AP$474,4,FALSE)*AM25*($K25)+(AM25-AN25-AO25)*(1-$K25) -> 0 | AT25: =VLOOKUP($A25,'New Resources - Individual'!$A$4:$Y$151,AT$2,FALSE)*AT$1 -> 0 | AU25: =$G25+AT25 -> 0 | AV25: =VLOOKUP($E25,AU$463:AX$474,2,FALSE)*AU25*($K25)+IF($G25>0,($H25/$G25)*AU25,0)*(1-$K25) -> 0 | AW25: =VLOOKUP($E25,AU$463:AX$474,3,FALSE)*AU25*($K25)+IF($G25>0,($I25/$G25)*AU25,0)*(1-$K25) -> 0 | AX25: =VLOOKUP($E25,AU$463:AX$474,4,FALSE)*AU25*($K25)+(AU25-AV25-AW25)*(1-$K25) -> 0 | BB25: =VLOOKUP($A25,'New Resources - Individual'!$A$4:$Y$151,BB$2,FALSE)*BB$1 -> 0 | BC25: =$G25+BB25 -> 0 | BD25: =VLOOKUP($E25,BC$463:BF$474,2,FALSE)*BC25*($K25)+IF($G25>0,($H25/$G25)*BC25,0)*(1-$K25) -> 0 | BE25: =VLOOKUP($E25,BC$463:BF$474,3,FALSE)*BC25*($K25)+IF($G25>0,($I25/$G25)*BC25,0)*(1-$K25) -> 0 | BF25: =VLOOKUP($E25,BC$463:BF$474,4,FALSE)*BC25*($K25)+(BC25-BD25-BE25)*(1-$K25) -> 0 | BJ25: =VLOOKUP($A25,'New Resources - Individual'!$A$4:$Y$151,BJ$2,FALSE)*BJ$1 -> 0 | BK25: =$G25+BJ25 -> 0 | BL25: =VLOOKUP($E25,BK$463:BN$474,2,FALSE)*BK25*($K25)+IF($G25>0,($H25/$G25)*BK25,0)*(1-$K25) -> 0 | BM25: =VLOOKUP($E25,BK$463:BN$474,3,FALSE)*BK25*($K25)+IF($G25>0,($I25/$G25)*BK25,0)*(1-$K25) -> 0 | BN25: =VLOOKUP($E25,BK$463:BN$474,4,FALSE)*BK25*($K25)+(BK25-BL25-BM25)*(1-$K25) -> 0 | BR25: =VLOOKUP($A25,'New Resources - Individual'!$A$4:$Y$151,BR$2,FALSE)*BR$1 -> 0 | BS25: =$G25+BR25 -> 0 | BT25: =VLOOKUP($E25,BS$463:BV$474,2,FALSE)*BS25*($K25)+IF($G25>0,($H25/$G25)*BS25,0)*(1-$K25) -> 0 | BU25: =VLOOKUP($E25,BS$463:BV$474,3,FALSE)*BS25*($K25)+IF($G25>0,($I25/$G25)*BS25,0)*(1-$K25) -> 0 | BV25: =VLOOKUP($E25,BS$463:BV$474,4,FALSE)*BS25*($K25)+(BS25-BT25-BU25)*(1-$K25) -> 0 | BZ25: =VLOOKUP($A25,'New Resources - Individual'!$A$4:$Y$151,BZ$2,FALSE)*BZ$1 -> 0 | CA25: =$G25+BZ25 -> 0 | CB25: =VLOOKUP($E25,CA$463:CD$474,2,FALSE)*CA25*($K25)+IF($G25>0,($H25/$G25)*CA25,0)*(1-$K25) -> 0 | CC25: =VLOOKUP($E25,CA$463:CD$474,3,FALSE)*CA25*($K25)+IF($G25>0,($I25/$G25)*CA25,0)*(1-$K25) -> 0 | CD25: =VLOOKUP($E25,CA$463:CD$474,4,FALSE)*CA25*($K25)+(CA25-CB25-CC25)*(1-$K25) -> 0 | CH25: =VLOOKUP($A25,'New Resources - Individual'!$A$4:$Y$151,CH$2,FALSE)*CH$1 -> 0 | CI25: =$G25+CH25 -> 0 | CJ25: =VLOOKUP($E25,CI$463:CL$474,2,FALSE)*CI25*($K25)+IF($G25>0,($H25/$G25)*CI25,0)*(1-$K25) -> 0 | CK25: =VLOOKUP($E25,CI$463:CL$474,3,FALSE)*CI25*($K25)+IF($G25>0,($I25/$G25)*CI25,0)*(1-$K25) -> 0 | CL25: =VLOOKUP($E25,CI$463:CL$474,4,FALSE)*CI25*($K25)+(CI25-CJ25-CK25)*(1-$K25) -> 0 | CP25: =VLOOKUP($A25,'New Resources - Individual'!$A$4:$Y$151,CP$2,FALSE)*CP$1 -> 0 | CQ25: =$G25+CP25 -> 0 | CR25: =VLOOKUP($E25,CQ$463:CT$474,2,FALSE)*CQ25*($K25)+IF($G25>0,($H25/$G25)*CQ25,0)*(1-$K25) -> 0 | CS25: =VLOOKUP($E25,CQ$463:CT$474,3,FALSE)*CQ25*($K25)+IF($G25>0,($I25/$G25)*CQ25,0)*(1-$K25) -> 0 | CT25: =VLOOKUP($E25,CQ$463:CT$474,4,FALSE)*CQ25*($K25)+(CQ25-CR25-CS25)*(1-$K25) -> 0 | CX25: =VLOOKUP($A25,'New Resources - Individual'!$A$4:$Y$151,CX$2,FALSE)*CX$1 -> 0 | CY25: =$G25+CX25 -> 0 | CZ25: =VLOOKUP($E25,CY$463:DB$474,2,FALSE)*CY25*($K25)+IF($G25>0,($H25/$G25)*CY25,0)*(1-$K25) -> 0 | DA25: =VLOOKUP($E25,CY$463:DB$474,3,FALSE)*CY25*($K25)+IF($G25>0,($I25/$G25)*CY25,0)*(1-$K25) -> 0 | DB25: =VLOOKUP($E25,CY$463:DB$474,4,FALSE)*CY25*($K25)+(CY25-CZ25-DA25)*(1-$K25) -> 0 | DF25: =VLOOKUP($A25,'New Resources - Individual'!$A$4:$Y$151,DF$2,FALSE)*DF$1 -> 0 | DG25: =$G25+DF25 -> 0 | DH25: =VLOOKUP($E25,DG$463:DJ$474,2,FALSE)*DG25*($K25)+IF($G25>0,($H25/$G25)*DG25,0)*(1-$K25) -> 0 | DI25: =VLOOKUP($E25,DG$463:DJ$474,3,FALSE)*DG25*($K25)+IF($G25>0,($I25/$G25)*DG25,0)*(1-$K25) -> 0 | DJ25: =VLOOKUP($E25,DG$463:DJ$474,4,FALSE)*DG25*($K25)+(DG25-DH25-DI25)*(1-$K25) -> 0 | DN25: =VLOOKUP($A25,'New Resources - Individual'!$A$4:$Y$151,DN$2,FALSE)*DN$1 -> 0 | DO25: =$G25+DN25 -> 0 | DP25: =VLOOKUP($E25,DO$463:DR$474,2,FALSE)*DO25*($K25)+IF($G25>0,($H25/$G25)*DO25,0)*(1-$K25) -> 0 | DQ25: =VLOOKUP($E25,DO$463:DR$474,3,FALSE)*DO25*($K25)+IF($G25>0,($I25/$G25)*DO25,0)*(1-$K25) -> 0 | DR25: =VLOOKUP($E25,DO$463:DR$474,4,FALSE)*DO25*($K25)+(DO25-DP25-DQ25)*(1-$K25) -> 0 | DV25: =VLOOKUP($A25,'New Resources - Individual'!$A$4:$Y$151,DV$2,FALSE)*DV$1 -> 0 | DW25: =$G25+DV25 -> 0 | DX25: =VLOOKUP($E25,DW$463:DZ$474,2,FALSE)*DW25*($K25)+IF($G25>0,($H25/$G25)*DW25,0)*(1-$K25) -> 0 | DY25: =VLOOKUP($E25,DW$463:DZ$474,3,FALSE)*DW25*($K25)+IF($G25>0,($I25/$G25)*DW25,0)*(1-$K25) -> 0 | DZ25: =VLOOKUP($E25,DW$463:DZ$474,4,FALSE)*DW25*($K25)+(DW25-DX25-DY25)*(1-$K25) -> 0 | ED25: =VLOOKUP($A25,'New Resources - Individual'!$A$4:$Y$151,ED$2,FALSE)*ED$1 -> 0 | EE25: =$G25+ED25 -> 0 | EF25: =VLOOKUP($E25,EE$463:EH$474,2,FALSE)*EE25*($K25)+IF($G25>0,($H25/$G25)*EE25,0)*(1-$K25) -> 0 | EG25: =VLOOKUP($E25,EE$463:EH$474,3,FALSE)*EE25*($K25)+IF($G25>0,($I25/$G25)*EE25,0)*(1-$K25) -> 0 | EH25: =VLOOKUP($E25,EE$463:EH$474,4,FALSE)*EE25*($K25)+(EE25-EF25-EG25)*(1-$K25) -> 0 | EL25: =VLOOKUP($A25,'New Resources - Individual'!$A$4:$Y$151,EL$2,FALSE)*EL$1 -> 0 | EM25: =$G25+EL25 -> 0 | EN25: =VLOOKUP($E25,EM$463:EP$474,2,FALSE)*EM25*($K25)+IF($G25>0,($H25/$G25)*EM25,0)*(1-$K25) -> 0 | EO25: =VLOOKUP($E25,EM$463:EP$474,3,FALSE)*EM25*($K25)+IF($G25>0,($I25/$G25)*EM25,0)*(1-$K25) -> 0 | EP25: =VLOOKUP($E25,EM$463:EP$474,4,FALSE)*EM25*($K25)+(EM25-EN25-EO25)*(1-$K25) -> 0 | ET25: =VLOOKUP($A25,'New Resources - Individual'!$A$4:$Y$151,ET$2,FALSE)*ET$1 -> 0 | EU25: =$G25+ET25 -> 0 | EV25: =VLOOKUP($E25,EU$463:EX$474,2,FALSE)*EU25*($K25)+IF($G25>0,($H25/$G25)*EU25,0)*(1-$K25) -> 0 | EW25: =VLOOKUP($E25,EU$463:EX$474,3,FALSE)*EU25*($K25)+IF($G25>0,($I25/$G25)*EU25,0)*(1-$K25) -> 0 | EX25: =VLOOKUP($E25,EU$463:EX$474,4,FALSE)*EU25*($K25)+(EU25-EV25-EW25)*(1-$K25) -> 0 | FB25: =VLOOKUP($A25,'New Resources - Individual'!$A$4:$Y$151,FB$2,FALSE)*FB$1 -> 0 | FC25: =$G25+FB25 -> 0 | FD25: =VLOOKUP($E25,FC$463:FF$474,2,FALSE)*FC25*($K25)+IF($G25>0,($H25/$G25)*FC25,0)*(1-$K25) -> 0 | FE25: =VLOOKUP($E25,FC$463:FF$474,3,FALSE)*FC25*($K25)+IF($G25>0,($I25/$G25)*FC25,0)*(1-$K25) -> 0 | FF25: =VLOOKUP($E25,FC$463:FF$474,4,FALSE)*FC25*($K25)+(FC25-FD25-FE25)*(1-$K25) -> 0 | FJ25: =VLOOKUP($A25,'New Resources - Individual'!$A$4:$Y$151,FJ$2,FALSE)*FJ$1 -> 0 | FK25: =$G25+FJ25 -> 0 | FL25: =VLOOKUP($E25,FK$463:FN$474,2,FALSE)*FK25*($K25)+IF($G25>0,($H25/$G25)*FK25,0)*(1-$K25) -> 0 | FM25: =VLOOKUP($E25,FK$463:FN$474,3,FALSE)*FK25*($K25)+IF($G25>0,($I25/$G25)*FK25,0)*(1-$K25) -> 0 | FN25: =VLOOKUP($E25,FK$463:FN$474,4,FALSE)*FK25*($K25)+(FK25-FL25-FM25)*(1-$K25) -> 0
A26: 53 | B26: Wind Production | D26: 338.20-338.34 | E26: ='Sch 1- Rate Base '!E26 -> PROD | G26: ='Sch 1- Rate Base '!G26 -> 0 | H26: ='Sch 1- Rate Base '!H26 -> 0 | I26: ='Sch 1- Rate Base '!I26 -> 0 | J26: ='Sch 1- Rate Base '!J26 -> 0 | K26: =IF($E26="DIRECT",0,1) -> 1 | N26: =VLOOKUP($A26,'New Resources - Individual'!$A$4:$Y$151,N$2,FALSE)*N$1 -> 0 | O26: =$G26+N26 -> 0 | P26: =VLOOKUP($E26,O$463:R$474,2,FALSE)*O26*($K26)+IF($G26>0,($H26/$G26)*O26,0)*(1-$K26) -> 0 | Q26: =VLOOKUP($E26,O$463:R$474,3,FALSE)*O26*($K26)+IF($G26>0,($I26/$G26)*O26,0)*(1-$K26) -> 0 | R26: =VLOOKUP($E26,O$463:R$474,4,FALSE)*O26*($K26)+(O26-P26-Q26)*(1-$K26) -> 0 | V26: =VLOOKUP($A26,'New Resources - Individual'!$A$4:$Y$151,V$2,FALSE)*V$1 -> 0 | W26: =$G26+V26 -> 0 | X26: =VLOOKUP($E26,W$463:Z$474,2,FALSE)*W26*($K26)+IF($G26>0,($H26/$G26)*W26,0)*(1-$K26) -> 0 | Y26: =VLOOKUP($E26,W$463:Z$474,3,FALSE)*W26*($K26)+IF($G26>0,($I26/$G26)*W26,0)*(1-$K26) -> 0 | Z26: =VLOOKUP($E26,W$463:Z$474,4,FALSE)*W26*($K26)+(W26-X26-Y26)*(1-$K26) -> 0 | AA26: 1 | AD26: =VLOOKUP($A26,'New Resources - Individual'!$A$4:$Y$151,AD$2,FALSE)*AD$1 -> 0 | AE26: =$G26+AD26 -> 0 | AF26: =VLOOKUP($E26,AE$463:AH$474,2,FALSE)*AE26*($K26)+IF($G26>0,($H26/$G26)*AE26,0)*(1-$K26) -> 0 | AG26: =VLOOKUP($E26,AE$463:AH$474,3,FALSE)*AE26*($K26)+IF($G26>0,($I26/$G26)*AE26,0)*(1-$K26) -> 0 | AH26: =VLOOKUP($E26,AE$463:AH$474,4,FALSE)*AE26*($K26)+(AE26-AF26-AG26)*(1-$K26) -> 0 | AL26: =VLOOKUP($A26,'New Resources - Individual'!$A$4:$Y$151,AL$2,FALSE)*AL$1 -> 0 | AM26: =$G26+AL26 -> 0 | AN26: =VLOOKUP($E26,AM$463:AP$474,2,FALSE)*AM26*($K26)+IF($G26>0,($H26/$G26)*AM26,0)*(1-$K26) -> 0 | AO26: =VLOOKUP($E26,AM$463:AP$474,3,FALSE)*AM26*($K26)+IF($G26>0,($I26/$G26)*AM26,0)*(1-$K26) -> 0 | AP26: =VLOOKUP($E26,AM$463:AP$474,4,FALSE)*AM26*($K26)+(AM26-AN26-AO26)*(1-$K26) -> 0 | AT26: =VLOOKUP($A26,'New Resources - Individual'!$A$4:$Y$151,AT$2,FALSE)*AT$1 -> 0 | AU26: =$G26+AT26 -> 0 | AV26: =VLOOKUP($E26,AU$463:AX$474,2,FALSE)*AU26*($K26)+IF($G26>0,($H26/$G26)*AU26,0)*(1-$K26) -> 0 | AW26: =VLOOKUP($E26,AU$463:AX$474,3,FALSE)*AU26*($K26)+IF($G26>0,($I26/$G26)*AU26,0)*(1-$K26) -> 0 | AX26: =VLOOKUP($E26,AU$463:AX$474,4,FALSE)*AU26*($K26)+(AU26-AV26-AW26)*(1-$K26) -> 0 | BB26: =VLOOKUP($A26,'New Resources - Individual'!$A$4:$Y$151,BB$2,FALSE)*BB$1 -> 0 | BC26: =$G26+BB26 -> 0 | BD26: =VLOOKUP($E26,BC$463:BF$474,2,FALSE)*BC26*($K26)+IF($G26>0,($H26/$G26)*BC26,0)*(1-$K26) -> 0 | BE26: =VLOOKUP($E26,BC$463:BF$474,3,FALSE)*BC26*($K26)+IF($G26>0,($I26/$G26)*BC26,0)*(1-$K26) -> 0 | BF26: =VLOOKUP($E26,BC$463:BF$474,4,FALSE)*BC26*($K26)+(BC26-BD26-BE26)*(1-$K26) -> 0 | BJ26: =VLOOKUP($A26,'New Resources - Individual'!$A$4:$Y$151,BJ$2,FALSE)*BJ$1 -> 0 | BK26: =$G26+BJ26 -> 0 | BL26: =VLOOKUP($E26,BK$463:BN$474,2,FALSE)*BK26*($K26)+IF($G26>0,($H26/$G26)*BK26,0)*(1-$K26) -> 0 | BM26: =VLOOKUP($E26,BK$463:BN$474,3,FALSE)*BK26*($K26)+IF($G26>0,($I26/$G26)*BK26,0)*(1-$K26) -> 0 | BN26: =VLOOKUP($E26,BK$463:BN$474,4,FALSE)*BK26*($K26)+(BK26-BL26-BM26)*(1-$K26) -> 0 | BR26: =VLOOKUP($A26,'New Resources - Individual'!$A$4:$Y$151,BR$2,FALSE)*BR$1 -> 0 | BS26: =$G26+BR26 -> 0 | BT26: =VLOOKUP($E26,BS$463:BV$474,2,FALSE)*BS26*($K26)+IF($G26>0,($H26/$G26)*BS26,0)*(1-$K26) -> 0 | BU26: =VLOOKUP($E26,BS$463:BV$474,3,FALSE)*BS26*($K26)+IF($G26>0,($I26/$G26)*BS26,0)*(1-$K26) -> 0 | BV26: =VLOOKUP($E26,BS$463:BV$474,4,FALSE)*BS26*($K26)+(BS26-BT26-BU26)*(1-$K26) -> 0 | BZ26: =VLOOKUP($A26,'New Resources - Individual'!$A$4:$Y$151,BZ$2,FALSE)*BZ$1 -> 0 | CA26: =$G26+BZ26 -> 0 | CB26: =VLOOKUP($E26,CA$463:CD$474,2,FALSE)*CA26*($K26)+IF($G26>0,($H26/$G26)*CA26,0)*(1-$K26) -> 0 | CC26: =VLOOKUP($E26,CA$463:CD$474,3,FALSE)*CA26*($K26)+IF($G26>0,($I26/$G26)*CA26,0)*(1-$K26) -> 0 | CD26: =VLOOKUP($E26,CA$463:CD$474,4,FALSE)*CA26*($K26)+(CA26-CB26-CC26)*(1-$K26) -> 0 | CH26: =VLOOKUP($A26,'New Resources - Individual'!$A$4:$Y$151,CH$2,FALSE)*CH$1 -> 0 | CI26: =$G26+CH26 -> 0 | CJ26: =VLOOKUP($E26,CI$463:CL$474,2,FALSE)*CI26*($K26)+IF($G26>0,($H26/$G26)*CI26,0)*(1-$K26) -> 0 | CK26: =VLOOKUP($E26,CI$463:CL$474,3,FALSE)*CI26*($K26)+IF($G26>0,($I26/$G26)*CI26,0)*(1-$K26) -> 0 | CL26: =VLOOKUP($E26,CI$463:CL$474,4,FALSE)*CI26*($K26)+(CI26-CJ26-CK26)*(1-$K26) -> 0 | CP26: =VLOOKUP($A26,'New Resources - Individual'!$A$4:$Y$151,CP$2,FALSE)*CP$1 -> 0 | CQ26: =$G26+CP26 -> 0 | CR26: =VLOOKUP($E26,CQ$463:CT$474,2,FALSE)*CQ26*($K26)+IF($G26>0,($H26/$G26)*CQ26,0)*(1-$K26) -> 0 | CS26: =VLOOKUP($E26,CQ$463:CT$474,3,FALSE)*CQ26*($K26)+IF($G26>0,($I26/$G26)*CQ26,0)*(1-$K26) -> 0 | CT26: =VLOOKUP($E26,CQ$463:CT$474,4,FALSE)*CQ26*($K26)+(CQ26-CR26-CS26)*(1-$K26) -> 0 | CX26: =VLOOKUP($A26,'New Resources - Individual'!$A$4:$Y$151,CX$2,FALSE)*CX$1 -> 0 | CY26: =$G26+CX26 -> 0 | CZ26: =VLOOKUP($E26,CY$463:DB$474,2,FALSE)*CY26*($K26)+IF($G26>0,($H26/$G26)*CY26,0)*(1-$K26) -> 0 | DA26: =VLOOKUP($E26,CY$463:DB$474,3,FALSE)*CY26*($K26)+IF($G26>0,($I26/$G26)*CY26,0)*(1-$K26) -> 0 | DB26: =VLOOKUP($E26,CY$463:DB$474,4,FALSE)*CY26*($K26)+(CY26-CZ26-DA26)*(1-$K26) -> 0 | DF26: =VLOOKUP($A26,'New Resources - Individual'!$A$4:$Y$151,DF$2,FALSE)*DF$1 -> 0 | DG26: =$G26+DF26 -> 0 | DH26: =VLOOKUP($E26,DG$463:DJ$474,2,FALSE)*DG26*($K26)+IF($G26>0,($H26/$G26)*DG26,0)*(1-$K26) -> 0 | DI26: =VLOOKUP($E26,DG$463:DJ$474,3,FALSE)*DG26*($K26)+IF($G26>0,($I26/$G26)*DG26,0)*(1-$K26) -> 0 | DJ26: =VLOOKUP($E26,DG$463:DJ$474,4,FALSE)*DG26*($K26)+(DG26-DH26-DI26)*(1-$K26) -> 0 | DN26: =VLOOKUP($A26,'New Resources - Individual'!$A$4:$Y$151,DN$2,FALSE)*DN$1 -> 0 | DO26: =$G26+DN26 -> 0 | DP26: =VLOOKUP($E26,DO$463:DR$474,2,FALSE)*DO26*($K26)+IF($G26>0,($H26/$G26)*DO26,0)*(1-$K26) -> 0 | DQ26: =VLOOKUP($E26,DO$463:DR$474,3,FALSE)*DO26*($K26)+IF($G26>0,($I26/$G26)*DO26,0)*(1-$K26) -> 0 | DR26: =VLOOKUP($E26,DO$463:DR$474,4,FALSE)*DO26*($K26)+(DO26-DP26-DQ26)*(1-$K26) -> 0 | DV26: =VLOOKUP($A26,'New Resources - Individual'!$A$4:$Y$151,DV$2,FALSE)*DV$1 -> 0 | DW26: =$G26+DV26 -> 0 | DX26: =VLOOKUP($E26,DW$463:DZ$474,2,FALSE)*DW26*($K26)+IF($G26>0,($H26/$G26)*DW26,0)*(1-$K26) -> 0 | DY26: =VLOOKUP($E26,DW$463:DZ$474,3,FALSE)*DW26*($K26)+IF($G26>0,($I26/$G26)*DW26,0)*(1-$K26) -> 0 | DZ26: =VLOOKUP($E26,DW$463:DZ$474,4,FALSE)*DW26*($K26)+(DW26-DX26-DY26)*(1-$K26) -> 0 | ED26: =VLOOKUP($A26,'New Resources - Individual'!$A$4:$Y$151,ED$2,FALSE)*ED$1 -> 0 | EE26: =$G26+ED26 -> 0 | EF26: =VLOOKUP($E26,EE$463:EH$474,2,FALSE)*EE26*($K26)+IF($G26>0,($H26/$G26)*EE26,0)*(1-$K26) -> 0 | EG26: =VLOOKUP($E26,EE$463:EH$474,3,FALSE)*EE26*($K26)+IF($G26>0,($I26/$G26)*EE26,0)*(1-$K26) -> 0 | EH26: =VLOOKUP($E26,EE$463:EH$474,4,FALSE)*EE26*($K26)+(EE26-EF26-EG26)*(1-$K26) -> 0 | EL26: =VLOOKUP($A26,'New Resources - Individual'!$A$4:$Y$151,EL$2,FALSE)*EL$1 -> 0 | EM26: =$G26+EL26 -> 0 | EN26: =VLOOKUP($E26,EM$463:EP$474,2,FALSE)*EM26*($K26)+IF($G26>0,($H26/$G26)*EM26,0)*(1-$K26) -> 0 | EO26: =VLOOKUP($E26,EM$463:EP$474,3,FALSE)*EM26*($K26)+IF($G26>0,($I26/$G26)*EM26,0)*(1-$K26) -> 0 | EP26: =VLOOKUP($E26,EM$463:EP$474,4,FALSE)*EM26*($K26)+(EM26-EN26-EO26)*(1-$K26) -> 0 | ET26: =VLOOKUP($A26,'New Resources - Individual'!$A$4:$Y$151,ET$2,FALSE)*ET$1 -> 0 | EU26: =$G26+ET26 -> 0 | EV26: =VLOOKUP($E26,EU$463:EX$474,2,FALSE)*EU26*($K26)+IF($G26>0,($H26/$G26)*EU26,0)*(1-$K26) -> 0 | EW26: =VLOOKUP($E26,EU$463:EX$474,3,FALSE)*EU26*($K26)+IF($G26>0,($I26/$G26)*EU26,0)*(1-$K26) -> 0 | EX26: =VLOOKUP($E26,EU$463:EX$474,4,FALSE)*EU26*($K26)+(EU26-EV26-EW26)*(1-$K26) -> 0 | FB26: =VLOOKUP($A26,'New Resources - Individual'!$A$4:$Y$151,FB$2,FALSE)*FB$1 -> 0 | FC26: =$G26+FB26 -> 0 | FD26: =VLOOKUP($E26,FC$463:FF$474,2,FALSE)*FC26*($K26)+IF($G26>0,($H26/$G26)*FC26,0)*(1-$K26) -> 0 | FE26: =VLOOKUP($E26,FC$463:FF$474,3,FALSE)*FC26*($K26)+IF($G26>0,($I26/$G26)*FC26,0)*(1-$K26) -> 0 | FF26: =VLOOKUP($E26,FC$463:FF$474,4,FALSE)*FC26*($K26)+(FC26-FD26-FE26)*(1-$K26) -> 0 | FJ26: =VLOOKUP($A26,'New Resources - Individual'!$A$4:$Y$151,FJ$2,FALSE)*FJ$1 -> 0 | FK26: =$G26+FJ26 -> 0 | FL26: =VLOOKUP($E26,FK$463:FN$474,2,FALSE)*FK26*($K26)+IF($G26>0,($H26/$G26)*FK26,0)*(1-$K26) -> 0 | FM26: =VLOOKUP($E26,FK$463:FN$474,3,FALSE)*FK26*($K26)+IF($G26>0,($I26/$G26)*FK26,0)*(1-$K26) -> 0 | FN26: =VLOOKUP($E26,FK$463:FN$474,4,FALSE)*FK26*($K26)+(FK26-FL26-FM26)*(1-$K26) -> 0
A27: 64 | B27: Other Renewable Production | D27: 339.1-339.13 | E27: ='Sch 1- Rate Base '!E27 -> PROD | G27: ='Sch 1- Rate Base '!G27 -> 0 | H27: ='Sch 1- Rate Base '!H27 -> 0 | I27: ='Sch 1- Rate Base '!I27 -> 0 | J27: ='Sch 1- Rate Base '!J27 -> 0 | K27: =IF($E27="DIRECT",0,1) -> 1 | N27: =VLOOKUP($A27,'New Resources - Individual'!$A$4:$Y$151,N$2,FALSE)*N$1 -> 0 | O27: =$G27+N27 -> 0 | P27: =VLOOKUP($E27,O$463:R$474,2,FALSE)*O27*($K27)+IF($G27>0,($H27/$G27)*O27,0)*(1-$K27) -> 0 | Q27: =VLOOKUP($E27,O$463:R$474,3,FALSE)*O27*($K27)+IF($G27>0,($I27/$G27)*O27,0)*(1-$K27) -> 0 | R27: =VLOOKUP($E27,O$463:R$474,4,FALSE)*O27*($K27)+(O27-P27-Q27)*(1-$K27) -> 0 | V27: =VLOOKUP($A27,'New Resources - Individual'!$A$4:$Y$151,V$2,FALSE)*V$1 -> 0 | W27: =$G27+V27 -> 0 | X27: =VLOOKUP($E27,W$463:Z$474,2,FALSE)*W27*($K27)+IF($G27>0,($H27/$G27)*W27,0)*(1-$K27) -> 0 | Y27: =VLOOKUP($E27,W$463:Z$474,3,FALSE)*W27*($K27)+IF($G27>0,($I27/$G27)*W27,0)*(1-$K27) -> 0 | Z27: =VLOOKUP($E27,W$463:Z$474,4,FALSE)*W27*($K27)+(W27-X27-Y27)*(1-$K27) -> 0 | AA27: 1 | AD27: =VLOOKUP($A27,'New Resources - Individual'!$A$4:$Y$151,AD$2,FALSE)*AD$1 -> 0 | AE27: =$G27+AD27 -> 0 | AF27: =VLOOKUP($E27,AE$463:AH$474,2,FALSE)*AE27*($K27)+IF($G27>0,($H27/$G27)*AE27,0)*(1-$K27) -> 0 | AG27: =VLOOKUP($E27,AE$463:AH$474,3,FALSE)*AE27*($K27)+IF($G27>0,($I27/$G27)*AE27,0)*(1-$K27) -> 0 | AH27: =VLOOKUP($E27,AE$463:AH$474,4,FALSE)*AE27*($K27)+(AE27-AF27-AG27)*(1-$K27) -> 0 | AL27: =VLOOKUP($A27,'New Resources - Individual'!$A$4:$Y$151,AL$2,FALSE)*AL$1 -> 0 | AM27: =$G27+AL27 -> 0 | AN27: =VLOOKUP($E27,AM$463:AP$474,2,FALSE)*AM27*($K27)+IF($G27>0,($H27/$G27)*AM27,0)*(1-$K27) -> 0 | AO27: =VLOOKUP($E27,AM$463:AP$474,3,FALSE)*AM27*($K27)+IF($G27>0,($I27/$G27)*AM27,0)*(1-$K27) -> 0 | AP27: =VLOOKUP($E27,AM$463:AP$474,4,FALSE)*AM27*($K27)+(AM27-AN27-AO27)*(1-$K27) -> 0 | AT27: =VLOOKUP($A27,'New Resources - Individual'!$A$4:$Y$151,AT$2,FALSE)*AT$1 -> 0 | AU27: =$G27+AT27 -> 0 | AV27: =VLOOKUP($E27,AU$463:AX$474,2,FALSE)*AU27*($K27)+IF($G27>0,($H27/$G27)*AU27,0)*(1-$K27) -> 0 | AW27: =VLOOKUP($E27,AU$463:AX$474,3,FALSE)*AU27*($K27)+IF($G27>0,($I27/$G27)*AU27,0)*(1-$K27) -> 0 | AX27: =VLOOKUP($E27,AU$463:AX$474,4,FALSE)*AU27*($K27)+(AU27-AV27-AW27)*(1-$K27) -> 0 | BB27: =VLOOKUP($A27,'New Resources - Individual'!$A$4:$Y$151,BB$2,FALSE)*BB$1 -> 0 | BC27: =$G27+BB27 -> 0 | BD27: =VLOOKUP($E27,BC$463:BF$474,2,FALSE)*BC27*($K27)+IF($G27>0,($H27/$G27)*BC27,0)*(1-$K27) -> 0 | BE27: =VLOOKUP($E27,BC$463:BF$474,3,FALSE)*BC27*($K27)+IF($G27>0,($I27/$G27)*BC27,0)*(1-$K27) -> 0 | BF27: =VLOOKUP($E27,BC$463:BF$474,4,FALSE)*BC27*($K27)+(BC27-BD27-BE27)*(1-$K27) -> 0 | BJ27: =VLOOKUP($A27,'New Resources - Individual'!$A$4:$Y$151,BJ$2,FALSE)*BJ$1 -> 0 | BK27: =$G27+BJ27 -> 0 | BL27: =VLOOKUP($E27,BK$463:BN$474,2,FALSE)*BK27*($K27)+IF($G27>0,($H27/$G27)*BK27,0)*(1-$K27) -> 0 | BM27: =VLOOKUP($E27,BK$463:BN$474,3,FALSE)*BK27*($K27)+IF($G27>0,($I27/$G27)*BK27,0)*(1-$K27) -> 0 | BN27: =VLOOKUP($E27,BK$463:BN$474,4,FALSE)*BK27*($K27)+(BK27-BL27-BM27)*(1-$K27) -> 0 | BR27: =VLOOKUP($A27,'New Resources - Individual'!$A$4:$Y$151,BR$2,FALSE)*BR$1 -> 0 | BS27: =$G27+BR27 -> 0 | BT27: =VLOOKUP($E27,BS$463:BV$474,2,FALSE)*BS27*($K27)+IF($G27>0,($H27/$G27)*BS27,0)*(1-$K27) -> 0 | BU27: =VLOOKUP($E27,BS$463:BV$474,3,FALSE)*BS27*($K27)+IF($G27>0,($I27/$G27)*BS27,0)*(1-$K27) -> 0 | BV27: =VLOOKUP($E27,BS$463:BV$474,4,FALSE)*BS27*($K27)+(BS27-BT27-BU27)*(1-$K27) -> 0 | BZ27: =VLOOKUP($A27,'New Resources - Individual'!$A$4:$Y$151,BZ$2,FALSE)*BZ$1 -> 0 | CA27: =$G27+BZ27 -> 0 | CB27: =VLOOKUP($E27,CA$463:CD$474,2,FALSE)*CA27*($K27)+IF($G27>0,($H27/$G27)*CA27,0)*(1-$K27) -> 0 | CC27: =VLOOKUP($E27,CA$463:CD$474,3,FALSE)*CA27*($K27)+IF($G27>0,($I27/$G27)*CA27,0)*(1-$K27) -> 0 | CD27: =VLOOKUP($E27,CA$463:CD$474,4,FALSE)*CA27*($K27)+(CA27-CB27-CC27)*(1-$K27) -> 0 | CH27: =VLOOKUP($A27,'New Resources - Individual'!$A$4:$Y$151,CH$2,FALSE)*CH$1 -> 0 | CI27: =$G27+CH27 -> 0 | CJ27: =VLOOKUP($E27,CI$463:CL$474,2,FALSE)*CI27*($K27)+IF($G27>0,($H27/$G27)*CI27,0)*(1-$K27) -> 0 | CK27: =VLOOKUP($E27,CI$463:CL$474,3,FALSE)*CI27*($K27)+IF($G27>0,($I27/$G27)*CI27,0)*(1-$K27) -> 0 | CL27: =VLOOKUP($E27,CI$463:CL$474,4,FALSE)*CI27*($K27)+(CI27-CJ27-CK27)*(1-$K27) -> 0 | CP27: =VLOOKUP($A27,'New Resources - Individual'!$A$4:$Y$151,CP$2,FALSE)*CP$1 -> 0 | CQ27: =$G27+CP27 -> 0 | CR27: =VLOOKUP($E27,CQ$463:CT$474,2,FALSE)*CQ27*($K27)+IF($G27>0,($H27/$G27)*CQ27,0)*(1-$K27) -> 0 | CS27: =VLOOKUP($E27,CQ$463:CT$474,3,FALSE)*CQ27*($K27)+IF($G27>0,($I27/$G27)*CQ27,0)*(1-$K27) -> 0 | CT27: =VLOOKUP($E27,CQ$463:CT$474,4,FALSE)*CQ27*($K27)+(CQ27-CR27-CS27)*(1-$K27) -> 0 | CX27: =VLOOKUP($A27,'New Resources - Individual'!$A$4:$Y$151,CX$2,FALSE)*CX$1 -> 0 | CY27: =$G27+CX27 -> 0 | CZ27: =VLOOKUP($E27,CY$463:DB$474,2,FALSE)*CY27*($K27)+IF($G27>0,($H27/$G27)*CY27,0)*(1-$K27) -> 0 | DA27: =VLOOKUP($E27,CY$463:DB$474,3,FALSE)*CY27*($K27)+IF($G27>0,($I27/$G27)*CY27,0)*(1-$K27) -> 0 | DB27: =VLOOKUP($E27,CY$463:DB$474,4,FALSE)*CY27*($K27)+(CY27-CZ27-DA27)*(1-$K27) -> 0 | DF27: =VLOOKUP($A27,'New Resources - Individual'!$A$4:$Y$151,DF$2,FALSE)*DF$1 -> 0 | DG27: =$G27+DF27 -> 0 | DH27: =VLOOKUP($E27,DG$463:DJ$474,2,FALSE)*DG27*($K27)+IF($G27>0,($H27/$G27)*DG27,0)*(1-$K27) -> 0 | DI27: =VLOOKUP($E27,DG$463:DJ$474,3,FALSE)*DG27*($K27)+IF($G27>0,($I27/$G27)*DG27,0)*(1-$K27) -> 0 | DJ27: =VLOOKUP($E27,DG$463:DJ$474,4,FALSE)*DG27*($K27)+(DG27-DH27-DI27)*(1-$K27) -> 0 | DN27: =VLOOKUP($A27,'New Resources - Individual'!$A$4:$Y$151,DN$2,FALSE)*DN$1 -> 0 | DO27: =$G27+DN27 -> 0 | DP27: =VLOOKUP($E27,DO$463:DR$474,2,FALSE)*DO27*($K27)+IF($G27>0,($H27/$G27)*DO27,0)*(1-$K27) -> 0 | DQ27: =VLOOKUP($E27,DO$463:DR$474,3,FALSE)*DO27*($K27)+IF($G27>0,($I27/$G27)*DO27,0)*(1-$K27) -> 0 | DR27: =VLOOKUP($E27,DO$463:DR$474,4,FALSE)*DO27*($K27)+(DO27-DP27-DQ27)*(1-$K27) -> 0 | DV27: =VLOOKUP($A27,'New Resources - Individual'!$A$4:$Y$151,DV$2,FALSE)*DV$1 -> 0 | DW27: =$G27+DV27 -> 0 | DX27: =VLOOKUP($E27,DW$463:DZ$474,2,FALSE)*DW27*($K27)+IF($G27>0,($H27/$G27)*DW27,0)*(1-$K27) -> 0 | DY27: =VLOOKUP($E27,DW$463:DZ$474,3,FALSE)*DW27*($K27)+IF($G27>0,($I27/$G27)*DW27,0)*(1-$K27) -> 0 | DZ27: =VLOOKUP($E27,DW$463:DZ$474,4,FALSE)*DW27*($K27)+(DW27-DX27-DY27)*(1-$K27) -> 0 | ED27: =VLOOKUP($A27,'New Resources - Individual'!$A$4:$Y$151,ED$2,FALSE)*ED$1 -> 0 | EE27: =$G27+ED27 -> 0 | EF27: =VLOOKUP($E27,EE$463:EH$474,2,FALSE)*EE27*($K27)+IF($G27>0,($H27/$G27)*EE27,0)*(1-$K27) -> 0 | EG27: =VLOOKUP($E27,EE$463:EH$474,3,FALSE)*EE27*($K27)+IF($G27>0,($I27/$G27)*EE27,0)*(1-$K27) -> 0 | EH27: =VLOOKUP($E27,EE$463:EH$474,4,FALSE)*EE27*($K27)+(EE27-EF27-EG27)*(1-$K27) -> 0 | EL27: =VLOOKUP($A27,'New Resources - Individual'!$A$4:$Y$151,EL$2,FALSE)*EL$1 -> 0 | EM27: =$G27+EL27 -> 0 | EN27: =VLOOKUP($E27,EM$463:EP$474,2,FALSE)*EM27*($K27)+IF($G27>0,($H27/$G27)*EM27,0)*(1-$K27) -> 0 | EO27: =VLOOKUP($E27,EM$463:EP$474,3,FALSE)*EM27*($K27)+IF($G27>0,($I27/$G27)*EM27,0)*(1-$K27) -> 0 | EP27: =VLOOKUP($E27,EM$463:EP$474,4,FALSE)*EM27*($K27)+(EM27-EN27-EO27)*(1-$K27) -> 0 | ET27: =VLOOKUP($A27,'New Resources - Individual'!$A$4:$Y$151,ET$2,FALSE)*ET$1 -> 0 | EU27: =$G27+ET27 -> 0 | EV27: =VLOOKUP($E27,EU$463:EX$474,2,FALSE)*EU27*($K27)+IF($G27>0,($H27/$G27)*EU27,0)*(1-$K27) -> 0 | EW27: =VLOOKUP($E27,EU$463:EX$474,3,FALSE)*EU27*($K27)+IF($G27>0,($I27/$G27)*EU27,0)*(1-$K27) -> 0 | EX27: =VLOOKUP($E27,EU$463:EX$474,4,FALSE)*EU27*($K27)+(EU27-EV27-EW27)*(1-$K27) -> 0 | FB27: =VLOOKUP($A27,'New Resources - Individual'!$A$4:$Y$151,FB$2,FALSE)*FB$1 -> 0 | FC27: =$G27+FB27 -> 0 | FD27: =VLOOKUP($E27,FC$463:FF$474,2,FALSE)*FC27*($K27)+IF($G27>0,($H27/$G27)*FC27,0)*(1-$K27) -> 0 | FE27: =VLOOKUP($E27,FC$463:FF$474,3,FALSE)*FC27*($K27)+IF($G27>0,($I27/$G27)*FC27,0)*(1-$K27) -> 0 | FF27: =VLOOKUP($E27,FC$463:FF$474,4,FALSE)*FC27*($K27)+(FC27-FD27-FE27)*(1-$K27) -> 0 | FJ27: =VLOOKUP($A27,'New Resources - Individual'!$A$4:$Y$151,FJ$2,FALSE)*FJ$1 -> 0 | FK27: =$G27+FJ27 -> 0 | FL27: =VLOOKUP($E27,FK$463:FN$474,2,FALSE)*FK27*($K27)+IF($G27>0,($H27/$G27)*FK27,0)*(1-$K27) -> 0 | FM27: =VLOOKUP($E27,FK$463:FN$474,3,FALSE)*FK27*($K27)+IF($G27>0,($I27/$G27)*FK27,0)*(1-$K27) -> 0 | FN27: =VLOOKUP($E27,FK$463:FN$474,4,FALSE)*FK27*($K27)+(FK27-FL27-FM27)*(1-$K27) -> 0
A28: 75 | B28: Other Production | D28: 340-347 | E28: ='Sch 1- Rate Base '!E28 -> PROD | G28: ='Sch 1- Rate Base '!G28 -> 0 | H28: ='Sch 1- Rate Base '!H28 -> 0 | I28: ='Sch 1- Rate Base '!I28 -> 0 | J28: ='Sch 1- Rate Base '!J28 -> 0 | K28: =IF($E28="DIRECT",0,1) -> 1 | N28: =VLOOKUP($A28,'New Resources - Individual'!$A$4:$Y$151,N$2,FALSE)*N$1 -> 0 | O28: =$G28+N28 -> 0 | P28: =VLOOKUP($E28,O$463:R$474,2,FALSE)*O28*($K28)+IF($G28>0,($H28/$G28)*O28,0)*(1-$K28) -> 0 | Q28: =VLOOKUP($E28,O$463:R$474,3,FALSE)*O28*($K28)+IF($G28>0,($I28/$G28)*O28,0)*(1-$K28) -> 0 | R28: =VLOOKUP($E28,O$463:R$474,4,FALSE)*O28*($K28)+(O28-P28-Q28)*(1-$K28) -> 0 | V28: =VLOOKUP($A28,'New Resources - Individual'!$A$4:$Y$151,V$2,FALSE)*V$1 -> 0 | W28: =$G28+V28 -> 0 | X28: =VLOOKUP($E28,W$463:Z$474,2,FALSE)*W28*($K28)+IF($G28>0,($H28/$G28)*W28,0)*(1-$K28) -> 0 | Y28: =VLOOKUP($E28,W$463:Z$474,3,FALSE)*W28*($K28)+IF($G28>0,($I28/$G28)*W28,0)*(1-$K28) -> 0 | Z28: =VLOOKUP($E28,W$463:Z$474,4,FALSE)*W28*($K28)+(W28-X28-Y28)*(1-$K28) -> 0 | AA28: 1 | AD28: =VLOOKUP($A28,'New Resources - Individual'!$A$4:$Y$151,AD$2,FALSE)*AD$1 -> 0 | AE28: =$G28+AD28 -> 0 | AF28: =VLOOKUP($E28,AE$463:AH$474,2,FALSE)*AE28*($K28)+IF($G28>0,($H28/$G28)*AE28,0)*(1-$K28) -> 0 | AG28: =VLOOKUP($E28,AE$463:AH$474,3,FALSE)*AE28*($K28)+IF($G28>0,($I28/$G28)*AE28,0)*(1-$K28) -> 0 | AH28: =VLOOKUP($E28,AE$463:AH$474,4,FALSE)*AE28*($K28)+(AE28-AF28-AG28)*(1-$K28) -> 0 | AL28: =VLOOKUP($A28,'New Resources - Individual'!$A$4:$Y$151,AL$2,FALSE)*AL$1 -> 0 | AM28: =$G28+AL28 -> 0 | AN28: =VLOOKUP($E28,AM$463:AP$474,2,FALSE)*AM28*($K28)+IF($G28>0,($H28/$G28)*AM28,0)*(1-$K28) -> 0 | AO28: =VLOOKUP($E28,AM$463:AP$474,3,FALSE)*AM28*($K28)+IF($G28>0,($I28/$G28)*AM28,0)*(1-$K28) -> 0 | AP28: =VLOOKUP($E28,AM$463:AP$474,4,FALSE)*AM28*($K28)+(AM28-AN28-AO28)*(1-$K28) -> 0 | AT28: =VLOOKUP($A28,'New Resources - Individual'!$A$4:$Y$151,AT$2,FALSE)*AT$1 -> 0 | AU28: =$G28+AT28 -> 0 | AV28: =VLOOKUP($E28,AU$463:AX$474,2,FALSE)*AU28*($K28)+IF($G28>0,($H28/$G28)*AU28,0)*(1-$K28) -> 0 | AW28: =VLOOKUP($E28,AU$463:AX$474,3,FALSE)*AU28*($K28)+IF($G28>0,($I28/$G28)*AU28,0)*(1-$K28) -> 0 | AX28: =VLOOKUP($E28,AU$463:AX$474,4,FALSE)*AU28*($K28)+(AU28-AV28-AW28)*(1-$K28) -> 0 | BB28: =VLOOKUP($A28,'New Resources - Individual'!$A$4:$Y$151,BB$2,FALSE)*BB$1 -> 0 | BC28: =$G28+BB28 -> 0 | BD28: =VLOOKUP($E28,BC$463:BF$474,2,FALSE)*BC28*($K28)+IF($G28>0,($H28/$G28)*BC28,0)*(1-$K28) -> 0 | BE28: =VLOOKUP($E28,BC$463:BF$474,3,FALSE)*BC28*($K28)+IF($G28>0,($I28/$G28)*BC28,0)*(1-$K28) -> 0 | BF28: =VLOOKUP($E28,BC$463:BF$474,4,FALSE)*BC28*($K28)+(BC28-BD28-BE28)*(1-$K28) -> 0 | BJ28: =VLOOKUP($A28,'New Resources - Individual'!$A$4:$Y$151,BJ$2,FALSE)*BJ$1 -> 0 | BK28: =$G28+BJ28 -> 0 | BL28: =VLOOKUP($E28,BK$463:BN$474,2,FALSE)*BK28*($K28)+IF($G28>0,($H28/$G28)*BK28,0)*(1-$K28) -> 0 | BM28: =VLOOKUP($E28,BK$463:BN$474,3,FALSE)*BK28*($K28)+IF($G28>0,($I28/$G28)*BK28,0)*(1-$K28) -> 0 | BN28: =VLOOKUP($E28,BK$463:BN$474,4,FALSE)*BK28*($K28)+(BK28-BL28-BM28)*(1-$K28) -> 0 | BR28: =VLOOKUP($A28,'New Resources - Individual'!$A$4:$Y$151,BR$2,FALSE)*BR$1 -> 0 | BS28: =$G28+BR28 -> 0 | BT28: =VLOOKUP($E28,BS$463:BV$474,2,FALSE)*BS28*($K28)+IF($G28>0,($H28/$G28)*BS28,0)*(1-$K28) -> 0 | BU28: =VLOOKUP($E28,BS$463:BV$474,3,FALSE)*BS28*($K28)+IF($G28>0,($I28/$G28)*BS28,0)*(1-$K28) -> 0 | BV28: =VLOOKUP($E28,BS$463:BV$474,4,FALSE)*BS28*($K28)+(BS28-BT28-BU28)*(1-$K28) -> 0 | BZ28: =VLOOKUP($A28,'New Resources - Individual'!$A$4:$Y$151,BZ$2,FALSE)*BZ$1 -> 0 | CA28: =$G28+BZ28 -> 0 | CB28: =VLOOKUP($E28,CA$463:CD$474,2,FALSE)*CA28*($K28)+IF($G28>0,($H28/$G28)*CA28,0)*(1-$K28) -> 0 | CC28: =VLOOKUP($E28,CA$463:CD$474,3,FALSE)*CA28*($K28)+IF($G28>0,($I28/$G28)*CA28,0)*(1-$K28) -> 0 | CD28: =VLOOKUP($E28,CA$463:CD$474,4,FALSE)*CA28*($K28)+(CA28-CB28-CC28)*(1-$K28) -> 0 | CH28: =VLOOKUP($A28,'New Resources - Individual'!$A$4:$Y$151,CH$2,FALSE)*CH$1 -> 0 | CI28: =$G28+CH28 -> 0 | CJ28: =VLOOKUP($E28,CI$463:CL$474,2,FALSE)*CI28*($K28)+IF($G28>0,($H28/$G28)*CI28,0)*(1-$K28) -> 0 | CK28: =VLOOKUP($E28,CI$463:CL$474,3,FALSE)*CI28*($K28)+IF($G28>0,($I28/$G28)*CI28,0)*(1-$K28) -> 0 | CL28: =VLOOKUP($E28,CI$463:CL$474,4,FALSE)*CI28*($K28)+(CI28-CJ28-CK28)*(1-$K28) -> 0 | CP28: =VLOOKUP($A28,'New Resources - Individual'!$A$4:$Y$151,CP$2,FALSE)*CP$1 -> 0 | CQ28: =$G28+CP28 -> 0 | CR28: =VLOOKUP($E28,CQ$463:CT$474,2,FALSE)*CQ28*($K28)+IF($G28>0,($H28/$G28)*CQ28,0)*(1-$K28) -> 0 | CS28: =VLOOKUP($E28,CQ$463:CT$474,3,FALSE)*CQ28*($K28)+IF($G28>0,($I28/$G28)*CQ28,0)*(1-$K28) -> 0 | CT28: =VLOOKUP($E28,CQ$463:CT$474,4,FALSE)*CQ28*($K28)+(CQ28-CR28-CS28)*(1-$K28) -> 0 | CX28: =VLOOKUP($A28,'New Resources - Individual'!$A$4:$Y$151,CX$2,FALSE)*CX$1 -> 0 | CY28: =$G28+CX28 -> 0 | CZ28: =VLOOKUP($E28,CY$463:DB$474,2,FALSE)*CY28*($K28)+IF($G28>0,($H28/$G28)*CY28,0)*(1-$K28) -> 0 | DA28: =VLOOKUP($E28,CY$463:DB$474,3,FALSE)*CY28*($K28)+IF($G28>0,($I28/$G28)*CY28,0)*(1-$K28) -> 0 | DB28: =VLOOKUP($E28,CY$463:DB$474,4,FALSE)*CY28*($K28)+(CY28-CZ28-DA28)*(1-$K28) -> 0 | DF28: =VLOOKUP($A28,'New Resources - Individual'!$A$4:$Y$151,DF$2,FALSE)*DF$1 -> 0 | DG28: =$G28+DF28 -> 0 | DH28: =VLOOKUP($E28,DG$463:DJ$474,2,FALSE)*DG28*($K28)+IF($G28>0,($H28/$G28)*DG28,0)*(1-$K28) -> 0 | DI28: =VLOOKUP($E28,DG$463:DJ$474,3,FALSE)*DG28*($K28)+IF($G28>0,($I28/$G28)*DG28,0)*(1-$K28) -> 0 | DJ28: =VLOOKUP($E28,DG$463:DJ$474,4,FALSE)*DG28*($K28)+(DG28-DH28-DI28)*(1-$K28) -> 0 | DN28: =VLOOKUP($A28,'New Resources - Individual'!$A$4:$Y$151,DN$2,FALSE)*DN$1 -> 0 | DO28: =$G28+DN28 -> 0 | DP28: =VLOOKUP($E28,DO$463:DR$474,2,FALSE)*DO28*($K28)+IF($G28>0,($H28/$G28)*DO28,0)*(1-$K28) -> 0 | DQ28: =VLOOKUP($E28,DO$463:DR$474,3,FALSE)*DO28*($K28)+IF($G28>0,($I28/$G28)*DO28,0)*(1-$K28) -> 0 | DR28: =VLOOKUP($E28,DO$463:DR$474,4,FALSE)*DO28*($K28)+(DO28-DP28-DQ28)*(1-$K28) -> 0 | DV28: =VLOOKUP($A28,'New Resources - Individual'!$A$4:$Y$151,DV$2,FALSE)*DV$1 -> 0 | DW28: =$G28+DV28 -> 0 | DX28: =VLOOKUP($E28,DW$463:DZ$474,2,FALSE)*DW28*($K28)+IF($G28>0,($H28/$G28)*DW28,0)*(1-$K28) -> 0 | DY28: =VLOOKUP($E28,DW$463:DZ$474,3,FALSE)*DW28*($K28)+IF($G28>0,($I28/$G28)*DW28,0)*(1-$K28) -> 0 | DZ28: =VLOOKUP($E28,DW$463:DZ$474,4,FALSE)*DW28*($K28)+(DW28-DX28-DY28)*(1-$K28) -> 0 | ED28: =VLOOKUP($A28,'New Resources - Individual'!$A$4:$Y$151,ED$2,FALSE)*ED$1 -> 0 | EE28: =$G28+ED28 -> 0 | EF28: =VLOOKUP($E28,EE$463:EH$474,2,FALSE)*EE28*($K28)+IF($G28>0,($H28/$G28)*EE28,0)*(1-$K28) -> 0 | EG28: =VLOOKUP($E28,EE$463:EH$474,3,FALSE)*EE28*($K28)+IF($G28>0,($I28/$G28)*EE28,0)*(1-$K28) -> 0 | EH28: =VLOOKUP($E28,EE$463:EH$474,4,FALSE)*EE28*($K28)+(EE28-EF28-EG28)*(1-$K28) -> 0 | EL28: =VLOOKUP($A28,'New Resources - Individual'!$A$4:$Y$151,EL$2,FALSE)*EL$1 -> 0 | EM28: =$G28+EL28 -> 0 | EN28: =VLOOKUP($E28,EM$463:EP$474,2,FALSE)*EM28*($K28)+IF($G28>0,($H28/$G28)*EM28,0)*(1-$K28) -> 0 | EO28: =VLOOKUP($E28,EM$463:EP$474,3,FALSE)*EM28*($K28)+IF($G28>0,($I28/$G28)*EM28,0)*(1-$K28) -> 0 | EP28: =VLOOKUP($E28,EM$463:EP$474,4,FALSE)*EM28*($K28)+(EM28-EN28-EO28)*(1-$K28) -> 0 | ET28: =VLOOKUP($A28,'New Resources - Individual'!$A$4:$Y$151,ET$2,FALSE)*ET$1 -> 0 | EU28: =$G28+ET28 -> 0 | EV28: =VLOOKUP($E28,EU$463:EX$474,2,FALSE)*EU28*($K28)+IF($G28>0,($H28/$G28)*EU28,0)*(1-$K28) -> 0 | EW28: =VLOOKUP($E28,EU$463:EX$474,3,FALSE)*EU28*($K28)+IF($G28>0,($I28/$G28)*EU28,0)*(1-$K28) -> 0 | EX28: =VLOOKUP($E28,EU$463:EX$474,4,FALSE)*EU28*($K28)+(EU28-EV28-EW28)*(1-$K28) -> 0 | FB28: =VLOOKUP($A28,'New Resources - Individual'!$A$4:$Y$151,FB$2,FALSE)*FB$1 -> 0 | FC28: =$G28+FB28 -> 0 | FD28: =VLOOKUP($E28,FC$463:FF$474,2,FALSE)*FC28*($K28)+IF($G28>0,($H28/$G28)*FC28,0)*(1-$K28) -> 0 | FE28: =VLOOKUP($E28,FC$463:FF$474,3,FALSE)*FC28*($K28)+IF($G28>0,($I28/$G28)*FC28,0)*(1-$K28) -> 0 | FF28: =VLOOKUP($E28,FC$463:FF$474,4,FALSE)*FC28*($K28)+(FC28-FD28-FE28)*(1-$K28) -> 0 | FJ28: =VLOOKUP($A28,'New Resources - Individual'!$A$4:$Y$151,FJ$2,FALSE)*FJ$1 -> 0 | FK28: =$G28+FJ28 -> 0 | FL28: =VLOOKUP($E28,FK$463:FN$474,2,FALSE)*FK28*($K28)+IF($G28>0,($H28/$G28)*FK28,0)*(1-$K28) -> 0 | FM28: =VLOOKUP($E28,FK$463:FN$474,3,FALSE)*FK28*($K28)+IF($G28>0,($I28/$G28)*FK28,0)*(1-$K28) -> 0 | FN28: =VLOOKUP($E28,FK$463:FN$474,4,FALSE)*FK28*($K28)+(FK28-FL28-FM28)*(1-$K28) -> 0
A29: Total Production Plant | G29: =SUM(G22:G28) -> 0 | H29: =SUM(H22:H28) -> 0 | I29: =SUM(I22:I28) -> 0 | J29: =SUM(J22:J28) -> 0 | O29: =SUM(O22:O28) -> 0 | P29: =SUM(P22:P28) -> 0 | Q29: =SUM(Q22:Q28) -> 0 | R29: =SUM(R22:R28) -> 0 | W29: =SUM(W22:W28) -> 0 | X29: =SUM(X22:X28) -> 0 | Y29: =SUM(Y22:Y28) -> 0 | Z29: =SUM(Z22:Z28) -> 0 | AE29: =SUM(AE22:AE28) -> 0 | AF29: =SUM(AF22:AF28) -> 0 | AG29: =SUM(AG22:AG28) -> 0 | AH29: =SUM(AH22:AH28) -> 0 | AM29: =SUM(AM22:AM28) -> 0 | AN29: =SUM(AN22:AN28) -> 0 | AO29: =SUM(AO22:AO28) -> 0 | AP29: =SUM(AP22:AP28) -> 0 | AU29: =SUM(AU22:AU28) -> 0 | AV29: =SUM(AV22:AV28) -> 0 | AW29: =SUM(AW22:AW28) -> 0 | AX29: =SUM(AX22:AX28) -> 0 | BC29: =SUM(BC22:BC28) -> 0 | BD29: =SUM(BD22:BD28) -> 0 | BE29: =SUM(BE22:BE28) -> 0 | BF29: =SUM(BF22:BF28) -> 0 | BK29: =SUM(BK22:BK28) -> 0 | BL29: =SUM(BL22:BL28) -> 0 | BM29: =SUM(BM22:BM28) -> 0 | BN29: =SUM(BN22:BN28) -> 0 | BS29: =SUM(BS22:BS28) -> 0 | BT29: =SUM(BT22:BT28) -> 0 | BU29: =SUM(BU22:BU28) -> 0 | BV29: =SUM(BV22:BV28) -> 0 | CA29: =SUM(CA22:CA28) -> 0 | CB29: =SUM(CB22:CB28) -> 0 | CC29: =SUM(CC22:CC28) -> 0 | CD29: =SUM(CD22:CD28) -> 0 | CI29: =SUM(CI22:CI28) -> 0 | CJ29: =SUM(CJ22:CJ28) -> 0 | CK29: =SUM(CK22:CK28) -> 0 | CL29: =SUM(CL22:CL28) -> 0 | CQ29: =SUM(CQ22:CQ28) -> 0 | CR29: =SUM(CR22:CR28) -> 0 | CS29: =SUM(CS22:CS28) -> 0 | CT29: =SUM(CT22:CT28) -> 0 | CY29: =SUM(CY22:CY28) -> 0 | CZ29: =SUM(CZ22:CZ28) -> 0 | DA29: =SUM(DA22:DA28) -> 0 | DB29: =SUM(DB22:DB28) -> 0 | DG29: =SUM(DG22:DG28) -> 0 | DH29: =SUM(DH22:DH28) -> 0 | DI29: =SUM(DI22:DI28) -> 0 | DJ29: =SUM(DJ22:DJ28) -> 0 | DO29: =SUM(DO22:DO28) -> 0 | DP29: =SUM(DP22:DP28) -> 0 | DQ29: =SUM(DQ22:DQ28) -> 0 | DR29: =SUM(DR22:DR28) -> 0 | DW29: =SUM(DW22:DW28) -> 0 | DX29: =SUM(DX22:DX28) -> 0 | DY29: =SUM(DY22:DY28) -> 0 | DZ29: =SUM(DZ22:DZ28) -> 0 | EE29: =SUM(EE22:EE28) -> 0 | EF29: =SUM(EF22:EF28) -> 0 | EG29: =SUM(EG22:EG28) -> 0 | EH29: =SUM(EH22:EH28) -> 0 | EM29: =SUM(EM22:EM28) -> 0 | EN29: =SUM(EN22:EN28) -> 0 | EO29: =SUM(EO22:EO28) -> 0 | EP29: =SUM(EP22:EP28) -> 0 | EU29: =SUM(EU22:EU28) -> 0 | EV29: =SUM(EV22:EV28) -> 0 | EW29: =SUM(EW22:EW28) -> 0 | EX29: =SUM(EX22:EX28) -> 0 | FC29: =SUM(FC22:FC28) -> 0 | FD29: =SUM(FD22:FD28) -> 0 | FE29: =SUM(FE22:FE28) -> 0 | FF29: =SUM(FF22:FF28) -> 0 | FK29: =SUM(FK22:FK28) -> 0 | FL29: =SUM(FL22:FL28) -> 0 | FM29: =SUM(FM22:FM28) -> 0 | FN29: =SUM(FN22:FN28) -> 0
A31: Transmission Plant: (i)
A32: 104 | B32: Transmission Plant | D32: 350-359.1 | E32: ='Sch 1- Rate Base '!E32 -> TRANS | G32: ='Sch 1- Rate Base '!G32 -> 0 | H32: ='Sch 1- Rate Base '!H32 -> 0 | I32: ='Sch 1- Rate Base '!I32 -> 0 | J32: ='Sch 1- Rate Base '!J32 -> 0 | K32: =IF($E32="DIRECT",0,1) -> 1 | N32: =VLOOKUP($A32,'New Resources - Individual'!$A$4:$Y$151,N$2,FALSE)*N$1 -> 0 | O32: =$G32+N32 -> 0 | P32: =VLOOKUP($E32,O$463:R$474,2,FALSE)*O32*($K32)+IF($G32>0,($H32/$G32)*O32,0)*(1-$K32) -> 0 | Q32: =VLOOKUP($E32,O$463:R$474,3,FALSE)*O32*($K32)+IF($G32>0,($I32/$G32)*O32,0)*(1-$K32) -> 0 | R32: =VLOOKUP($E32,O$463:R$474,4,FALSE)*O32*($K32)+(O32-P32-Q32)*(1-$K32) -> 0 | V32: =VLOOKUP($A32,'New Resources - Individual'!$A$4:$Y$151,V$2,FALSE)*V$1 -> 0 | W32: =$G32+V32 -> 0 | X32: =VLOOKUP($E32,W$463:Z$474,2,FALSE)*W32*($K32)+IF($G32>0,($H32/$G32)*W32,0)*(1-$K32) -> 0 | Y32: =VLOOKUP($E32,W$463:Z$474,3,FALSE)*W32*($K32)+IF($G32>0,($I32/$G32)*W32,0)*(1-$K32) -> 0 | Z32: =VLOOKUP($E32,W$463:Z$474,4,FALSE)*W32*($K32)+(W32-X32-Y32)*(1-$K32) -> 0 | AD32: =VLOOKUP($A32,'New Resources - Individual'!$A$4:$Y$151,AD$2,FALSE)*AD$1 -> 0 | AE32: =$G32+AD32 -> 0 | AF32: =VLOOKUP($E32,AE$463:AH$474,2,FALSE)*AE32*($K32)+IF($G32>0,($H32/$G32)*AE32,0)*(1-$K32) -> 0 | AG32: =VLOOKUP($E32,AE$463:AH$474,3,FALSE)*AE32*($K32)+IF($G32>0,($I32/$G32)*AE32,0)*(1-$K32) -> 0 | AH32: =VLOOKUP($E32,AE$463:AH$474,4,FALSE)*AE32*($K32)+(AE32-AF32-AG32)*(1-$K32) -> 0 | AL32: =VLOOKUP($A32,'New Resources - Individual'!$A$4:$Y$151,AL$2,FALSE)*AL$1 -> 0 | AM32: =$G32+AL32 -> 0 | AN32: =VLOOKUP($E32,AM$463:AP$474,2,FALSE)*AM32*($K32)+IF($G32>0,($H32/$G32)*AM32,0)*(1-$K32) -> 0 | AO32: =VLOOKUP($E32,AM$463:AP$474,3,FALSE)*AM32*($K32)+IF($G32>0,($I32/$G32)*AM32,0)*(1-$K32) -> 0 | AP32: =VLOOKUP($E32,AM$463:AP$474,4,FALSE)*AM32*($K32)+(AM32-AN32-AO32)*(1-$K32) -> 0 | AT32: =VLOOKUP($A32,'New Resources - Individual'!$A$4:$Y$151,AT$2,FALSE)*AT$1 -> 0 | AU32: =$G32+AT32 -> 0 | AV32: =VLOOKUP($E32,AU$463:AX$474,2,FALSE)*AU32*($K32)+IF($G32>0,($H32/$G32)*AU32,0)*(1-$K32) -> 0 | AW32: =VLOOKUP($E32,AU$463:AX$474,3,FALSE)*AU32*($K32)+IF($G32>0,($I32/$G32)*AU32,0)*(1-$K32) -> 0 | AX32: =VLOOKUP($E32,AU$463:AX$474,4,FALSE)*AU32*($K32)+(AU32-AV32-AW32)*(1-$K32) -> 0 | BB32: =VLOOKUP($A32,'New Resources - Individual'!$A$4:$Y$151,BB$2,FALSE)*BB$1 -> 0 | BC32: =$G32+BB32 -> 0 | BD32: =VLOOKUP($E32,BC$463:BF$474,2,FALSE)*BC32*($K32)+IF($G32>0,($H32/$G32)*BC32,0)*(1-$K32) -> 0 | BE32: =VLOOKUP($E32,BC$463:BF$474,3,FALSE)*BC32*($K32)+IF($G32>0,($I32/$G32)*BC32,0)*(1-$K32) -> 0 | BF32: =VLOOKUP($E32,BC$463:BF$474,4,FALSE)*BC32*($K32)+(BC32-BD32-BE32)*(1-$K32) -> 0 | BJ32: =VLOOKUP($A32,'New Resources - Individual'!$A$4:$Y$151,BJ$2,FALSE)*BJ$1 -> 0 | BK32: =$G32+BJ32 -> 0 | BL32: =VLOOKUP($E32,BK$463:BN$474,2,FALSE)*BK32*($K32)+IF($G32>0,($H32/$G32)*BK32,0)*(1-$K32) -> 0 | BM32: =VLOOKUP($E32,BK$463:BN$474,3,FALSE)*BK32*($K32)+IF($G32>0,($I32/$G32)*BK32,0)*(1-$K32) -> 0 | BN32: =VLOOKUP($E32,BK$463:BN$474,4,FALSE)*BK32*($K32)+(BK32-BL32-BM32)*(1-$K32) -> 0 | BR32: =VLOOKUP($A32,'New Resources - Individual'!$A$4:$Y$151,BR$2,FALSE)*BR$1 -> 0 | BS32: =$G32+BR32 -> 0 | BT32: =VLOOKUP($E32,BS$463:BV$474,2,FALSE)*BS32*($K32)+IF($G32>0,($H32/$G32)*BS32,0)*(1-$K32) -> 0 | BU32: =VLOOKUP($E32,BS$463:BV$474,3,FALSE)*BS32*($K32)+IF($G32>0,($I32/$G32)*BS32,0)*(1-$K32) -> 0 | BV32: =VLOOKUP($E32,BS$463:BV$474,4,FALSE)*BS32*($K32)+(BS32-BT32-BU32)*(1-$K32) -> 0 | BZ32: =VLOOKUP($A32,'New Resources - Individual'!$A$4:$Y$151,BZ$2,FALSE)*BZ$1 -> 0 | CA32: =$G32+BZ32 -> 0 | CB32: =VLOOKUP($E32,CA$463:CD$474,2,FALSE)*CA32*($K32)+IF($G32>0,($H32/$G32)*CA32,0)*(1-$K32) -> 0 | CC32: =VLOOKUP($E32,CA$463:CD$474,3,FALSE)*CA32*($K32)+IF($G32>0,($I32/$G32)*CA32,0)*(1-$K32) -> 0 | CD32: =VLOOKUP($E32,CA$463:CD$474,4,FALSE)*CA32*($K32)+(CA32-CB32-CC32)*(1-$K32) -> 0 | CH32: =VLOOKUP($A32,'New Resources - Individual'!$A$4:$Y$151,CH$2,FALSE)*CH$1 -> 0 | CI32: =$G32+CH32 -> 0 | CJ32: =VLOOKUP($E32,CI$463:CL$474,2,FALSE)*CI32*($K32)+IF($G32>0,($H32/$G32)*CI32,0)*(1-$K32) -> 0 | CK32: =VLOOKUP($E32,CI$463:CL$474,3,FALSE)*CI32*($K32)+IF($G32>0,($I32/$G32)*CI32,0)*(1-$K32) -> 0 | CL32: =VLOOKUP($E32,CI$463:CL$474,4,FALSE)*CI32*($K32)+(CI32-CJ32-CK32)*(1-$K32) -> 0 | CP32: =VLOOKUP($A32,'New Resources - Individual'!$A$4:$Y$151,CP$2,FALSE)*CP$1 -> 0 | CQ32: =$G32+CP32 -> 0 | CR32: =VLOOKUP($E32,CQ$463:CT$474,2,FALSE)*CQ32*($K32)+IF($G32>0,($H32/$G32)*CQ32,0)*(1-$K32) -> 0 | CS32: =VLOOKUP($E32,CQ$463:CT$474,3,FALSE)*CQ32*($K32)+IF($G32>0,($I32/$G32)*CQ32,0)*(1-$K32) -> 0 | CT32: =VLOOKUP($E32,CQ$463:CT$474,4,FALSE)*CQ32*($K32)+(CQ32-CR32-CS32)*(1-$K32) -> 0 | CX32: =VLOOKUP($A32,'New Resources - Individual'!$A$4:$Y$151,CX$2,FALSE)*CX$1 -> 0 | CY32: =$G32+CX32 -> 0 | CZ32: =VLOOKUP($E32,CY$463:DB$474,2,FALSE)*CY32*($K32)+IF($G32>0,($H32/$G32)*CY32,0)*(1-$K32) -> 0 | DA32: =VLOOKUP($E32,CY$463:DB$474,3,FALSE)*CY32*($K32)+IF($G32>0,($I32/$G32)*CY32,0)*(1-$K32) -> 0 | DB32: =VLOOKUP($E32,CY$463:DB$474,4,FALSE)*CY32*($K32)+(CY32-CZ32-DA32)*(1-$K32) -> 0 | DF32: =VLOOKUP($A32,'New Resources - Individual'!$A$4:$Y$151,DF$2,FALSE)*DF$1 -> 0 | DG32: =$G32+DF32 -> 0 | DH32: =VLOOKUP($E32,DG$463:DJ$474,2,FALSE)*DG32*($K32)+IF($G32>0,($H32/$G32)*DG32,0)*(1-$K32) -> 0 | DI32: =VLOOKUP($E32,DG$463:DJ$474,3,FALSE)*DG32*($K32)+IF($G32>0,($I32/$G32)*DG32,0)*(1-$K32) -> 0 | DJ32: =VLOOKUP($E32,DG$463:DJ$474,4,FALSE)*DG32*($K32)+(DG32-DH32-DI32)*(1-$K32) -> 0 | DN32: =VLOOKUP($A32,'New Resources - Individual'!$A$4:$Y$151,DN$2,FALSE)*DN$1 -> 0 | DO32: =$G32+DN32 -> 0 | DP32: =VLOOKUP($E32,DO$463:DR$474,2,FALSE)*DO32*($K32)+IF($G32>0,($H32/$G32)*DO32,0)*(1-$K32) -> 0 | DQ32: =VLOOKUP($E32,DO$463:DR$474,3,FALSE)*DO32*($K32)+IF($G32>0,($I32/$G32)*DO32,0)*(1-$K32) -> 0 | DR32: =VLOOKUP($E32,DO$463:DR$474,4,FALSE)*DO32*($K32)+(DO32-DP32-DQ32)*(1-$K32) -> 0 | DV32: =VLOOKUP($A32,'New Resources - Individual'!$A$4:$Y$151,DV$2,FALSE)*DV$1 -> 0 | DW32: =$G32+DV32 -> 0 | DX32: =VLOOKUP($E32,DW$463:DZ$474,2,FALSE)*DW32*($K32)+IF($G32>0,($H32/$G32)*DW32,0)*(1-$K32) -> 0 | DY32: =VLOOKUP($E32,DW$463:DZ$474,3,FALSE)*DW32*($K32)+IF($G32>0,($I32/$G32)*DW32,0)*(1-$K32) -> 0 | DZ32: =VLOOKUP($E32,DW$463:DZ$474,4,FALSE)*DW32*($K32)+(DW32-DX32-DY32)*(1-$K32) -> 0 | ED32: =VLOOKUP($A32,'New Resources - Individual'!$A$4:$Y$151,ED$2,FALSE)*ED$1 -> 0 | EE32: =$G32+ED32 -> 0 | EF32: =VLOOKUP($E32,EE$463:EH$474,2,FALSE)*EE32*($K32)+IF($G32>0,($H32/$G32)*EE32,0)*(1-$K32) -> 0 | EG32: =VLOOKUP($E32,EE$463:EH$474,3,FALSE)*EE32*($K32)+IF($G32>0,($I32/$G32)*EE32,0)*(1-$K32) -> 0 | EH32: =VLOOKUP($E32,EE$463:EH$474,4,FALSE)*EE32*($K32)+(EE32-EF32-EG32)*(1-$K32) -> 0 | EL32: =VLOOKUP($A32,'New Resources - Individual'!$A$4:$Y$151,EL$2,FALSE)*EL$1 -> 0 | EM32: =$G32+EL32 -> 0 | EN32: =VLOOKUP($E32,EM$463:EP$474,2,FALSE)*EM32*($K32)+IF($G32>0,($H32/$G32)*EM32,0)*(1-$K32) -> 0 | EO32: =VLOOKUP($E32,EM$463:EP$474,3,FALSE)*EM32*($K32)+IF($G32>0,($I32/$G32)*EM32,0)*(1-$K32) -> 0 | EP32: =VLOOKUP($E32,EM$463:EP$474,4,FALSE)*EM32*($K32)+(EM32-EN32-EO32)*(1-$K32) -> 0 | ET32: =VLOOKUP($A32,'New Resources - Individual'!$A$4:$Y$151,ET$2,FALSE)*ET$1 -> 0 | EU32: =$G32+ET32 -> 0 | EV32: =VLOOKUP($E32,EU$463:EX$474,2,FALSE)*EU32*($K32)+IF($G32>0,($H32/$G32)*EU32,0)*(1-$K32) -> 0 | EW32: =VLOOKUP($E32,EU$463:EX$474,3,FALSE)*EU32*($K32)+IF($G32>0,($I32/$G32)*EU32,0)*(1-$K32) -> 0 | EX32: =VLOOKUP($E32,EU$463:EX$474,4,FALSE)*EU32*($K32)+(EU32-EV32-EW32)*(1-$K32) -> 0 | FB32: =VLOOKUP($A32,'New Resources - Individual'!$A$4:$Y$151,FB$2,FALSE)*FB$1 -> 0 | FC32: =$G32+FB32 -> 0 | FD32: =VLOOKUP($E32,FC$463:FF$474,2,FALSE)*FC32*($K32)+IF($G32>0,($H32/$G32)*FC32,0)*(1-$K32) -> 0 | FE32: =VLOOKUP($E32,FC$463:FF$474,3,FALSE)*FC32*($K32)+IF($G32>0,($I32/$G32)*FC32,0)*(1-$K32) -> 0 | FF32: =VLOOKUP($E32,FC$463:FF$474,4,FALSE)*FC32*($K32)+(FC32-FD32-FE32)*(1-$K32) -> 0 | FJ32: =VLOOKUP($A32,'New Resources - Individual'!$A$4:$Y$151,FJ$2,FALSE)*FJ$1 -> 0 | FK32: =$G32+FJ32 -> 0 | FL32: =VLOOKUP($E32,FK$463:FN$474,2,FALSE)*FK32*($K32)+IF($G32>0,($H32/$G32)*FK32,0)*(1-$K32) -> 0 | FM32: =VLOOKUP($E32,FK$463:FN$474,3,FALSE)*FK32*($K32)+IF($G32>0,($I32/$G32)*FK32,0)*(1-$K32) -> 0 | FN32: =VLOOKUP($E32,FK$463:FN$474,4,FALSE)*FK32*($K32)+(FK32-FL32-FM32)*(1-$K32) -> 0
A33: Total Transmission Plant | G33: =SUM(G32) -> 0 | H33: =SUM(H32) -> 0 | I33: =SUM(I32) -> 0 | J33: =SUM(J32) -> 0 | O33: =SUM(O32) -> 0 | P33: =SUM(P32) -> 0 | Q33: =SUM(Q32) -> 0 | R33: =SUM(R32) -> 0 | W33: =SUM(W32) -> 0 | X33: =SUM(X32) -> 0 | Y33: =SUM(Y32) -> 0 | Z33: =SUM(Z32) -> 0 | AE33: =SUM(AE32) -> 0 | AF33: =SUM(AF32) -> 0 | AG33: =SUM(AG32) -> 0 | AH33: =SUM(AH32) -> 0 | AM33: =SUM(AM32) -> 0 | AN33: =SUM(AN32) -> 0 | AO33: =SUM(AO32) -> 0 | AP33: =SUM(AP32) -> 0 | AU33: =SUM(AU32) -> 0 | AV33: =SUM(AV32) -> 0 | AW33: =SUM(AW32) -> 0 | AX33: =SUM(AX32) -> 0 | BC33: =SUM(BC32) -> 0 | BD33: =SUM(BD32) -> 0 | BE33: =SUM(BE32) -> 0 | BF33: =SUM(BF32) -> 0 | BK33: =SUM(BK32) -> 0 | BL33: =SUM(BL32) -> 0 | BM33: =SUM(BM32) -> 0 | BN33: =SUM(BN32) -> 0 | BS33: =SUM(BS32) -> 0 | BT33: =SUM(BT32) -> 0 | BU33: =SUM(BU32) -> 0 | BV33: =SUM(BV32) -> 0 | CA33: =SUM(CA32) -> 0 | CB33: =SUM(CB32) -> 0 | CC33: =SUM(CC32) -> 0 | CD33: =SUM(CD32) -> 0 | CI33: =SUM(CI32) -> 0 | CJ33: =SUM(CJ32) -> 0 | CK33: =SUM(CK32) -> 0 | CL33: =SUM(CL32) -> 0 | CQ33: =SUM(CQ32) -> 0 | CR33: =SUM(CR32) -> 0 | CS33: =SUM(CS32) -> 0 | CT33: =SUM(CT32) -> 0 | CY33: =SUM(CY32) -> 0 | CZ33: =SUM(CZ32) -> 0 | DA33: =SUM(DA32) -> 0 | DB33: =SUM(DB32) -> 0 | DG33: =SUM(DG32) -> 0 | DH33: =SUM(DH32) -> 0 | DI33: =SUM(DI32) -> 0 | DJ33: =SUM(DJ32) -> 0 | DO33: =SUM(DO32) -> 0 | DP33: =SUM(DP32) -> 0 | DQ33: =SUM(DQ32) -> 0 | DR33: =SUM(DR32) -> 0 | DW33: =SUM(DW32) -> 0 | DX33: =SUM(DX32) -> 0 | DY33: =SUM(DY32) -> 0 | DZ33: =SUM(DZ32) -> 0 | EE33: =SUM(EE32) -> 0 | EF33: =SUM(EF32) -> 0 | EG33: =SUM(EG32) -> 0 | EH33: =SUM(EH32) -> 0 | EM33: =SUM(EM32) -> 0 | EN33: =SUM(EN32) -> 0 | EO33: =SUM(EO32) -> 0 | EP33: =SUM(EP32) -> 0 | EU33: =SUM(EU32) -> 0 | EV33: =SUM(EV32) -> 0 | EW33: =SUM(EW32) -> 0 | EX33: =SUM(EX32) -> 0 | FC33: =SUM(FC32) -> 0 | FD33: =SUM(FD32) -> 0 | FE33: =SUM(FE32) -> 0 | FF33: =SUM(FF32) -> 0 | FK33: =SUM(FK32) -> 0 | FL33: =SUM(FL32) -> 0 | FM33: =SUM(FM32) -> 0 | FN33: =SUM(FN32) -> 0
A35: Distribution Plant:
B36: Distribution Plant | D36: 360-374 | E36: ='Sch 1- Rate Base '!E36 -> DIST | G36: ='Sch 1- Rate Base '!G36 -> 0 | H36: ='Sch 1- Rate Base '!H36 -> 0 | I36: ='Sch 1- Rate Base '!I36 -> 0 | J36: ='Sch 1- Rate Base '!J36 -> 0 | K36: =IF($E36="DIRECT",0,1) -> 1 | O36: =$G36 -> 0 | P36: =VLOOKUP($E36,O$463:R$474,2,FALSE)*O36*($K36)+IF($G36>0,($H36/$G36)*O36,0)*(1-$K36) -> 0 | Q36: =VLOOKUP($E36,O$463:R$474,3,FALSE)*O36*($K36)+IF($G36>0,($I36/$G36)*O36,0)*(1-$K36) -> 0 | R36: =VLOOKUP($E36,O$463:R$474,4,FALSE)*O36*($K36)+(O36-P36-Q36)*(1-$K36) -> 0 | W36: =$G36 -> 0 | X36: =VLOOKUP($E36,W$463:Z$474,2,FALSE)*W36*($K36)+IF($G36>0,($H36/$G36)*W36,0)*(1-$K36) -> 0 | Y36: =VLOOKUP($E36,W$463:Z$474,3,FALSE)*W36*($K36)+IF($G36>0,($I36/$G36)*W36,0)*(1-$K36) -> 0 | Z36: =VLOOKUP($E36,W$463:Z$474,4,FALSE)*W36*($K36)+(W36-X36-Y36)*(1-$K36) -> 0 | AE36: =$G36 -> 0 | AF36: =VLOOKUP($E36,AE$463:AH$474,2,FALSE)*AE36*($K36)+IF($G36>0,($H36/$G36)*AE36,0)*(1-$K36) -> 0 | AG36: =VLOOKUP($E36,AE$463:AH$474,3,FALSE)*AE36*($K36)+IF($G36>0,($I36/$G36)*AE36,0)*(1-$K36) -> 0 | AH36: =VLOOKUP($E36,AE$463:AH$474,4,FALSE)*AE36*($K36)+(AE36-AF36-AG36)*(1-$K36) -> 0 | AM36: =$G36 -> 0 | AN36: =VLOOKUP($E36,AM$463:AP$474,2,FALSE)*AM36*($K36)+IF($G36>0,($H36/$G36)*AM36,0)*(1-$K36) -> 0 | AO36: =VLOOKUP($E36,AM$463:AP$474,3,FALSE)*AM36*($K36)+IF($G36>0,($I36/$G36)*AM36,0)*(1-$K36) -> 0 | AP36: =VLOOKUP($E36,AM$463:AP$474,4,FALSE)*AM36*($K36)+(AM36-AN36-AO36)*(1-$K36) -> 0 | AU36: =$G36 -> 0 | AV36: =VLOOKUP($E36,AU$463:AX$474,2,FALSE)*AU36*($K36)+IF($G36>0,($H36/$G36)*AU36,0)*(1-$K36) -> 0 | AW36: =VLOOKUP($E36,AU$463:AX$474,3,FALSE)*AU36*($K36)+IF($G36>0,($I36/$G36)*AU36,0)*(1-$K36) -> 0 | AX36: =VLOOKUP($E36,AU$463:AX$474,4,FALSE)*AU36*($K36)+(AU36-AV36-AW36)*(1-$K36) -> 0 | BC36: =$G36 -> 0 | BD36: =VLOOKUP($E36,BC$463:BF$474,2,FALSE)*BC36*($K36)+IF($G36>0,($H36/$G36)*BC36,0)*(1-$K36) -> 0 | BE36: =VLOOKUP($E36,BC$463:BF$474,3,FALSE)*BC36*($K36)+IF($G36>0,($I36/$G36)*BC36,0)*(1-$K36) -> 0 | BF36: =VLOOKUP($E36,BC$463:BF$474,4,FALSE)*BC36*($K36)+(BC36-BD36-BE36)*(1-$K36) -> 0 | BK36: =$G36 -> 0 | BL36: =VLOOKUP($E36,BK$463:BN$474,2,FALSE)*BK36*($K36)+IF($G36>0,($H36/$G36)*BK36,0)*(1-$K36) -> 0 | BM36: =VLOOKUP($E36,BK$463:BN$474,3,FALSE)*BK36*($K36)+IF($G36>0,($I36/$G36)*BK36,0)*(1-$K36) -> 0 | BN36: =VLOOKUP($E36,BK$463:BN$474,4,FALSE)*BK36*($K36)+(BK36-BL36-BM36)*(1-$K36) -> 0 | BS36: =$G36 -> 0 | BT36: =VLOOKUP($E36,BS$463:BV$474,2,FALSE)*BS36*($K36)+IF($G36>0,($H36/$G36)*BS36,0)*(1-$K36) -> 0 | BU36: =VLOOKUP($E36,BS$463:BV$474,3,FALSE)*BS36*($K36)+IF($G36>0,($I36/$G36)*BS36,0)*(1-$K36) -> 0 | BV36: =VLOOKUP($E36,BS$463:BV$474,4,FALSE)*BS36*($K36)+(BS36-BT36-BU36)*(1-$K36) -> 0 | CA36: =$G36 -> 0 | CB36: =VLOOKUP($E36,CA$463:CD$474,2,FALSE)*CA36*($K36)+IF($G36>0,($H36/$G36)*CA36,0)*(1-$K36) -> 0 | CC36: =VLOOKUP($E36,CA$463:CD$474,3,FALSE)*CA36*($K36)+IF($G36>0,($I36/$G36)*CA36,0)*(1-$K36) -> 0 | CD36: =VLOOKUP($E36,CA$463:CD$474,4,FALSE)*CA36*($K36)+(CA36-CB36-CC36)*(1-$K36) -> 0 | CI36: =$G36 -> 0 | CJ36: =VLOOKUP($E36,CI$463:CL$474,2,FALSE)*CI36*($K36)+IF($G36>0,($H36/$G36)*CI36,0)*(1-$K36) -> 0 | CK36: =VLOOKUP($E36,CI$463:CL$474,3,FALSE)*CI36*($K36)+IF($G36>0,($I36/$G36)*CI36,0)*(1-$K36) -> 0 | CL36: =VLOOKUP($E36,CI$463:CL$474,4,FALSE)*CI36*($K36)+(CI36-CJ36-CK36)*(1-$K36) -> 0 | CQ36: =$G36 -> 0 | CR36: =VLOOKUP($E36,CQ$463:CT$474,2,FALSE)*CQ36*($K36)+IF($G36>0,($H36/$G36)*CQ36,0)*(1-$K36) -> 0 | CS36: =VLOOKUP($E36,CQ$463:CT$474,3,FALSE)*CQ36*($K36)+IF($G36>0,($I36/$G36)*CQ36,0)*(1-$K36) -> 0 | CT36: =VLOOKUP($E36,CQ$463:CT$474,4,FALSE)*CQ36*($K36)+(CQ36-CR36-CS36)*(1-$K36) -> 0 | CY36: =$G36 -> 0 | CZ36: =VLOOKUP($E36,CY$463:DB$474,2,FALSE)*CY36*($K36)+IF($G36>0,($H36/$G36)*CY36,0)*(1-$K36) -> 0 | DA36: =VLOOKUP($E36,CY$463:DB$474,3,FALSE)*CY36*($K36)+IF($G36>0,($I36/$G36)*CY36,0)*(1-$K36) -> 0 | DB36: =VLOOKUP($E36,CY$463:DB$474,4,FALSE)*CY36*($K36)+(CY36-CZ36-DA36)*(1-$K36) -> 0 | DG36: =$G36 -> 0 | DH36: =VLOOKUP($E36,DG$463:DJ$474,2,FALSE)*DG36*($K36)+IF($G36>0,($H36/$G36)*DG36,0)*(1-$K36) -> 0 | DI36: =VLOOKUP($E36,DG$463:DJ$474,3,FALSE)*DG36*($K36)+IF($G36>0,($I36/$G36)*DG36,0)*(1-$K36) -> 0 | DJ36: =VLOOKUP($E36,DG$463:DJ$474,4,FALSE)*DG36*($K36)+(DG36-DH36-DI36)*(1-$K36) -> 0 | DO36: =$G36 -> 0 | DP36: =VLOOKUP($E36,DO$463:DR$474,2,FALSE)*DO36*($K36)+IF($G36>0,($H36/$G36)*DO36,0)*(1-$K36) -> 0 | DQ36: =VLOOKUP($E36,DO$463:DR$474,3,FALSE)*DO36*($K36)+IF($G36>0,($I36/$G36)*DO36,0)*(1-$K36) -> 0 | DR36: =VLOOKUP($E36,DO$463:DR$474,4,FALSE)*DO36*($K36)+(DO36-DP36-DQ36)*(1-$K36) -> 0 | DW36: =$G36 -> 0 | DX36: =VLOOKUP($E36,DW$463:DZ$474,2,FALSE)*DW36*($K36)+IF($G36>0,($H36/$G36)*DW36,0)*(1-$K36) -> 0 | DY36: =VLOOKUP($E36,DW$463:DZ$474,3,FALSE)*DW36*($K36)+IF($G36>0,($I36/$G36)*DW36,0)*(1-$K36) -> 0 | DZ36: =VLOOKUP($E36,DW$463:DZ$474,4,FALSE)*DW36*($K36)+(DW36-DX36-DY36)*(1-$K36) -> 0 | EE36: =$G36 -> 0 | EF36: =VLOOKUP($E36,EE$463:EH$474,2,FALSE)*EE36*($K36)+IF($G36>0,($H36/$G36)*EE36,0)*(1-$K36) -> 0 | EG36: =VLOOKUP($E36,EE$463:EH$474,3,FALSE)*EE36*($K36)+IF($G36>0,($I36/$G36)*EE36,0)*(1-$K36) -> 0 | EH36: =VLOOKUP($E36,EE$463:EH$474,4,FALSE)*EE36*($K36)+(EE36-EF36-EG36)*(1-$K36) -> 0 | EM36: =$G36 -> 0 | EN36: =VLOOKUP($E36,EM$463:EP$474,2,FALSE)*EM36*($K36)+IF($G36>0,($H36/$G36)*EM36,0)*(1-$K36) -> 0 | EO36: =VLOOKUP($E36,EM$463:EP$474,3,FALSE)*EM36*($K36)+IF($G36>0,($I36/$G36)*EM36,0)*(1-$K36) -> 0 | EP36: =VLOOKUP($E36,EM$463:EP$474,4,FALSE)*EM36*($K36)+(EM36-EN36-EO36)*(1-$K36) -> 0 | EU36: =$G36 -> 0 | EV36: =VLOOKUP($E36,EU$463:EX$474,2,FALSE)*EU36*($K36)+IF($G36>0,($H36/$G36)*EU36,0)*(1-$K36) -> 0 | EW36: =VLOOKUP($E36,EU$463:EX$474,3,FALSE)*EU36*($K36)+IF($G36>0,($I36/$G36)*EU36,0)*(1-$K36) -> 0 | EX36: =VLOOKUP($E36,EU$463:EX$474,4,FALSE)*EU36*($K36)+(EU36-EV36-EW36)*(1-$K36) -> 0 | FC36: =$G36 -> 0 | FD36: =VLOOKUP($E36,FC$463:FF$474,2,FALSE)*FC36*($K36)+IF($G36>0,($H36/$G36)*FC36,0)*(1-$K36) -> 0 | FE36: =VLOOKUP($E36,FC$463:FF$474,3,FALSE)*FC36*($K36)+IF($G36>0,($I36/$G36)*FC36,0)*(1-$K36) -> 0 | FF36: =VLOOKUP($E36,FC$463:FF$474,4,FALSE)*FC36*($K36)+(FC36-FD36-FE36)*(1-$K36) -> 0 | FK36: =$G36 -> 0 | FL36: =VLOOKUP($E36,FK$463:FN$474,2,FALSE)*FK36*($K36)+IF($G36>0,($H36/$G36)*FK36,0)*(1-$K36) -> 0 | FM36: =VLOOKUP($E36,FK$463:FN$474,3,FALSE)*FK36*($K36)+IF($G36>0,($I36/$G36)*FK36,0)*(1-$K36) -> 0 | FN36: =VLOOKUP($E36,FK$463:FN$474,4,FALSE)*FK36*($K36)+(FK36-FL36-FM36)*(1-$K36) -> 0
A37: Total Distribution Plant | G37: =SUM(G36) -> 0 | H37: =SUM(H36) -> 0 | I37: =SUM(I36) -> 0 | J37: =SUM(J36) -> 0 | O37: =SUM(O36) -> 0 | P37: =SUM(P36) -> 0 | Q37: =SUM(Q36) -> 0 | R37: =SUM(R36) -> 0 | W37: =SUM(W36) -> 0 | X37: =SUM(X36) -> 0 | Y37: =SUM(Y36) -> 0 | Z37: =SUM(Z36) -> 0 | AE37: =SUM(AE36) -> 0 | AF37: =SUM(AF36) -> 0 | AG37: =SUM(AG36) -> 0 | AH37: =SUM(AH36) -> 0 | AM37: =SUM(AM36) -> 0 | AN37: =SUM(AN36) -> 0 | AO37: =SUM(AO36) -> 0 | AP37: =SUM(AP36) -> 0 | AU37: =SUM(AU36) -> 0 | AV37: =SUM(AV36) -> 0 | AW37: =SUM(AW36) -> 0 | AX37: =SUM(AX36) -> 0 | BC37: =SUM(BC36) -> 0 | BD37: =SUM(BD36) -> 0 | BE37: =SUM(BE36) -> 0 | BF37: =SUM(BF36) -> 0 | BK37: =SUM(BK36) -> 0 | BL37: =SUM(BL36) -> 0 | BM37: =SUM(BM36) -> 0 | BN37: =SUM(BN36) -> 0 | BS37: =SUM(BS36) -> 0 | BT37: =SUM(BT36) -> 0 | BU37: =SUM(BU36) -> 0 | BV37: =SUM(BV36) -> 0 | CA37: =SUM(CA36) -> 0 | CB37: =SUM(CB36) -> 0 | CC37: =SUM(CC36) -> 0 | CD37: =SUM(CD36) -> 0 | CI37: =SUM(CI36) -> 0 | CJ37: =SUM(CJ36) -> 0 | CK37: =SUM(CK36) -> 0 | CL37: =SUM(CL36) -> 0 | CQ37: =SUM(CQ36) -> 0 | CR37: =SUM(CR36) -> 0 | CS37: =SUM(CS36) -> 0 | CT37: =SUM(CT36) -> 0 | CY37: =SUM(CY36) -> 0 | CZ37: =SUM(CZ36) -> 0 | DA37: =SUM(DA36) -> 0 | DB37: =SUM(DB36) -> 0 | DG37: =SUM(DG36) -> 0 | DH37: =SUM(DH36) -> 0 | DI37: =SUM(DI36) -> 0 | DJ37: =SUM(DJ36) -> 0 | DO37: =SUM(DO36) -> 0 | DP37: =SUM(DP36) -> 0 | DQ37: =SUM(DQ36) -> 0 | DR37: =SUM(DR36) -> 0 | DW37: =SUM(DW36) -> 0 | DX37: =SUM(DX36) -> 0 | DY37: =SUM(DY36) -> 0 | DZ37: =SUM(DZ36) -> 0 | EE37: =SUM(EE36) -> 0 | EF37: =SUM(EF36) -> 0 | EG37: =SUM(EG36) -> 0 | EH37: =SUM(EH36) -> 0 | EM37: =SUM(EM36) -> 0 | EN37: =SUM(EN36) -> 0 | EO37: =SUM(EO36) -> 0 | EP37: =SUM(EP36) -> 0 | EU37: =SUM(EU36) -> 0 | EV37: =SUM(EV36) -> 0 | EW37: =SUM(EW36) -> 0 | EX37: =SUM(EX36) -> 0 | FC37: =SUM(FC36) -> 0 | FD37: =SUM(FD36) -> 0 | FE37: =SUM(FE36) -> 0 | FF37: =SUM(FF36) -> 0 | FK37: =SUM(FK36) -> 0 | FL37: =SUM(FL36) -> 0 | FM37: =SUM(FM36) -> 0 | FN37: =SUM(FN36) -> 0
A39: Energy Storage Plant
B40: Energy Storage Plant | D40: 387.7-387.12 | E40: PTD | G40: ='Sch 1- Rate Base '!G40 -> 0 | H40: ='Sch 1- Rate Base '!H40 -> 0 | I40: ='Sch 1- Rate Base '!I40 -> 0 | J40: ='Sch 1- Rate Base '!J40 -> 0
A41: Total Energy Storage Plant | G41: =SUM(G40) -> 0 | H41: =SUM(H40) -> 0 | I41: =SUM(I40) -> 0 | J41: =SUM(J40) -> 0
A43: General Plant:
B44: Land and Land Rights | D44: 389 | E44: ='Sch 1- Rate Base '!E44 -> PTD | G44: ='Sch 1- Rate Base '!G44 -> 0 | H44: ='Sch 1- Rate Base '!H44 -> 0 | I44: ='Sch 1- Rate Base '!I44 -> 0 | J44: ='Sch 1- Rate Base '!J44 -> 0 | K44: =IF($E44="DIRECT",0,1) -> 1 | L44: =$G44/($G$29+$G$33+$G$37) -> #DIV/0! | O44: =(O$29+O$33+O$37)*$L44 -> #DIV/0! | P44: =VLOOKUP($E44,O$463:R$474,2,FALSE)*O44*($K44)+IF($G44>0,($H44/$G44)*O44,0)*(1-$K44) -> #DIV/0! | Q44: =VLOOKUP($E44,O$463:R$474,3,FALSE)*O44*($K44)+IF($G44>0,($I44/$G44)*O44,0)*(1-$K44) -> #DIV/0! | R44: =VLOOKUP($E44,O$463:R$474,4,FALSE)*O44*($K44)+(O44-P44-Q44)*(1-$K44) -> #DIV/0! | W44: =(W$29+W$33+W$37)*$L44 -> #DIV/0! | X44: =VLOOKUP($E44,W$463:Z$474,2,FALSE)*W44*($K44)+IF($G44>0,($H44/$G44)*W44,0)*(1-$K44) -> #DIV/0! | Y44: =VLOOKUP($E44,W$463:Z$474,3,FALSE)*W44*($K44)+IF($G44>0,($I44/$G44)*W44,0)*(1-$K44) -> #DIV/0! | Z44: =VLOOKUP($E44,W$463:Z$474,4,FALSE)*W44*($K44)+(W44-X44-Y44)*(1-$K44) -> #DIV/0! | AE44: =(AE$29+AE$33+AE$37)*$L44 -> #DIV/0! | AF44: =VLOOKUP($E44,AE$463:AH$474,2,FALSE)*AE44*($K44)+IF($G44>0,($H44/$G44)*AE44,0)*(1-$K44) -> #DIV/0! | AG44: =VLOOKUP($E44,AE$463:AH$474,3,FALSE)*AE44*($K44)+IF($G44>0,($I44/$G44)*AE44,0)*(1-$K44) -> #DIV/0! | AH44: =VLOOKUP($E44,AE$463:AH$474,4,FALSE)*AE44*($K44)+(AE44-AF44-AG44)*(1-$K44) -> #DIV/0! | AM44: =(AM$29+AM$33+AM$37)*$L44 -> #DIV/0! | AN44: =VLOOKUP($E44,AM$463:AP$474,2,FALSE)*AM44*($K44)+IF($G44>0,($H44/$G44)*AM44,0)*(1-$K44) -> #DIV/0! | AO44: =VLOOKUP($E44,AM$463:AP$474,3,FALSE)*AM44*($K44)+IF($G44>0,($I44/$G44)*AM44,0)*(1-$K44) -> #DIV/0! | AP44: =VLOOKUP($E44,AM$463:AP$474,4,FALSE)*AM44*($K44)+(AM44-AN44-AO44)*(1-$K44) -> #DIV/0! | AU44: =(AU$29+AU$33+AU$37)*$L44 -> #DIV/0! | AV44: =VLOOKUP($E44,AU$463:AX$474,2,FALSE)*AU44*($K44)+IF($G44>0,($H44/$G44)*AU44,0)*(1-$K44) -> #DIV/0! | AW44: =VLOOKUP($E44,AU$463:AX$474,3,FALSE)*AU44*($K44)+IF($G44>0,($I44/$G44)*AU44,0)*(1-$K44) -> #DIV/0! | AX44: =VLOOKUP($E44,AU$463:AX$474,4,FALSE)*AU44*($K44)+(AU44-AV44-AW44)*(1-$K44) -> #DIV/0! | BC44: =(BC$29+BC$33+BC$37)*$L44 -> #DIV/0! | BD44: =VLOOKUP($E44,BC$463:BF$474,2,FALSE)*BC44*($K44)+IF($G44>0,($H44/$G44)*BC44,0)*(1-$K44) -> #DIV/0! | BE44: =VLOOKUP($E44,BC$463:BF$474,3,FALSE)*BC44*($K44)+IF($G44>0,($I44/$G44)*BC44,0)*(1-$K44) -> #DIV/0! | BF44: =VLOOKUP($E44,BC$463:BF$474,4,FALSE)*BC44*($K44)+(BC44-BD44-BE44)*(1-$K44) -> #DIV/0! | BK44: =(BK$29+BK$33+BK$37)*$L44 -> #DIV/0! | BL44: =VLOOKUP($E44,BK$463:BN$474,2,FALSE)*BK44*($K44)+IF($G44>0,($H44/$G44)*BK44,0)*(1-$K44) -> #DIV/0! | BM44: =VLOOKUP($E44,BK$463:BN$474,3,FALSE)*BK44*($K44)+IF($G44>0,($I44/$G44)*BK44,0)*(1-$K44) -> #DIV/0! | BN44: =VLOOKUP($E44,BK$463:BN$474,4,FALSE)*BK44*($K44)+(BK44-BL44-BM44)*(1-$K44) -> #DIV/0! | BS44: =(BS$29+BS$33+BS$37)*$L44 -> #DIV/0! | BT44: =VLOOKUP($E44,BS$463:BV$474,2,FALSE)*BS44*($K44)+IF($G44>0,($H44/$G44)*BS44,0)*(1-$K44) -> #DIV/0! | BU44: =VLOOKUP($E44,BS$463:BV$474,3,FALSE)*BS44*($K44)+IF($G44>0,($I44/$G44)*BS44,0)*(1-$K44) -> #DIV/0! | BV44: =VLOOKUP($E44,BS$463:BV$474,4,FALSE)*BS44*($K44)+(BS44-BT44-BU44)*(1-$K44) -> #DIV/0! | CA44: =(CA$29+CA$33+CA$37)*$L44 -> #DIV/0! | CB44: =VLOOKUP($E44,CA$463:CD$474,2,FALSE)*CA44*($K44)+IF($G44>0,($H44/$G44)*CA44,0)*(1-$K44) -> #DIV/0! | CC44: =VLOOKUP($E44,CA$463:CD$474,3,FALSE)*CA44*($K44)+IF($G44>0,($I44/$G44)*CA44,0)*(1-$K44) -> #DIV/0! | CD44: =VLOOKUP($E44,CA$463:CD$474,4,FALSE)*CA44*($K44)+(CA44-CB44-CC44)*(1-$K44) -> #DIV/0! | CI44: =(CI$29+CI$33+CI$37)*$L44 -> #DIV/0! | CJ44: =VLOOKUP($E44,CI$463:CL$474,2,FALSE)*CI44*($K44)+IF($G44>0,($H44/$G44)*CI44,0)*(1-$K44) -> #DIV/0! | CK44: =VLOOKUP($E44,CI$463:CL$474,3,FALSE)*CI44*($K44)+IF($G44>0,($I44/$G44)*CI44,0)*(1-$K44) -> #DIV/0! | CL44: =VLOOKUP($E44,CI$463:CL$474,4,FALSE)*CI44*($K44)+(CI44-CJ44-CK44)*(1-$K44) -> #DIV/0! | CQ44: =(CQ$29+CQ$33+CQ$37)*$L44 -> #DIV/0! | CR44: =VLOOKUP($E44,CQ$463:CT$474,2,FALSE)*CQ44*($K44)+IF($G44>0,($H44/$G44)*CQ44,0)*(1-$K44) -> #DIV/0! | CS44: =VLOOKUP($E44,CQ$463:CT$474,3,FALSE)*CQ44*($K44)+IF($G44>0,($I44/$G44)*CQ44,0)*(1-$K44) -> #DIV/0! | CT44: =VLOOKUP($E44,CQ$463:CT$474,4,FALSE)*CQ44*($K44)+(CQ44-CR44-CS44)*(1-$K44) -> #DIV/0! | CY44: =(CY$29+CY$33+CY$37)*$L44 -> #DIV/0! | CZ44: =VLOOKUP($E44,CY$463:DB$474,2,FALSE)*CY44*($K44)+IF($G44>0,($H44/$G44)*CY44,0)*(1-$K44) -> #DIV/0! | DA44: =VLOOKUP($E44,CY$463:DB$474,3,FALSE)*CY44*($K44)+IF($G44>0,($I44/$G44)*CY44,0)*(1-$K44) -> #DIV/0! | DB44: =VLOOKUP($E44,CY$463:DB$474,4,FALSE)*CY44*($K44)+(CY44-CZ44-DA44)*(1-$K44) -> #DIV/0! | DG44: =(DG$29+DG$33+DG$37)*$L44 -> #DIV/0! | DH44: =VLOOKUP($E44,DG$463:DJ$474,2,FALSE)*DG44*($K44)+IF($G44>0,($H44/$G44)*DG44,0)*(1-$K44) -> #DIV/0! | DI44: =VLOOKUP($E44,DG$463:DJ$474,3,FALSE)*DG44*($K44)+IF($G44>0,($I44/$G44)*DG44,0)*(1-$K44) -> #DIV/0! | DJ44: =VLOOKUP($E44,DG$463:DJ$474,4,FALSE)*DG44*($K44)+(DG44-DH44-DI44)*(1-$K44) -> #DIV/0! | DO44: =(DO$29+DO$33+DO$37)*$L44 -> #DIV/0! | DP44: =VLOOKUP($E44,DO$463:DR$474,2,FALSE)*DO44*($K44)+IF($G44>0,($H44/$G44)*DO44,0)*(1-$K44) -> #DIV/0! | DQ44: =VLOOKUP($E44,DO$463:DR$474,3,FALSE)*DO44*($K44)+IF($G44>0,($I44/$G44)*DO44,0)*(1-$K44) -> #DIV/0! | DR44: =VLOOKUP($E44,DO$463:DR$474,4,FALSE)*DO44*($K44)+(DO44-DP44-DQ44)*(1-$K44) -> #DIV/0! | DW44: =(DW$29+DW$33+DW$37)*$L44 -> #DIV/0! | DX44: =VLOOKUP($E44,DW$463:DZ$474,2,FALSE)*DW44*($K44)+IF($G44>0,($H44/$G44)*DW44,0)*(1-$K44) -> #DIV/0! | DY44: =VLOOKUP($E44,DW$463:DZ$474,3,FALSE)*DW44*($K44)+IF($G44>0,($I44/$G44)*DW44,0)*(1-$K44) -> #DIV/0! | DZ44: =VLOOKUP($E44,DW$463:DZ$474,4,FALSE)*DW44*($K44)+(DW44-DX44-DY44)*(1-$K44) -> #DIV/0! | EE44: =(EE$29+EE$33+EE$37)*$L44 -> #DIV/0! | EF44: =VLOOKUP($E44,EE$463:EH$474,2,FALSE)*EE44*($K44)+IF($G44>0,($H44/$G44)*EE44,0)*(1-$K44) -> #DIV/0! | EG44: =VLOOKUP($E44,EE$463:EH$474,3,FALSE)*EE44*($K44)+IF($G44>0,($I44/$G44)*EE44,0)*(1-$K44) -> #DIV/0! | EH44: =VLOOKUP($E44,EE$463:EH$474,4,FALSE)*EE44*($K44)+(EE44-EF44-EG44)*(1-$K44) -> #DIV/0! | EM44: =(EM$29+EM$33+EM$37)*$L44 -> #DIV/0! | EN44: =VLOOKUP($E44,EM$463:EP$474,2,FALSE)*EM44*($K44)+IF($G44>0,($H44/$G44)*EM44,0)*(1-$K44) -> #DIV/0! | EO44: =VLOOKUP($E44,EM$463:EP$474,3,FALSE)*EM44*($K44)+IF($G44>0,($I44/$G44)*EM44,0)*(1-$K44) -> #DIV/0! | EP44: =VLOOKUP($E44,EM$463:EP$474,4,FALSE)*EM44*($K44)+(EM44-EN44-EO44)*(1-$K44) -> #DIV/0! | EU44: =(EU$29+EU$33+EU$37)*$L44 -> #DIV/0! | EV44: =VLOOKUP($E44,EU$463:EX$474,2,FALSE)*EU44*($K44)+IF($G44>0,($H44/$G44)*EU44,0)*(1-$K44) -> #DIV/0! | EW44: =VLOOKUP($E44,EU$463:EX$474,3,FALSE)*EU44*($K44)+IF($G44>0,($I44/$G44)*EU44,0)*(1-$K44) -> #DIV/0! | EX44: =VLOOKUP($E44,EU$463:EX$474,4,FALSE)*EU44*($K44)+(EU44-EV44-EW44)*(1-$K44) -> #DIV/0! | FC44: =(FC$29+FC$33+FC$37)*$L44 -> #DIV/0! | FD44: =VLOOKUP($E44,FC$463:FF$474,2,FALSE)*FC44*($K44)+IF($G44>0,($H44/$G44)*FC44,0)*(1-$K44) -> #DIV/0! | FE44: =VLOOKUP($E44,FC$463:FF$474,3,FALSE)*FC44*($K44)+IF($G44>0,($I44/$G44)*FC44,0)*(1-$K44) -> #DIV/0! | FF44: =VLOOKUP($E44,FC$463:FF$474,4,FALSE)*FC44*($K44)+(FC44-FD44-FE44)*(1-$K44) -> #DIV/0! | FK44: =(FK$29+FK$33+FK$37)*$L44 -> #DIV/0! | FL44: =VLOOKUP($E44,FK$463:FN$474,2,FALSE)*FK44*($K44)+IF($G44>0,($H44/$G44)*FK44,0)*(1-$K44) -> #DIV/0! | FM44: =VLOOKUP($E44,FK$463:FN$474,3,FALSE)*FK44*($K44)+IF($G44>0,($I44/$G44)*FK44,0)*(1-$K44) -> #DIV/0! | FN44: =VLOOKUP($E44,FK$463:FN$474,4,FALSE)*FK44*($K44)+(FK44-FL44-FM44)*(1-$K44) -> #DIV/0!
B45: Structures and Improvements | D45: 390 | E45: ='Sch 1- Rate Base '!E45 -> PTD | G45: ='Sch 1- Rate Base '!G45 -> 0 | H45: ='Sch 1- Rate Base '!H45 -> 0 | I45: ='Sch 1- Rate Base '!I45 -> 0 | J45: ='Sch 1- Rate Base '!J45 -> 0 | K45: =IF($E45="DIRECT",0,1) -> 1 | L45: =$G45/($G$29+$G$33+$G$37) -> #DIV/0! | O45: =(O$29+O$33+O$37)*$L45 -> #DIV/0! | P45: =VLOOKUP($E45,O$463:R$474,2,FALSE)*O45*($K45)+IF($G45>0,($H45/$G45)*O45,0)*(1-$K45) -> #DIV/0! | Q45: =VLOOKUP($E45,O$463:R$474,3,FALSE)*O45*($K45)+IF($G45>0,($I45/$G45)*O45,0)*(1-$K45) -> #DIV/0! | R45: =VLOOKUP($E45,O$463:R$474,4,FALSE)*O45*($K45)+(O45-P45-Q45)*(1-$K45) -> #DIV/0! | W45: =(W$29+W$33+W$37)*$L45 -> #DIV/0! | X45: =VLOOKUP($E45,W$463:Z$474,2,FALSE)*W45*($K45)+IF($G45>0,($H45/$G45)*W45,0)*(1-$K45) -> #DIV/0! | Y45: =VLOOKUP($E45,W$463:Z$474,3,FALSE)*W45*($K45)+IF($G45>0,($I45/$G45)*W45,0)*(1-$K45) -> #DIV/0! | Z45: =VLOOKUP($E45,W$463:Z$474,4,FALSE)*W45*($K45)+(W45-X45-Y45)*(1-$K45) -> #DIV/0! | AE45: =(AE$29+AE$33+AE$37)*$L45 -> #DIV/0! | AF45: =VLOOKUP($E45,AE$463:AH$474,2,FALSE)*AE45*($K45)+IF($G45>0,($H45/$G45)*AE45,0)*(1-$K45) -> #DIV/0! | AG45: =VLOOKUP($E45,AE$463:AH$474,3,FALSE)*AE45*($K45)+IF($G45>0,($I45/$G45)*AE45,0)*(1-$K45) -> #DIV/0! | AH45: =VLOOKUP($E45,AE$463:AH$474,4,FALSE)*AE45*($K45)+(AE45-AF45-AG45)*(1-$K45) -> #DIV/0! | AM45: =(AM$29+AM$33+AM$37)*$L45 -> #DIV/0! | AN45: =VLOOKUP($E45,AM$463:AP$474,2,FALSE)*AM45*($K45)+IF($G45>0,($H45/$G45)*AM45,0)*(1-$K45) -> #DIV/0! | AO45: =VLOOKUP($E45,AM$463:AP$474,3,FALSE)*AM45*($K45)+IF($G45>0,($I45/$G45)*AM45,0)*(1-$K45) -> #DIV/0! | AP45: =VLOOKUP($E45,AM$463:AP$474,4,FALSE)*AM45*($K45)+(AM45-AN45-AO45)*(1-$K45) -> #DIV/0! | AU45: =(AU$29+AU$33+AU$37)*$L45 -> #DIV/0! | AV45: =VLOOKUP($E45,AU$463:AX$474,2,FALSE)*AU45*($K45)+IF($G45>0,($H45/$G45)*AU45,0)*(1-$K45) -> #DIV/0! | AW45: =VLOOKUP($E45,AU$463:AX$474,3,FALSE)*AU45*($K45)+IF($G45>0,($I45/$G45)*AU45,0)*(1-$K45) -> #DIV/0! | AX45: =VLOOKUP($E45,AU$463:AX$474,4,FALSE)*AU45*($K45)+(AU45-AV45-AW45)*(1-$K45) -> #DIV/0! | BC45: =(BC$29+BC$33+BC$37)*$L45 -> #DIV/0! | BD45: =VLOOKUP($E45,BC$463:BF$474,2,FALSE)*BC45*($K45)+IF($G45>0,($H45/$G45)*BC45,0)*(1-$K45) -> #DIV/0! | BE45: =VLOOKUP($E45,BC$463:BF$474,3,FALSE)*BC45*($K45)+IF($G45>0,($I45/$G45)*BC45,0)*(1-$K45) -> #DIV/0! | BF45: =VLOOKUP($E45,BC$463:BF$474,4,FALSE)*BC45*($K45)+(BC45-BD45-BE45)*(1-$K45) -> #DIV/0! | BK45: =(BK$29+BK$33+BK$37)*$L45 -> #DIV/0! | BL45: =VLOOKUP($E45,BK$463:BN$474,2,FALSE)*BK45*($K45)+IF($G45>0,($H45/$G45)*BK45,0)*(1-$K45) -> #DIV/0! | BM45: =VLOOKUP($E45,BK$463:BN$474,3,FALSE)*BK45*($K45)+IF($G45>0,($I45/$G45)*BK45,0)*(1-$K45) -> #DIV/0! | BN45: =VLOOKUP($E45,BK$463:BN$474,4,FALSE)*BK45*($K45)+(BK45-BL45-BM45)*(1-$K45) -> #DIV/0! | BS45: =(BS$29+BS$33+BS$37)*$L45 -> #DIV/0! | BT45: =VLOOKUP($E45,BS$463:BV$474,2,FALSE)*BS45*($K45)+IF($G45>0,($H45/$G45)*BS45,0)*(1-$K45) -> #DIV/0! | BU45: =VLOOKUP($E45,BS$463:BV$474,3,FALSE)*BS45*($K45)+IF($G45>0,($I45/$G45)*BS45,0)*(1-$K45) -> #DIV/0! | BV45: =VLOOKUP($E45,BS$463:BV$474,4,FALSE)*BS45*($K45)+(BS45-BT45-BU45)*(1-$K45) -> #DIV/0! | CA45: =(CA$29+CA$33+CA$37)*$L45 -> #DIV/0! | CB45: =VLOOKUP($E45,CA$463:CD$474,2,FALSE)*CA45*($K45)+IF($G45>0,($H45/$G45)*CA45,0)*(1-$K45) -> #DIV/0! | CC45: =VLOOKUP($E45,CA$463:CD$474,3,FALSE)*CA45*($K45)+IF($G45>0,($I45/$G45)*CA45,0)*(1-$K45) -> #DIV/0! | CD45: =VLOOKUP($E45,CA$463:CD$474,4,FALSE)*CA45*($K45)+(CA45-CB45-CC45)*(1-$K45) -> #DIV/0! | CI45: =(CI$29+CI$33+CI$37)*$L45 -> #DIV/0! | CJ45: =VLOOKUP($E45,CI$463:CL$474,2,FALSE)*CI45*($K45)+IF($G45>0,($H45/$G45)*CI45,0)*(1-$K45) -> #DIV/0! | CK45: =VLOOKUP($E45,CI$463:CL$474,3,FALSE)*CI45*($K45)+IF($G45>0,($I45/$G45)*CI45,0)*(1-$K45) -> #DIV/0! | CL45: =VLOOKUP($E45,CI$463:CL$474,4,FALSE)*CI45*($K45)+(CI45-CJ45-CK45)*(1-$K45) -> #DIV/0! | CQ45: =(CQ$29+CQ$33+CQ$37)*$L45 -> #DIV/0! | CR45: =VLOOKUP($E45,CQ$463:CT$474,2,FALSE)*CQ45*($K45)+IF($G45>0,($H45/$G45)*CQ45,0)*(1-$K45) -> #DIV/0! | CS45: =VLOOKUP($E45,CQ$463:CT$474,3,FALSE)*CQ45*($K45)+IF($G45>0,($I45/$G45)*CQ45,0)*(1-$K45) -> #DIV/0! | CT45: =VLOOKUP($E45,CQ$463:CT$474,4,FALSE)*CQ45*($K45)+(CQ45-CR45-CS45)*(1-$K45) -> #DIV/0! | CY45: =(CY$29+CY$33+CY$37)*$L45 -> #DIV/0! | CZ45: =VLOOKUP($E45,CY$463:DB$474,2,FALSE)*CY45*($K45)+IF($G45>0,($H45/$G45)*CY45,0)*(1-$K45) -> #DIV/0! | DA45: =VLOOKUP($E45,CY$463:DB$474,3,FALSE)*CY45*($K45)+IF($G45>0,($I45/$G45)*CY45,0)*(1-$K45) -> #DIV/0! | DB45: =VLOOKUP($E45,CY$463:DB$474,4,FALSE)*CY45*($K45)+(CY45-CZ45-DA45)*(1-$K45) -> #DIV/0! | DG45: =(DG$29+DG$33+DG$37)*$L45 -> #DIV/0! | DH45: =VLOOKUP($E45,DG$463:DJ$474,2,FALSE)*DG45*($K45)+IF($G45>0,($H45/$G45)*DG45,0)*(1-$K45) -> #DIV/0! | DI45: =VLOOKUP($E45,DG$463:DJ$474,3,FALSE)*DG45*($K45)+IF($G45>0,($I45/$G45)*DG45,0)*(1-$K45) -> #DIV/0! | DJ45: =VLOOKUP($E45,DG$463:DJ$474,4,FALSE)*DG45*($K45)+(DG45-DH45-DI45)*(1-$K45) -> #DIV/0! | DO45: =(DO$29+DO$33+DO$37)*$L45 -> #DIV/0! | DP45: =VLOOKUP($E45,DO$463:DR$474,2,FALSE)*DO45*($K45)+IF($G45>0,($H45/$G45)*DO45,0)*(1-$K45) -> #DIV/0! | DQ45: =VLOOKUP($E45,DO$463:DR$474,3,FALSE)*DO45*($K45)+IF($G45>0,($I45/$G45)*DO45,0)*(1-$K45) -> #DIV/0! | DR45: =VLOOKUP($E45,DO$463:DR$474,4,FALSE)*DO45*($K45)+(DO45-DP45-DQ45)*(1-$K45) -> #DIV/0! | DW45: =(DW$29+DW$33+DW$37)*$L45 -> #DIV/0! | DX45: =VLOOKUP($E45,DW$463:DZ$474,2,FALSE)*DW45*($K45)+IF($G45>0,($H45/$G45)*DW45,0)*(1-$K45) -> #DIV/0! | DY45: =VLOOKUP($E45,DW$463:DZ$474,3,FALSE)*DW45*($K45)+IF($G45>0,($I45/$G45)*DW45,0)*(1-$K45) -> #DIV/0! | DZ45: =VLOOKUP($E45,DW$463:DZ$474,4,FALSE)*DW45*($K45)+(DW45-DX45-DY45)*(1-$K45) -> #DIV/0! | EE45: =(EE$29+EE$33+EE$37)*$L45 -> #DIV/0! | EF45: =VLOOKUP($E45,EE$463:EH$474,2,FALSE)*EE45*($K45)+IF($G45>0,($H45/$G45)*EE45,0)*(1-$K45) -> #DIV/0! | EG45: =VLOOKUP($E45,EE$463:EH$474,3,FALSE)*EE45*($K45)+IF($G45>0,($I45/$G45)*EE45,0)*(1-$K45) -> #DIV/0! | EH45: =VLOOKUP($E45,EE$463:EH$474,4,FALSE)*EE45*($K45)+(EE45-EF45-EG45)*(1-$K45) -> #DIV/0! | EM45: =(EM$29+EM$33+EM$37)*$L45 -> #DIV/0! | EN45: =VLOOKUP($E45,EM$463:EP$474,2,FALSE)*EM45*($K45)+IF($G45>0,($H45/$G45)*EM45,0)*(1-$K45) -> #DIV/0! | EO45: =VLOOKUP($E45,EM$463:EP$474,3,FALSE)*EM45*($K45)+IF($G45>0,($I45/$G45)*EM45,0)*(1-$K45) -> #DIV/0! | EP45: =VLOOKUP($E45,EM$463:EP$474,4,FALSE)*EM45*($K45)+(EM45-EN45-EO45)*(1-$K45) -> #DIV/0! | EU45: =(EU$29+EU$33+EU$37)*$L45 -> #DIV/0! | EV45: =VLOOKUP($E45,EU$463:EX$474,2,FALSE)*EU45*($K45)+IF($G45>0,($H45/$G45)*EU45,0)*(1-$K45) -> #DIV/0! | EW45: =VLOOKUP($E45,EU$463:EX$474,3,FALSE)*EU45*($K45)+IF($G45>0,($I45/$G45)*EU45,0)*(1-$K45) -> #DIV/0! | EX45: =VLOOKUP($E45,EU$463:EX$474,4,FALSE)*EU45*($K45)+(EU45-EV45-EW45)*(1-$K45) -> #DIV/0! | FC45: =(FC$29+FC$33+FC$37)*$L45 -> #DIV/0! | FD45: =VLOOKUP($E45,FC$463:FF$474,2,FALSE)*FC45*($K45)+IF($G45>0,($H45/$G45)*FC45,0)*(1-$K45) -> #DIV/0! | FE45: =VLOOKUP($E45,FC$463:FF$474,3,FALSE)*FC45*($K45)+IF($G45>0,($I45/$G45)*FC45,0)*(1-$K45) -> #DIV/0! | FF45: =VLOOKUP($E45,FC$463:FF$474,4,FALSE)*FC45*($K45)+(FC45-FD45-FE45)*(1-$K45) -> #DIV/0! | FK45: =(FK$29+FK$33+FK$37)*$L45 -> #DIV/0! | FL45: =VLOOKUP($E45,FK$463:FN$474,2,FALSE)*FK45*($K45)+IF($G45>0,($H45/$G45)*FK45,0)*(1-$K45) -> #DIV/0! | FM45: =VLOOKUP($E45,FK$463:FN$474,3,FALSE)*FK45*($K45)+IF($G45>0,($I45/$G45)*FK45,0)*(1-$K45) -> #DIV/0! | FN45: =VLOOKUP($E45,FK$463:FN$474,4,FALSE)*FK45*($K45)+(FK45-FL45-FM45)*(1-$K45) -> #DIV/0!
B46: Furniture and Equipment | D46: 391 | E46: ='Sch 1- Rate Base '!E46 -> LABOR | G46: ='Sch 1- Rate Base '!G46 -> 0 | H46: ='Sch 1- Rate Base '!H46 -> 0 | I46: ='Sch 1- Rate Base '!I46 -> 0 | J46: ='Sch 1- Rate Base '!J46 -> 0 | K46: =IF($E46="DIRECT",0,1) -> 1 | L46: =$G46/($G$29+$G$33+$G$37) -> #DIV/0! | O46: =(O$29+O$33+O$37)*$L46 -> #DIV/0! | P46: =VLOOKUP($E46,O$463:R$474,2,FALSE)*O46*($K46)+IF($G46>0,($H46/$G46)*O46,0)*(1-$K46) -> #DIV/0! | Q46: =VLOOKUP($E46,O$463:R$474,3,FALSE)*O46*($K46)+IF($G46>0,($I46/$G46)*O46,0)*(1-$K46) -> #DIV/0! | R46: =VLOOKUP($E46,O$463:R$474,4,FALSE)*O46*($K46)+(O46-P46-Q46)*(1-$K46) -> #DIV/0! | W46: =(W$29+W$33+W$37)*$L46 -> #DIV/0! | X46: =VLOOKUP($E46,W$463:Z$474,2,FALSE)*W46*($K46)+IF($G46>0,($H46/$G46)*W46,0)*(1-$K46) -> #DIV/0! | Y46: =VLOOKUP($E46,W$463:Z$474,3,FALSE)*W46*($K46)+IF($G46>0,($I46/$G46)*W46,0)*(1-$K46) -> #DIV/0! | Z46: =VLOOKUP($E46,W$463:Z$474,4,FALSE)*W46*($K46)+(W46-X46-Y46)*(1-$K46) -> #DIV/0! | AE46: =(AE$29+AE$33+AE$37)*$L46 -> #DIV/0! | AF46: =VLOOKUP($E46,AE$463:AH$474,2,FALSE)*AE46*($K46)+IF($G46>0,($H46/$G46)*AE46,0)*(1-$K46) -> #DIV/0! | AG46: =VLOOKUP($E46,AE$463:AH$474,3,FALSE)*AE46*($K46)+IF($G46>0,($I46/$G46)*AE46,0)*(1-$K46) -> #DIV/0! | AH46: =VLOOKUP($E46,AE$463:AH$474,4,FALSE)*AE46*($K46)+(AE46-AF46-AG46)*(1-$K46) -> #DIV/0! | AM46: =(AM$29+AM$33+AM$37)*$L46 -> #DIV/0! | AN46: =VLOOKUP($E46,AM$463:AP$474,2,FALSE)*AM46*($K46)+IF($G46>0,($H46/$G46)*AM46,0)*(1-$K46) -> #DIV/0! | AO46: =VLOOKUP($E46,AM$463:AP$474,3,FALSE)*AM46*($K46)+IF($G46>0,($I46/$G46)*AM46,0)*(1-$K46) -> #DIV/0! | AP46: =VLOOKUP($E46,AM$463:AP$474,4,FALSE)*AM46*($K46)+(AM46-AN46-AO46)*(1-$K46) -> #DIV/0! | AU46: =(AU$29+AU$33+AU$37)*$L46 -> #DIV/0! | AV46: =VLOOKUP($E46,AU$463:AX$474,2,FALSE)*AU46*($K46)+IF($G46>0,($H46/$G46)*AU46,0)*(1-$K46) -> #DIV/0! | AW46: =VLOOKUP($E46,AU$463:AX$474,3,FALSE)*AU46*($K46)+IF($G46>0,($I46/$G46)*AU46,0)*(1-$K46) -> #DIV/0! | AX46: =VLOOKUP($E46,AU$463:AX$474,4,FALSE)*AU46*($K46)+(AU46-AV46-AW46)*(1-$K46) -> #DIV/0! | BC46: =(BC$29+BC$33+BC$37)*$L46 -> #DIV/0! | BD46: =VLOOKUP($E46,BC$463:BF$474,2,FALSE)*BC46*($K46)+IF($G46>0,($H46/$G46)*BC46,0)*(1-$K46) -> #DIV/0! | BE46: =VLOOKUP($E46,BC$463:BF$474,3,FALSE)*BC46*($K46)+IF($G46>0,($I46/$G46)*BC46,0)*(1-$K46) -> #DIV/0! | BF46: =VLOOKUP($E46,BC$463:BF$474,4,FALSE)*BC46*($K46)+(BC46-BD46-BE46)*(1-$K46) -> #DIV/0! | BK46: =(BK$29+BK$33+BK$37)*$L46 -> #DIV/0! | BL46: =VLOOKUP($E46,BK$463:BN$474,2,FALSE)*BK46*($K46)+IF($G46>0,($H46/$G46)*BK46,0)*(1-$K46) -> #DIV/0! | BM46: =VLOOKUP($E46,BK$463:BN$474,3,FALSE)*BK46*($K46)+IF($G46>0,($I46/$G46)*BK46,0)*(1-$K46) -> #DIV/0! | BN46: =VLOOKUP($E46,BK$463:BN$474,4,FALSE)*BK46*($K46)+(BK46-BL46-BM46)*(1-$K46) -> #DIV/0! | BS46: =(BS$29+BS$33+BS$37)*$L46 -> #DIV/0! | BT46: =VLOOKUP($E46,BS$463:BV$474,2,FALSE)*BS46*($K46)+IF($G46>0,($H46/$G46)*BS46,0)*(1-$K46) -> #DIV/0! | BU46: =VLOOKUP($E46,BS$463:BV$474,3,FALSE)*BS46*($K46)+IF($G46>0,($I46/$G46)*BS46,0)*(1-$K46) -> #DIV/0! | BV46: =VLOOKUP($E46,BS$463:BV$474,4,FALSE)*BS46*($K46)+(BS46-BT46-BU46)*(1-$K46) -> #DIV/0! | CA46: =(CA$29+CA$33+CA$37)*$L46 -> #DIV/0! | CB46: =VLOOKUP($E46,CA$463:CD$474,2,FALSE)*CA46*($K46)+IF($G46>0,($H46/$G46)*CA46,0)*(1-$K46) -> #DIV/0! | CC46: =VLOOKUP($E46,CA$463:CD$474,3,FALSE)*CA46*($K46)+IF($G46>0,($I46/$G46)*CA46,0)*(1-$K46) -> #DIV/0! | CD46: =VLOOKUP($E46,CA$463:CD$474,4,FALSE)*CA46*($K46)+(CA46-CB46-CC46)*(1-$K46) -> #DIV/0! | CI46: =(CI$29+CI$33+CI$37)*$L46 -> #DIV/0! | CJ46: =VLOOKUP($E46,CI$463:CL$474,2,FALSE)*CI46*($K46)+IF($G46>0,($H46/$G46)*CI46,0)*(1-$K46) -> #DIV/0! | CK46: =VLOOKUP($E46,CI$463:CL$474,3,FALSE)*CI46*($K46)+IF($G46>0,($I46/$G46)*CI46,0)*(1-$K46) -> #DIV/0! | CL46: =VLOOKUP($E46,CI$463:CL$474,4,FALSE)*CI46*($K46)+(CI46-CJ46-CK46)*(1-$K46) -> #DIV/0! | CQ46: =(CQ$29+CQ$33+CQ$37)*$L46 -> #DIV/0! | CR46: =VLOOKUP($E46,CQ$463:CT$474,2,FALSE)*CQ46*($K46)+IF($G46>0,($H46/$G46)*CQ46,0)*(1-$K46) -> #DIV/0! | CS46: =VLOOKUP($E46,CQ$463:CT$474,3,FALSE)*CQ46*($K46)+IF($G46>0,($I46/$G46)*CQ46,0)*(1-$K46) -> #DIV/0! | CT46: =VLOOKUP($E46,CQ$463:CT$474,4,FALSE)*CQ46*($K46)+(CQ46-CR46-CS46)*(1-$K46) -> #DIV/0! | CY46: =(CY$29+CY$33+CY$37)*$L46 -> #DIV/0! | CZ46: =VLOOKUP($E46,CY$463:DB$474,2,FALSE)*CY46*($K46)+IF($G46>0,($H46/$G46)*CY46,0)*(1-$K46) -> #DIV/0! | DA46: =VLOOKUP($E46,CY$463:DB$474,3,FALSE)*CY46*($K46)+IF($G46>0,($I46/$G46)*CY46,0)*(1-$K46) -> #DIV/0! | DB46: =VLOOKUP($E46,CY$463:DB$474,4,FALSE)*CY46*($K46)+(CY46-CZ46-DA46)*(1-$K46) -> #DIV/0! | DG46: =(DG$29+DG$33+DG$37)*$L46 -> #DIV/0! | DH46: =VLOOKUP($E46,DG$463:DJ$474,2,FALSE)*DG46*($K46)+IF($G46>0,($H46/$G46)*DG46,0)*(1-$K46) -> #DIV/0! | DI46: =VLOOKUP($E46,DG$463:DJ$474,3,FALSE)*DG46*($K46)+IF($G46>0,($I46/$G46)*DG46,0)*(1-$K46) -> #DIV/0! | DJ46: =VLOOKUP($E46,DG$463:DJ$474,4,FALSE)*DG46*($K46)+(DG46-DH46-DI46)*(1-$K46) -> #DIV/0! | DO46: =(DO$29+DO$33+DO$37)*$L46 -> #DIV/0! | DP46: =VLOOKUP($E46,DO$463:DR$474,2,FALSE)*DO46*($K46)+IF($G46>0,($H46/$G46)*DO46,0)*(1-$K46) -> #DIV/0! | DQ46: =VLOOKUP($E46,DO$463:DR$474,3,FALSE)*DO46*($K46)+IF($G46>0,($I46/$G46)*DO46,0)*(1-$K46) -> #DIV/0! | DR46: =VLOOKUP($E46,DO$463:DR$474,4,FALSE)*DO46*($K46)+(DO46-DP46-DQ46)*(1-$K46) -> #DIV/0! | DW46: =(DW$29+DW$33+DW$37)*$L46 -> #DIV/0! | DX46: =VLOOKUP($E46,DW$463:DZ$474,2,FALSE)*DW46*($K46)+IF($G46>0,($H46/$G46)*DW46,0)*(1-$K46) -> #DIV/0! | DY46: =VLOOKUP($E46,DW$463:DZ$474,3,FALSE)*DW46*($K46)+IF($G46>0,($I46/$G46)*DW46,0)*(1-$K46) -> #DIV/0! | DZ46: =VLOOKUP($E46,DW$463:DZ$474,4,FALSE)*DW46*($K46)+(DW46-DX46-DY46)*(1-$K46) -> #DIV/0! | EE46: =(EE$29+EE$33+EE$37)*$L46 -> #DIV/0! | EF46: =VLOOKUP($E46,EE$463:EH$474,2,FALSE)*EE46*($K46)+IF($G46>0,($H46/$G46)*EE46,0)*(1-$K46) -> #DIV/0! | EG46: =VLOOKUP($E46,EE$463:EH$474,3,FALSE)*EE46*($K46)+IF($G46>0,($I46/$G46)*EE46,0)*(1-$K46) -> #DIV/0! | EH46: =VLOOKUP($E46,EE$463:EH$474,4,FALSE)*EE46*($K46)+(EE46-EF46-EG46)*(1-$K46) -> #DIV/0! | EM46: =(EM$29+EM$33+EM$37)*$L46 -> #DIV/0! | EN46: =VLOOKUP($E46,EM$463:EP$474,2,FALSE)*EM46*($K46)+IF($G46>0,($H46/$G46)*EM46,0)*(1-$K46) -> #DIV/0! | EO46: =VLOOKUP($E46,EM$463:EP$474,3,FALSE)*EM46*($K46)+IF($G46>0,($I46/$G46)*EM46,0)*(1-$K46) -> #DIV/0! | EP46: =VLOOKUP($E46,EM$463:EP$474,4,FALSE)*EM46*($K46)+(EM46-EN46-EO46)*(1-$K46) -> #DIV/0! | EU46: =(EU$29+EU$33+EU$37)*$L46 -> #DIV/0! | EV46: =VLOOKUP($E46,EU$463:EX$474,2,FALSE)*EU46*($K46)+IF($G46>0,($H46/$G46)*EU46,0)*(1-$K46) -> #DIV/0! | EW46: =VLOOKUP($E46,EU$463:EX$474,3,FALSE)*EU46*($K46)+IF($G46>0,($I46/$G46)*EU46,0)*(1-$K46) -> #DIV/0! | EX46: =VLOOKUP($E46,EU$463:EX$474,4,FALSE)*EU46*($K46)+(EU46-EV46-EW46)*(1-$K46) -> #DIV/0! | FC46: =(FC$29+FC$33+FC$37)*$L46 -> #DIV/0! | FD46: =VLOOKUP($E46,FC$463:FF$474,2,FALSE)*FC46*($K46)+IF($G46>0,($H46/$G46)*FC46,0)*(1-$K46) -> #DIV/0! | FE46: =VLOOKUP($E46,FC$463:FF$474,3,FALSE)*FC46*($K46)+IF($G46>0,($I46/$G46)*FC46,0)*(1-$K46) -> #DIV/0! | FF46: =VLOOKUP($E46,FC$463:FF$474,4,FALSE)*FC46*($K46)+(FC46-FD46-FE46)*(1-$K46) -> #DIV/0! | FK46: =(FK$29+FK$33+FK$37)*$L46 -> #DIV/0! | FL46: =VLOOKUP($E46,FK$463:FN$474,2,FALSE)*FK46*($K46)+IF($G46>0,($H46/$G46)*FK46,0)*(1-$K46) -> #DIV/0! | FM46: =VLOOKUP($E46,FK$463:FN$474,3,FALSE)*FK46*($K46)+IF($G46>0,($I46/$G46)*FK46,0)*(1-$K46) -> #DIV/0! | FN46: =VLOOKUP($E46,FK$463:FN$474,4,FALSE)*FK46*($K46)+(FK46-FL46-FM46)*(1-$K46) -> #DIV/0!
